Workbook

Sheet ANEXO 1
B2: ANEXO 1 - ANÁLISIS DE COTIZACIONES
M3: PRESTAR EL SERVICIO DE MANTENIMIENTO PREVENTIVO Y CORRECTIVO TÉCNICO INTEGRAL ESPECIALIZADO CON SUMINISTRO DE REPUESTOS, PARA LOS AIRES ACONDICIONADOS, EQUIPOS DE VENTILACIÓN Y CUARTOS FRÍOS QUE SE ENCUENTRAN INSTALADOS EN EL NIVEL CENTRAL DE LA FISCALÍA GENERAL DE LA NACIÓN.
N5: FRIO & CONTROL S.A.S. | T5: COINSI SAS BIC
N6: COTIZACIÓN 1 | T6: COTIZACIÓN 2 | Y6: ANÁLISIS DE VARIABLES
Y7: VALORES SIN IVA
B8: MANTENIMIENTOS (SEGÚN ESPECIFICACIONES TÉCNICAS) | N8: PRESUPUESTO TOTAL ASIGNADO VIGENCIA 2026 (1 MES) | T8: PRESUPUESTO TOTAL ASIGNADO VIGENCIA 2026 (1 MES) | Y8: VALOR UNITARIO SIN IVA | Z8: VALOR UNITARIO SIN IVA | AA8: VALOR UNITARIO SIN IVA | AB8: VALOR UNITARIO SIN IVA | AC8: PORCENTAJE DIFERENCIAL (PROMEDIO/BAJA) | AE8: PRESUPUESTO TOTAL ASIGNADO VIGENCIA 2026 (1 MES) | AJ8: PRESUPUESTO TOTAL ASIGNADO VIGENCIA 2027 (12 MESES) | AM8: PORCENTAJE DE INCREMENTO | AO8: PRESUPUESTO TOTAL ASIGNADO VIGENCIA 2028 (11 MESES) | AR8: PORCENTAJE DE INCREMENTO | AT8: PRESUPUESTO TOTAL ASIGNADO AL PROCESO VIGENCIAS 2026, 2027 Y 2028 MANTENIMIENTOS (24 MESES)
I9: TOTAL MANTENIMIENTOS POR AÑO | AM9: 0.044 | AR9: 0.03
B10: ITEM | C10: DESCRIPCIÓN DE EQUIPO | D10: TIPO | E10: CAPACIDAD | F10: CIUDAD | G10: FRECUENCIA | H10: CANT DE EQUIPOS | I10: 2026 | J10: 2027 | K10: 2028 | L10: TOTAL MANTENIMIENTOS | N10: VALOR UNITARIO SIN IVA | O10: IVA UNITARIO | P10: VALOR UNITARIO INCLUIDO IVA | Q10: VALOR TOTAL INCLUIDO IVA | T10: VALOR UNITARIO SIN IVA | U10: IVA UNITARIO | V10: VALOR UNITARIO INCLUIDO IVA | W10: VALOR TOTAL INCLUIDO IVA | Y10: COTIZACIÓN MÁS BAJA | Z10: COTIZACIÓN MÁS ALTA | AA10: PROMEDIO | AB10: MEDIA ARITMÉTICA BAJA | AC10: 25 % < / > | AE10: VALOR UNITARIO SIN IVA | AF10: IVA UNITARIO | AG10: VALOR UNITARIO INCLUIDO IVA | AH10: VALOR TOTAL INCLUIDO IVA | AJ10: VALOR UNITARIO SIN IVA | AK10: IVA UNITARIO | AL10: VALOR UITARIO INCLUIDO IVA | AM10: VALOR TOTAL INCLUIDO IVA | AO10: VALOR UNITARIO SIN IVA | AP10: IVA UNITARIO | AQ10: VALOR UITARIO INCLUIDO IVA | AR10: VALOR TOTAL INCLUIDO IVA
B11: 1 | C11: Equipo de Ventilación | D11: lavadores de aire | E11: 10000 CFM | F11: Bogota D.C. | G11: MENSUAL | H11: 12 | I11: =(1*$H11) -> 12 | J11: =12*H11 -> 144 | K11: =11*H11 -> 132 | L11: =I11+J11+K11 -> 288 | N11: 300000 | O11: =ROUND(N11*19%,2) -> 57000 | P11: =ROUND(N11+O11,2) -> 357000 | Q11: =ROUND(P11*$I11,2) -> 4284000 | T11: 1083333 | U11: =ROUND(T11*19%,2) -> 205833.27 | V11: =ROUND(T11+U11,2) -> 1289166.3 | W11: =ROUND(V11*$I11,2) -> 15469995 | Y11: =ROUND(MIN(N11),2) -> 300000 | Z11: =ROUND(MAX(N11),2) -> 300000 | AA11: =ROUND(AVERAGE(N11),2) -> 300000 | AB11: =ROUND(AVERAGE(Y11,AA11),2) -> 300000 | AC11: =+(AA11/Y11)-1 -> 0 | AE11: =AB11 -> 300000 | AF11: =ROUND(AE11*19%,2) -> 57000 | AG11: =ROUND(AE11+AF11,2) -> 357000 | AH11: =ROUND(AG11*$I11,2) -> 4284000 | AJ11: =ROUND(AE11+(AE11*$AM$9),2) -> 313200 | AK11: =ROUND(AJ11*19%,2) -> 59508 | AL11: =ROUND(AJ11+AK11,2) -> 372708 | AM11: =ROUND(AL11*$J11,2) -> 53669952 | AO11: =ROUND(AJ11+(AJ11*$AR$9),2) -> 322596 | AP11: =ROUND(AO11*19%,2) -> 61293.24 | AQ11: =ROUND(AO11+AP11,2) -> 383889.24 | AR11: =ROUND(AQ11*$K11,2) -> 50673380 | AT11: =ROUND(AH11+AM11+AR11,2) -> 1.0862733e+08
B12: 2 | C12: Equipo de Ventilación | D12: Suministro | E12: 1750 CFM | F12: Bogota D.C. | G12: MENSUAL | H12: 1 | I12: =(1*$H12) -> 1 | J12: =12*H12 -> 12 | K12: =11*H12 -> 11 | L12: =I12+J12+K12 -> 24 | N12: 100000 | O12: =ROUND(N12*19%,2) -> 19000 | P12: =ROUND(N12+O12,2) -> 119000 | Q12: =ROUND(P12*$I12,2) -> 119000 | T12: 366667 | U12: =ROUND(T12*19%,2) -> 69666.73 | V12: =ROUND(T12+U12,2) -> 436333.73 | W12: =ROUND(V12*$I12,2) -> 436333.73 | Y12: =ROUND(MIN(N12,T12),2) -> 100000 | Z12: =ROUND(MAX(N12,T12),2) -> 366667 | AA12: =ROUND(AVERAGE(N12,T12),2) -> 233333.5 | AB12: =ROUND(AVERAGE(Y12,AA12),2) -> 166666.75 | AC12: =+(AA12/Y12)-1 -> 1.333335 | AE12: =AB12 -> 166666.75 | AF12: =ROUND(AE12*19%,2) -> 31666.68 | AG12: =ROUND(AE12+AF12,2) -> 198333.43 | AH12: =ROUND(AG12*$I12,2) -> 198333.43 | AJ12: =ROUND(AE12+(AE12*$AM$9),2) -> 174000.09 | AK12: =ROUND(AJ12*19%,2) -> 33060.02 | AL12: =ROUND(AJ12+AK12,2) -> 207060.11 | AM12: =ROUND(AL12*$J12,2) -> 2484721.3 | AO12: =ROUND(AJ12+(AJ12*$AR$9),2) -> 179220.09 | AP12: =ROUND(AO12*19%,2) -> 34051.82 | AQ12: =ROUND(AO12+AP12,2) -> 213271.91 | AR12: =ROUND(AQ12*$K12,2) -> 2345991 | AT12: =ROUND(AH12+AM12+AR12,2) -> 5029045.8
B13: 3 | C13: Equipo de Ventilación | D13: Suministro | E13: 3600 CFM | F13: Bogota D.C. | G13: MENSUAL | H13: 1 | I13: =(1*$H13) -> 1 | J13: =12*H13 -> 12 | K13: =11*H13 -> 11 | L13: =I13+J13+K13 -> 24 | N13: 200000 | O13: =ROUND(N13*19%,2) -> 38000 | P13: =ROUND(N13+O13,2) -> 238000 | Q13: =ROUND(P13*$I13,2) -> 238000 | T13: 533333 | U13: =ROUND(T13*19%,2) -> 101333.27 | V13: =ROUND(T13+U13,2) -> 634666.27 | W13: =ROUND(V13*$I13,2) -> 634666.27 | Y13: =ROUND(MIN(N13,T13),2) -> 200000 | Z13: =ROUND(MAX(N13,T13),2) -> 533333 | AA13: =ROUND(AVERAGE(N13,T13),2) -> 366666.5 | AB13: =ROUND(AVERAGE(Y13,AA13),2) -> 283333.25 | AC13: =+(AA13/Y13)-1 -> 0.8333325 | AE13: =AB13 -> 283333.25 | AF13: =ROUND(AE13*19%,2) -> 53833.32 | AG13: =ROUND(AE13+AF13,2) -> 337166.57 | AH13: =ROUND(AG13*$I13,2) -> 337166.57 | AJ13: =ROUND(AE13+(AE13*$AM$9),2) -> 295799.91 | AK13: =ROUND(AJ13*19%,2) -> 56201.98 | AL13: =ROUND(AJ13+AK13,2) -> 352001.89 | AM13: =ROUND(AL13*$J13,2) -> 4224022.7 | AO13: =ROUND(AJ13+(AJ13*$AR$9),2) -> 304673.91 | AP13: =ROUND(AO13*19%,2) -> 57888.04 | AQ13: =ROUND(AO13+AP13,2) -> 362561.95 | AR13: =ROUND(AQ13*$K13,2) -> 3988181.5 | AT13: =ROUND(AH13+AM13+AR13,2) -> 8549370.7
B14: 4 | C14: Equipo de Ventilación | D14: Suministro | E14: 9000 CFM | F14: Bogota D.C. | G14: MENSUAL | H14: 2 | I14: =(1*$H14) -> 2 | J14: =12*H14 -> 24 | K14: =11*H14 -> 22 | L14: =I14+J14+K14 -> 48 | N14: 250000 | O14: =ROUND(N14*19%,2) -> 47500 | P14: =ROUND(N14+O14,2) -> 297500 | Q14: =ROUND(P14*$I14,2) -> 595000 | T14: 1050000 | U14: =ROUND(T14*19%,2) -> 199500 | V14: =ROUND(T14+U14,2) -> 1249500 | W14: =ROUND(V14*$I14,2) -> 2499000 | Y14: =ROUND(MIN(N14),2) -> 250000 | Z14: =ROUND(MAX(N14),2) -> 250000 | AA14: =ROUND(AVERAGE(N14),2) -> 250000 | AB14: =ROUND(AVERAGE(Y14,AA14),2) -> 250000 | AC14: =+(AA14/Y14)-1 -> 0 | AE14: =AB14 -> 250000 | AF14: =ROUND(AE14*19%,2) -> 47500 | AG14: =ROUND(AE14+AF14,2) -> 297500 | AH14: =ROUND(AG14*$I14,2) -> 595000 | AJ14: =ROUND(AE14+(AE14*$AM$9),2) -> 261000 | AK14: =ROUND(AJ14*19%,2) -> 49590 | AL14: =ROUND(AJ14+AK14,2) -> 310590 | AM14: =ROUND(AL14*$J14,2) -> 7454160 | AO14: =ROUND(AJ14+(AJ14*$AR$9),2) -> 268830 | AP14: =ROUND(AO14*19%,2) -> 51077.7 | AQ14: =ROUND(AO14+AP14,2) -> 319907.7 | AR14: =ROUND(AQ14*$K14,2) -> 7037969.4 | AT14: =ROUND(AH14+AM14+AR14,2) -> 15087129
B15: 5 | C15: Equipo de Extracción | D15: tipo hongo | E15: 2500 CFM | F15: Bogota D.C. | G15: MENSUAL | H15: 6 | I15: =(1*$H15) -> 6 | J15: =12*H15 -> 72 | K15: =11*H15 -> 66 | L15: =I15+J15+K15 -> 144 | N15: 150000 | O15: =ROUND(N15*19%,2) -> 28500 | P15: =ROUND(N15+O15,2) -> 178500 | Q15: =ROUND(P15*$I15,2) -> 1071000 | T15: 366667 | U15: =ROUND(T15*19%,2) -> 69666.73 | V15: =ROUND(T15+U15,2) -> 436333.73 | W15: =ROUND(V15*$I15,2) -> 2618002.4 | Y15: =ROUND(MIN(N15,T15),2) -> 150000 | Z15: =ROUND(MAX(N15,T15),2) -> 366667 | AA15: =ROUND(AVERAGE(N15,T15),2) -> 258333.5 | AB15: =ROUND(AVERAGE(Y15,AA15),2) -> 204166.75 | AC15: =+(AA15/Y15)-1 -> 0.72222333 | AE15: =AB15 -> 204166.75 | AF15: =ROUND(AE15*19%,2) -> 38791.68 | AG15: =ROUND(AE15+AF15,2) -> 242958.43 | AH15: =ROUND(AG15*$I15,2) -> 1457750.6 | AJ15: =ROUND(AE15+(AE15*$AM$9),2) -> 213150.09 | AK15: =ROUND(AJ15*19%,2) -> 40498.52 | AL15: =ROUND(AJ15+AK15,2) -> 253648.61 | AM15: =ROUND(AL15*$J15,2) -> 18262700 | AO15: =ROUND(AJ15+(AJ15*$AR$9),2) -> 219544.59 | AP15: =ROUND(AO15*19%,2) -> 41713.47 | AQ15: =ROUND(AO15+AP15,2) -> 261258.06 | AR15: =ROUND(AQ15*$K15,2) -> 17243032 | AT15: =ROUND(AH15+AM15+AR15,2) -> 36963482
B16: 6 | C16: Equipo de Extracción | D16: tipo hongo | E16: 3000 CFM | F16: Bogota D.C. | G16: MENSUAL | H16: 6 | I16: =(1*$H16) -> 6 | J16: =12*H16 -> 72 | K16: =11*H16 -> 66 | L16: =I16+J16+K16 -> 144 | N16: 200000 | O16: =ROUND(N16*19%,2) -> 38000 | P16: =ROUND(N16+O16,2) -> 238000 | Q16: =ROUND(P16*$I16,2) -> 1428000 | T16: 416667 | U16: =ROUND(T16*19%,2) -> 79166.73 | V16: =ROUND(T16+U16,2) -> 495833.73 | W16: =ROUND(V16*$I16,2) -> 2975002.4 | Y16: =ROUND(MIN(N16,T16),2) -> 200000 | Z16: =ROUND(MAX(N16,T16),2) -> 416667 | AA16: =ROUND(AVERAGE(N16,T16),2) -> 308333.5 | AB16: =ROUND(AVERAGE(Y16,AA16),2) -> 254166.75 | AC16: =+(AA16/Y16)-1 -> 0.5416675 | AE16: =AB16 -> 254166.75 | AF16: =ROUND(AE16*19%,2) -> 48291.68 | AG16: =ROUND(AE16+AF16,2) -> 302458.43 | AH16: =ROUND(AG16*$I16,2) -> 1814750.6 | AJ16: =ROUND(AE16+(AE16*$AM$9),2) -> 265350.09 | AK16: =ROUND(AJ16*19%,2) -> 50416.52 | AL16: =ROUND(AJ16+AK16,2) -> 315766.61 | AM16: =ROUND(AL16*$J16,2) -> 22735196 | AO16: =ROUND(AJ16+(AJ16*$AR$9),2) -> 273310.59 | AP16: =ROUND(AO16*19%,2) -> 51929.01 | AQ16: =ROUND(AO16+AP16,2) -> 325239.6 | AR16: =ROUND(AQ16*$K16,2) -> 21465814 | AT16: =ROUND(AH16+AM16+AR16,2) -> 46015760
B17: 7 | C17: Equipo de Extracción | D17: tipo hongo | E17: 5000 CFM | F17: Bogota D.C. | G17: MENSUAL | H17: 2 | I17: =(1*$H17) -> 2 | J17: =12*H17 -> 24 | K17: =11*H17 -> 22 | L17: =I17+J17+K17 -> 48 | N17: 250000 | O17: =ROUND(N17*19%,2) -> 47500 | P17: =ROUND(N17+O17,2) -> 297500 | Q17: =ROUND(P17*$I17,2) -> 595000 | T17: 583333 | U17: =ROUND(T17*19%,2) -> 110833.27 | V17: =ROUND(T17+U17,2) -> 694166.27 | W17: =ROUND(V17*$I17,2) -> 1388332.5 | Y17: =ROUND(MIN(N17,T17),2) -> 250000 | Z17: =ROUND(MAX(N17,T17),2) -> 583333 | AA17: =ROUND(AVERAGE(N17,T17),2) -> 416666.5 | AB17: =ROUND(AVERAGE(Y17,AA17),2) -> 333333.25 | AC17: =+(AA17/Y17)-1 -> 0.666666 | AE17: =AB17 -> 333333.25 | AF17: =ROUND(AE17*19%,2) -> 63333.32 | AG17: =ROUND(AE17+AF17,2) -> 396666.57 | AH17: =ROUND(AG17*$I17,2) -> 793333.14 | AJ17: =ROUND(AE17+(AE17*$AM$9),2) -> 347999.91 | AK17: =ROUND(AJ17*19%,2) -> 66119.98 | AL17: =ROUND(AJ17+AK17,2) -> 414119.89 | AM17: =ROUND(AL17*$J17,2) -> 9938877.4 | AO17: =ROUND(AJ17+(AJ17*$AR$9),2) -> 358439.91 | AP17: =ROUND(AO17*19%,2) -> 68103.58 | AQ17: =ROUND(AO17+AP17,2) -> 426543.49 | AR17: =ROUND(AQ17*$K17,2) -> 9383956.8 | AT17: =ROUND(AH17+AM17+AR17,2) -> 20116167
B18: 8 | C18: Equipo de aire acondicionado | D18: Fancoil | E18: 96000 btu/h | F18: Bogota D.C. | G18: MENSUAL | H18: 1 | I18: =(1*$H18) -> 1 | J18: =12*H18 -> 12 | K18: =11*H18 -> 11 | L18: =I18+J18+K18 -> 24 | N18: 300000 | O18: =ROUND(N18*19%,2) -> 57000 | P18: =ROUND(N18+O18,2) -> 357000 | Q18: =ROUND(P18*$I18,2) -> 357000 | T18: 1033333 | U18: =ROUND(T18*19%,2) -> 196333.27 | V18: =ROUND(T18+U18,2) -> 1229666.3 | W18: =ROUND(V18*$I18,2) -> 1229666.3 | Y18: =ROUND(MIN(N18),2) -> 300000 | Z18: =ROUND(MAX(N18),2) -> 300000 | AA18: =ROUND(AVERAGE(N18),2) -> 300000 | AB18: =ROUND(AVERAGE(Y18,AA18),2) -> 300000 | AC18: =+(AA18/Y18)-1 -> 0 | AE18: =AB18 -> 300000 | AF18: =ROUND(AE18*19%,2) -> 57000 | AG18: =ROUND(AE18+AF18,2) -> 357000 | AH18: =ROUND(AG18*$I18,2) -> 357000 | AJ18: =ROUND(AE18+(AE18*$AM$9),2) -> 313200 | AK18: =ROUND(AJ18*19%,2) -> 59508 | AL18: =ROUND(AJ18+AK18,2) -> 372708 | AM18: =ROUND(AL18*$J18,2) -> 4472496 | AO18: =ROUND(AJ18+(AJ18*$AR$9),2) -> 322596 | AP18: =ROUND(AO18*19%,2) -> 61293.24 | AQ18: =ROUND(AO18+AP18,2) -> 383889.24 | AR18: =ROUND(AQ18*$K18,2) -> 4222781.6 | AT18: =ROUND(AH18+AM18+AR18,2) -> 9052277.6
B19: 9 | C19: Equipo de aire acondicionado | D19: VRF multi V | E19: 114700 btu/h | F19: Bogota D.C. | G19: MENSUAL | H19: 1 | I19: =(1*$H19) -> 1 | J19: =12*H19 -> 12 | K19: =11*H19 -> 11 | L19: =I19+J19+K19 -> 24 | N19: 150000 | O19: =ROUND(N19*19%,2) -> 28500 | P19: =ROUND(N19+O19,2) -> 178500 | Q19: =ROUND(P19*$I19,2) -> 178500 | T19: 2166667 | U19: =ROUND(T19*19%,2) -> 411666.73 | V19: =ROUND(T19+U19,2) -> 2578333.7 | W19: =ROUND(V19*$I19,2) -> 2578333.7 | Y19: =ROUND(MIN(N19),2) -> 150000 | Z19: =ROUND(MAX(N19),2) -> 150000 | AA19: =ROUND(AVERAGE(N19),2) -> 150000 | AB19: =ROUND(AVERAGE(Y19,AA19),2) -> 150000 | AC19: =+(AA19/Y19)-1 -> 0 | AE19: =Y19 -> 150000 | AF19: =ROUND(AE19*19%,2) -> 28500 | AG19: =ROUND(AE19+AF19,2) -> 178500 | AH19: =ROUND(AG19*$I19,2) -> 178500 | AJ19: =ROUND(AE19+(AE19*$AM$9),2) -> 156600 | AK19: =ROUND(AJ19*19%,2) -> 29754 | AL19: =ROUND(AJ19+AK19,2) -> 186354 | AM19: =ROUND(AL19*$J19,2) -> 2236248 | AO19: =ROUND(AJ19+(AJ19*$AR$9),2) -> 161298 | AP19: =ROUND(AO19*19%,2) -> 30646.62 | AQ19: =ROUND(AO19+AP19,2) -> 191944.62 | AR19: =ROUND(AQ19*$K19,2) -> 2111390.8 | AT19: =ROUND(AH19+AM19+AR19,2) -> 4526138.8
B20: 10 | C20: Equipo de aire acondicionado | D20: Minisplit | E20: 12000 btu/h | F20: Bogota D.C. | G20: MENSUAL | H20: 2 | I20: =(1*$H20) -> 2 | J20: =12*H20 -> 24 | K20: =11*H20 -> 22 | L20: =I20+J20+K20 -> 48 | N20: 50000 | O20: =ROUND(N20*19%,2) -> 9500 | P20: =ROUND(N20+O20,2) -> 59500 | Q20: =ROUND(P20*$I20,2) -> 119000 | T20: 241667 | U20: =ROUND(T20*19%,2) -> 45916.73 | V20: =ROUND(T20+U20,2) -> 287583.73 | W20: =ROUND(V20*$I20,2) -> 575167.46 | Y20: =ROUND(MIN(N20,T20),2) -> 50000 | Z20: =ROUND(MAX(N20,T20),2) -> 241667 | AA20: =ROUND(AVERAGE(N20,T20),2) -> 145833.5 | AB20: =ROUND(AVERAGE(Y20,AA20),2) -> 97916.75 | AC20: =+(AA20/Y20)-1 -> 1.91667 | AE20: =AB20 -> 97916.75 | AF20: =ROUND(AE20*19%,2) -> 18604.18 | AG20: =ROUND(AE20+AF20,2) -> 116520.93 | AH20: =ROUND(AG20*$I20,2) -> 233041.86 | AJ20: =ROUND(AE20+(AE20*$AM$9),2) -> 102225.09 | AK20: =ROUND(AJ20*19%,2) -> 19422.77 | AL20: =ROUND(AJ20+AK20,2) -> 121647.86 | AM20: =ROUND(AL20*$J20,2) -> 2919548.6 | AO20: =ROUND(AJ20+(AJ20*$AR$9),2) -> 105291.84 | AP20: =ROUND(AO20*19%,2) -> 20005.45 | AQ20: =ROUND(AO20+AP20,2) -> 125297.29 | AR20: =ROUND(AQ20*$K20,2) -> 2756540.4 | AT20: =ROUND(AH20+AM20+AR20,2) -> 5909130.9
B21: 11 | C21: Equipo de aire acondicionado | D21: cassette una vía | E21: 12000 btu/h | F21: Bogota D.C. | G21: MENSUAL | H21: 3 | I21: =(1*$H21) -> 3 | J21: =12*H21 -> 36 | K21: =11*H21 -> 33 | L21: =I21+J21+K21 -> 72 | N21: 60000 | O21: =ROUND(N21*19%,2) -> 11400 | P21: =ROUND(N21+O21,2) -> 71400 | Q21: =ROUND(P21*$I21,2) -> 214200 | T21: 350000 | U21: =ROUND(T21*19%,2) -> 66500 | V21: =ROUND(T21+U21,2) -> 416500 | W21: =ROUND(V21*$I21,2) -> 1249500 | Y21: =ROUND(MIN(N21,T21),2) -> 60000 | Z21: =ROUND(MAX(N21,T21),2) -> 350000 | AA21: =ROUND(AVERAGE(N21,T21),2) -> 205000 | AB21: =ROUND(AVERAGE(Y21,AA21),2) -> 132500 | AC21: =+(AA21/Y21)-1 -> 2.4166667 | AE21: =AB21 -> 132500 | AF21: =ROUND(AE21*19%,2) -> 25175 | AG21: =ROUND(AE21+AF21,2) -> 157675 | AH21: =ROUND(AG21*$I21,2) -> 473025 | AJ21: =ROUND(AE21+(AE21*$AM$9),2) -> 138330 | AK21: =ROUND(AJ21*19%,2) -> 26282.7 | AL21: =ROUND(AJ21+AK21,2) -> 164612.7 | AM21: =ROUND(AL21*$J21,2) -> 5926057.2 | AO21: =ROUND(AJ21+(AJ21*$AR$9),2) -> 142479.9 | AP21: =ROUND(AO21*19%,2) -> 27071.18 | AQ21: =ROUND(AO21+AP21,2) -> 169551.08 | AR21: =ROUND(AQ21*$K21,2) -> 5595185.6 | AT21: =ROUND(AH21+AM21+AR21,2) -> 11994268
B22: 12 | C22: Equipo de aire acondicionado | D22: Minisplit | E22: 12000 btu/h | F22: Bogota D.C. | G22: MENSUAL | H22: 2 | I22: =(1*$H22) -> 2 | J22: =12*H22 -> 24 | K22: =11*H22 -> 22 | L22: =I22+J22+K22 -> 48 | N22: 50000 | O22: =ROUND(N22*19%,2) -> 9500 | P22: =ROUND(N22+O22,2) -> 59500 | Q22: =ROUND(P22*$I22,2) -> 119000 | T22: 241667 | U22: =ROUND(T22*19%,2) -> 45916.73 | V22: =ROUND(T22+U22,2) -> 287583.73 | W22: =ROUND(V22*$I22,2) -> 575167.46 | Y22: =ROUND(MIN(N22,T22),2) -> 50000 | Z22: =ROUND(MAX(N22,T22),2) -> 241667 | AA22: =ROUND(AVERAGE(N22,T22),2) -> 145833.5 | AB22: =ROUND(AVERAGE(Y22,AA22),2) -> 97916.75 | AC22: =+(AA22/Y22)-1 -> 1.91667 | AE22: =AB22 -> 97916.75 | AF22: =ROUND(AE22*19%,2) -> 18604.18 | AG22: =ROUND(AE22+AF22,2) -> 116520.93 | AH22: =ROUND(AG22*$I22,2) -> 233041.86 | AJ22: =ROUND(AE22+(AE22*$AM$9),2) -> 102225.09 | AK22: =ROUND(AJ22*19%,2) -> 19422.77 | AL22: =ROUND(AJ22+AK22,2) -> 121647.86 | AM22: =ROUND(AL22*$J22,2) -> 2919548.6 | AO22: =ROUND(AJ22+(AJ22*$AR$9),2) -> 105291.84 | AP22: =ROUND(AO22*19%,2) -> 20005.45 | AQ22: =ROUND(AO22+AP22,2) -> 125297.29 | AR22: =ROUND(AQ22*$K22,2) -> 2756540.4 | AT22: =ROUND(AH22+AM22+AR22,2) -> 5909130.9
B23: 13 | C23: Equipo de aire acondicionado | D23: Chiller | E23: 120000 btu/h | F23: Bogota D.C. | G23: MENSUAL | H23: 1 | I23: =(1*$H23) -> 1 | J23: =12*H23 -> 12 | K23: =11*H23 -> 11 | L23: =I23+J23+K23 -> 24 | N23: 200000 | O23: =ROUND(N23*19%,2) -> 38000 | P23: =ROUND(N23+O23,2) -> 238000 | Q23: =ROUND(P23*$I23,2) -> 238000 | T23: 3083333 | U23: =ROUND(T23*19%,2) -> 585833.27 | V23: =ROUND(T23+U23,2) -> 3669166.3 | W23: =ROUND(V23*$I23,2) -> 3669166.3 | Y23: =ROUND(MIN(N23),2) -> 200000 | Z23: =ROUND(MAX(N23),2) -> 200000 | AA23: =ROUND(AVERAGE(N23),2) -> 200000 | AB23: =ROUND(AVERAGE(Y23,AA23),2) -> 200000 | AC23: =+(AA23/Y23)-1 -> 0 | AE23: =Y23 -> 200000 | AF23: =ROUND(AE23*19%,2) -> 38000 | AG23: =ROUND(AE23+AF23,2) -> 238000 | AH23: =ROUND(AG23*$I23,2) -> 238000 | AJ23: =ROUND(AE23+(AE23*$AM$9),2) -> 208800 | AK23: =ROUND(AJ23*19%,2) -> 39672 | AL23: =ROUND(AJ23+AK23,2) -> 248472 | AM23: =ROUND(AL23*$J23,2) -> 2981664 | AO23: =ROUND(AJ23+(AJ23*$AR$9),2) -> 215064 | AP23: =ROUND(AO23*19%,2) -> 40862.16 | AQ23: =ROUND(AO23+AP23,2) -> 255926.16 | AR23: =ROUND(AQ23*$K23,2) -> 2815187.8 | AT23: =ROUND(AH23+AM23+AR23,2) -> 6034851.8
B24: 14 | C24: Equipo de aire acondicionado | D24: VRF -DVM-S | E24: 140000 btu/h | F24: Bogota D.C. | G24: MENSUAL | H24: 2 | I24: =(1*$H24) -> 2 | J24: =12*H24 -> 24 | K24: =11*H24 -> 22 | L24: =I24+J24+K24 -> 48 | N24: 150000 | O24: =ROUND(N24*19%,2) -> 28500 | P24: =ROUND(N24+O24,2) -> 178500 | Q24: =ROUND(P24*$I24,2) -> 357000 | T24: 2333333 | U24: =ROUND(T24*19%,2) -> 443333.27 | V24: =ROUND(T24+U24,2) -> 2776666.3 | W24: =ROUND(V24*$I24,2) -> 5553332.5 | Y24: =ROUND(MIN(N24),2) -> 150000 | Z24: =ROUND(MAX(N24),2) -> 150000 | AA24: =ROUND(AVERAGE(N24),2) -> 150000 | AB24: =ROUND(AVERAGE(Y24,AA24),2) -> 150000 | AC24: =+(AA24/Y24)-1 -> 0 | AE24: =Y24 -> 150000 | AF24: =ROUND(AE24*19%,2) -> 28500 | AG24: =ROUND(AE24+AF24,2) -> 178500 | AH24: =ROUND(AG24*$I24,2) -> 357000 | AJ24: =ROUND(AE24+(AE24*$AM$9),2) -> 156600 | AK24: =ROUND(AJ24*19%,2) -> 29754 | AL24: =ROUND(AJ24+AK24,2) -> 186354 | AM24: =ROUND(AL24*$J24,2) -> 4472496 | AO24: =ROUND(AJ24+(AJ24*$AR$9),2) -> 161298 | AP24: =ROUND(AO24*19%,2) -> 30646.62 | AQ24: =ROUND(AO24+AP24,2) -> 191944.62 | AR24: =ROUND(AQ24*$K24,2) -> 4222781.6 | AT24: =ROUND(AH24+AM24+AR24,2) -> 9052277.6
B25: 15 | C25: Equipo de aire acondicionado | D25: VRF multi V | E25: 152900 btu/h | F25: Bogota D.C. | G25: MENSUAL | H25: 1 | I25: =(1*$H25) -> 1 | J25: =12*H25 -> 12 | K25: =11*H25 -> 11 | L25: =I25+J25+K25 -> 24 | N25: 150000 | O25: =ROUND(N25*19%,2) -> 28500 | P25: =ROUND(N25+O25,2) -> 178500 | Q25: =ROUND(P25*$I25,2) -> 178500 | T25: 2583333 | U25: =ROUND(T25*19%,2) -> 490833.27 | V25: =ROUND(T25+U25,2) -> 3074166.3 | W25: =ROUND(V25*$I25,2) -> 3074166.3 | Y25: =ROUND(MIN(N25),2) -> 150000 | Z25: =ROUND(MAX(N25),2) -> 150000 | AA25: =ROUND(AVERAGE(N25),2) -> 150000 | AB25: =ROUND(AVERAGE(Y25,AA25),2) -> 150000 | AC25: =+(AA25/Y25)-1 -> 0 | AE25: =Y25 -> 150000 | AF25: =ROUND(AE25*19%,2) -> 28500 | AG25: =ROUND(AE25+AF25,2) -> 178500 | AH25: =ROUND(AG25*$I25,2) -> 178500 | AJ25: =ROUND(AE25+(AE25*$AM$9),2) -> 156600 | AK25: =ROUND(AJ25*19%,2) -> 29754 | AL25: =ROUND(AJ25+AK25,2) -> 186354 | AM25: =ROUND(AL25*$J25,2) -> 2236248 | AO25: =ROUND(AJ25+(AJ25*$AR$9),2) -> 161298 | AP25: =ROUND(AO25*19%,2) -> 30646.62 | AQ25: =ROUND(AO25+AP25,2) -> 191944.62 | AR25: =ROUND(AQ25*$K25,2) -> 2111390.8 | AT25: =ROUND(AH25+AM25+AR25,2) -> 4526138.8
B26: 16 | C26: Equipo de aire acondicionado | D26: VRF multi V | E26: 170000 btu/h | F26: Bogota D.C. | G26: MENSUAL | H26: 1 | I26: =(1*$H26) -> 1 | J26: =12*H26 -> 12 | K26: =11*H26 -> 11 | L26: =I26+J26+K26 -> 24 | N26: 150000 | O26: =ROUND(N26*19%,2) -> 28500 | P26: =ROUND(N26+O26,2) -> 178500 | Q26: =ROUND(P26*$I26,2) -> 178500 | T26: 2833333 | U26: =ROUND(T26*19%,2) -> 538333.27 | V26: =ROUND(T26+U26,2) -> 3371666.3 | W26: =ROUND(V26*$I26,2) -> 3371666.3 | Y26: =ROUND(MIN(N26),2) -> 150000 | Z26: =ROUND(MAX(N26),2) -> 150000 | AA26: =ROUND(AVERAGE(N26),2) -> 150000 | AB26: =ROUND(AVERAGE(Y26,AA26),2) -> 150000 | AC26: =+(AA26/Y26)-1 -> 0 | AE26: =Y26 -> 150000 | AF26: =ROUND(AE26*19%,2) -> 28500 | AG26: =ROUND(AE26+AF26,2) -> 178500 | AH26: =ROUND(AG26*$I26,2) -> 178500 | AJ26: =ROUND(AE26+(AE26*$AM$9),2) -> 156600 | AK26: =ROUND(AJ26*19%,2) -> 29754 | AL26: =ROUND(AJ26+AK26,2) -> 186354 | AM26: =ROUND(AL26*$J26,2) -> 2236248 | AO26: =ROUND(AJ26+(AJ26*$AR$9),2) -> 161298 | AP26: =ROUND(AO26*19%,2) -> 30646.62 | AQ26: =ROUND(AO26+AP26,2) -> 191944.62 | AR26: =ROUND(AQ26*$K26,2) -> 2111390.8 | AT26: =ROUND(AH26+AM26+AR26,2) -> 4526138.8
B27: 17 | C27: Equipo de aire acondicionado | D27: VRF -DVM-S | E27: 172000 btu/h | F27: Bogota D.C. | G27: MENSUAL | H27: 2 | I27: =(1*$H27) -> 2 | J27: =12*H27 -> 24 | K27: =11*H27 -> 22 | L27: =I27+J27+K27 -> 48 | N27: 150000 | O27: =ROUND(N27*19%,2) -> 28500 | P27: =ROUND(N27+O27,2) -> 178500 | Q27: =ROUND(P27*$I27,2) -> 357000 | T27: 2833333 | U27: =ROUND(T27*19%,2) -> 538333.27 | V27: =ROUND(T27+U27,2) -> 3371666.3 | W27: =ROUND(V27*$I27,2) -> 6743332.5 | Y27: =ROUND(MIN(N27),2) -> 150000 | Z27: =ROUND(MAX(N27),2) -> 150000 | AA27: =ROUND(AVERAGE(N27),2) -> 150000 | AB27: =ROUND(AVERAGE(Y27,AA27),2) -> 150000 | AC27: =+(AA27/Y27)-1 -> 0 | AE27: =Y27 -> 150000 | AF27: =ROUND(AE27*19%,2) -> 28500 | AG27: =ROUND(AE27+AF27,2) -> 178500 | AH27: =ROUND(AG27*$I27,2) -> 357000 | AJ27: =ROUND(AE27+(AE27*$AM$9),2) -> 156600 | AK27: =ROUND(AJ27*19%,2) -> 29754 | AL27: =ROUND(AJ27+AK27,2) -> 186354 | AM27: =ROUND(AL27*$J27,2) -> 4472496 | AO27: =ROUND(AJ27+(AJ27*$AR$9),2) -> 161298 | AP27: =ROUND(AO27*19%,2) -> 30646.62 | AQ27: =ROUND(AO27+AP27,2) -> 191944.62 | AR27: =ROUND(AQ27*$K27,2) -> 4222781.6 | AT27: =ROUND(AH27+AM27+AR27,2) -> 9052277.6
B28: 18 | C28: Equipo de aire acondicionado | D28: Minisplit | E28: 18000 btu/h | F28: Bogota D.C. | G28: MENSUAL | H28: 2 | I28: =(1*$H28) -> 2 | J28: =12*H28 -> 24 | K28: =11*H28 -> 22 | L28: =I28+J28+K28 -> 48 | N28: 60000 | O28: =ROUND(N28*19%,2) -> 11400 | P28: =ROUND(N28+O28,2) -> 71400 | Q28: =ROUND(P28*$I28,2) -> 142800 | T28: 275000 | U28: =ROUND(T28*19%,2) -> 52250 | V28: =ROUND(T28+U28,2) -> 327250 | W28: =ROUND(V28*$I28,2) -> 654500 | Y28: =ROUND(MIN(N28,T28),2) -> 60000 | Z28: =ROUND(MAX(N28,T28),2) -> 275000 | AA28: =ROUND(AVERAGE(N28,T28),2) -> 167500 | AB28: =ROUND(AVERAGE(Y28,AA28),2) -> 113750 | AC28: =+(AA28/Y28)-1 -> 1.7916667 | AE28: =AB28 -> 113750 | AF28: =ROUND(AE28*19%,2) -> 21612.5 | AG28: =ROUND(AE28+AF28,2) -> 135362.5 | AH28: =ROUND(AG28*$I28,2) -> 270725 | AJ28: =ROUND(AE28+(AE28*$AM$9),2) -> 118755 | AK28: =ROUND(AJ28*19%,2) -> 22563.45 | AL28: =ROUND(AJ28+AK28,2) -> 141318.45 | AM28: =ROUND(AL28*$J28,2) -> 3391642.8 | AO28: =ROUND(AJ28+(AJ28*$AR$9),2) -> 122317.65 | AP28: =ROUND(AO28*19%,2) -> 23240.35 | AQ28: =ROUND(AO28+AP28,2) -> 145558 | AR28: =ROUND(AQ28*$K28,2) -> 3202276 | AT28: =ROUND(AH28+AM28+AR28,2) -> 6864643.8
B29: 19 | C29: Equipo de aire acondicionado | D29: Cassette una vía | E29: 18000 btu/h | F29: Bogota D.C. | G29: MENSUAL | H29: 4 | I29: =(1*$H29) -> 4 | J29: =12*H29 -> 48 | K29: =11*H29 -> 44 | L29: =I29+J29+K29 -> 96 | N29: 70000 | O29: =ROUND(N29*19%,2) -> 13300 | P29: =ROUND(N29+O29,2) -> 83300 | Q29: =ROUND(P29*$I29,2) -> 333200 | T29: 383333 | U29: =ROUND(T29*19%,2) -> 72833.27 | V29: =ROUND(T29+U29,2) -> 456166.27 | W29: =ROUND(V29*$I29,2) -> 1824665.1 | Y29: =ROUND(MIN(N29,T29),2) -> 70000 | Z29: =ROUND(MAX(N29,T29),2) -> 383333 | AA29: =ROUND(AVERAGE(N29,T29),2) -> 226666.5 | AB29: =ROUND(AVERAGE(Y29,AA29),2) -> 148333.25 | AC29: =+(AA29/Y29)-1 -> 2.2380929 | AE29: =AB29 -> 148333.25 | AF29: =ROUND(AE29*19%,2) -> 28183.32 | AG29: =ROUND(AE29+AF29,2) -> 176516.57 | AH29: =ROUND(AG29*$I29,2) -> 706066.28 | AJ29: =ROUND(AE29+(AE29*$AM$9),2) -> 154859.91 | AK29: =ROUND(AJ29*19%,2) -> 29423.38 | AL29: =ROUND(AJ29+AK29,2) -> 184283.29 | AM29: =ROUND(AL29*$J29,2) -> 8845597.9 | AO29: =ROUND(AJ29+(AJ29*$AR$9),2) -> 159505.71 | AP29: =ROUND(AO29*19%,2) -> 30306.08 | AQ29: =ROUND(AO29+AP29,2) -> 189811.79 | AR29: =ROUND(AQ29*$K29,2) -> 8351718.8 | AT29: =ROUND(AH29+AM29+AR29,2) -> 17903383
B30: 20 | C30: Equipo de aire acondicionado | D30: Cassette cuatro vías | E30: 18000 btu/h | F30: Bogota D.C. | G30: MENSUAL | H30: 2 | I30: =(1*$H30) -> 2 | J30: =12*H30 -> 24 | K30: =11*H30 -> 22 | L30: =I30+J30+K30 -> 48 | N30: 70000 | O30: =ROUND(N30*19%,2) -> 13300 | P30: =ROUND(N30+O30,2) -> 83300 | Q30: =ROUND(P30*$I30,2) -> 166600 | T30: 383333 | U30: =ROUND(T30*19%,2) -> 72833.27 | V30: =ROUND(T30+U30,2) -> 456166.27 | W30: =ROUND(V30*$I30,2) -> 912332.54 | Y30: =ROUND(MIN(N30,T30),2) -> 70000 | Z30: =ROUND(MAX(N30,T30),2) -> 383333 | AA30: =ROUND(AVERAGE(N30,T30),2) -> 226666.5 | AB30: =ROUND(AVERAGE(Y30,AA30),2) -> 148333.25 | AC30: =+(AA30/Y30)-1 -> 2.2380929 | AE30: =AB30 -> 148333.25 | AF30: =ROUND(AE30*19%,2) -> 28183.32 | AG30: =ROUND(AE30+AF30,2) -> 176516.57 | AH30: =ROUND(AG30*$I30,2) -> 353033.14 | AJ30: =ROUND(AE30+(AE30*$AM$9),2) -> 154859.91 | AK30: =ROUND(AJ30*19%,2) -> 29423.38 | AL30: =ROUND(AJ30+AK30,2) -> 184283.29 | AM30: =ROUND(AL30*$J30,2) -> 4422799 | AO30: =ROUND(AJ30+(AJ30*$AR$9),2) -> 159505.71 | AP30: =ROUND(AO30*19%,2) -> 30306.08 | AQ30: =ROUND(AO30+AP30,2) -> 189811.79 | AR30: =ROUND(AQ30*$K30,2) -> 4175859.4 | AT30: =ROUND(AH30+AM30+AR30,2) -> 8951691.5
B31: 21 | C31: Equipo de aire acondicionado | D31: cassette cuatro vías | E31: 18000 btu/h | F31: Bogota D.C. | G31: MENSUAL | H31: 1 | I31: =(1*$H31) -> 1 | J31: =12*H31 -> 12 | K31: =11*H31 -> 11 | L31: =I31+J31+K31 -> 24 | N31: 70000 | O31: =ROUND(N31*19%,2) -> 13300 | P31: =ROUND(N31+O31,2) -> 83300 | Q31: =ROUND(P31*$I31,2) -> 83300 | T31: 383333 | U31: =ROUND(T31*19%,2) -> 72833.27 | V31: =ROUND(T31+U31,2) -> 456166.27 | W31: =ROUND(V31*$I31,2) -> 456166.27 | Y31: =ROUND(MIN(N31,T31),2) -> 70000 | Z31: =ROUND(MAX(N31,T31),2) -> 383333 | AA31: =ROUND(AVERAGE(N31,T31),2) -> 226666.5 | AB31: =ROUND(AVERAGE(Y31,AA31),2) -> 148333.25 | AC31: =+(AA31/Y31)-1 -> 2.2380929 | AE31: =AB31 -> 148333.25 | AF31: =ROUND(AE31*19%,2) -> 28183.32 | AG31: =ROUND(AE31+AF31,2) -> 176516.57 | AH31: =ROUND(AG31*$I31,2) -> 176516.57 | AJ31: =ROUND(AE31+(AE31*$AM$9),2) -> 154859.91 | AK31: =ROUND(AJ31*19%,2) -> 29423.38 | AL31: =ROUND(AJ31+AK31,2) -> 184283.29 | AM31: =ROUND(AL31*$J31,2) -> 2211399.5 | AO31: =ROUND(AJ31+(AJ31*$AR$9),2) -> 159505.71 | AP31: =ROUND(AO31*19%,2) -> 30306.08 | AQ31: =ROUND(AO31+AP31,2) -> 189811.79 | AR31: =ROUND(AQ31*$K31,2) -> 2087929.7 | AT31: =ROUND(AH31+AM31+AR31,2) -> 4475845.7
B32: 22 | C32: Equipo de aire acondicionado | D32: Fancoil | E32: 18000 btu/h | F32: Bogota D.C. | G32: MENSUAL | H32: 6 | I32: =(1*$H32) -> 6 | J32: =12*H32 -> 72 | K32: =11*H32 -> 66 | L32: =I32+J32+K32 -> 144 | N32: 80000 | O32: =ROUND(N32*19%,2) -> 15200 | P32: =ROUND(N32+O32,2) -> 95200 | Q32: =ROUND(P32*$I32,2) -> 571200 | T32: 416667 | U32: =ROUND(T32*19%,2) -> 79166.73 | V32: =ROUND(T32+U32,2) -> 495833.73 | W32: =ROUND(V32*$I32,2) -> 2975002.4 | Y32: =ROUND(MIN(N32,T32),2) -> 80000 | Z32: =ROUND(MAX(N32,T32),2) -> 416667 | AA32: =ROUND(AVERAGE(N32,T32),2) -> 248333.5 | AB32: =ROUND(AVERAGE(Y32,AA32),2) -> 164166.75 | AC32: =+(AA32/Y32)-1 -> 2.1041687 | AE32: =AB32 -> 164166.75 | AF32: =ROUND(AE32*19%,2) -> 31191.68 | AG32: =ROUND(AE32+AF32,2) -> 195358.43 | AH32: =ROUND(AG32*$I32,2) -> 1172150.6 | AJ32: =ROUND(AE32+(AE32*$AM$9),2) -> 171390.09 | AK32: =ROUND(AJ32*19%,2) -> 32564.12 | AL32: =ROUND(AJ32+AK32,2) -> 203954.21 | AM32: =ROUND(AL32*$J32,2) -> 14684703 | AO32: =ROUND(AJ32+(AJ32*$AR$9),2) -> 176531.79 | AP32: =ROUND(AO32*19%,2) -> 33541.04 | AQ32: =ROUND(AO32+AP32,2) -> 210072.83 | AR32: =ROUND(AQ32*$K32,2) -> 13864807 | AT32: =ROUND(AH32+AM32+AR32,2) -> 29721660
B33: 23 | C33: Equipo de aire acondicionado | D33: Minisplit | E33: 18000 btu/h | F33: Bogota D.C. | G33: MENSUAL | H33: 1 | I33: =(1*$H33) -> 1 | J33: =12*H33 -> 12 | K33: =11*H33 -> 11 | L33: =I33+J33+K33 -> 24 | N33: 60000 | O33: =ROUND(N33*19%,2) -> 11400 | P33: =ROUND(N33+O33,2) -> 71400 | Q33: =ROUND(P33*$I33,2) -> 71400 | T33: 275000 | U33: =ROUND(T33*19%,2) -> 52250 | V33: =ROUND(T33+U33,2) -> 327250 | W33: =ROUND(V33*$I33,2) -> 327250 | Y33: =ROUND(MIN(N33,T33),2) -> 60000 | Z33: =ROUND(MAX(N33,T33),2) -> 275000 | AA33: =ROUND(AVERAGE(N33,T33),2) -> 167500 | AB33: =ROUND(AVERAGE(Y33,AA33),2) -> 113750 | AC33: =+(AA33/Y33)-1 -> 1.7916667 | AE33: =AB33 -> 113750 | AF33: =ROUND(AE33*19%,2) -> 21612.5 | AG33: =ROUND(AE33+AF33,2) -> 135362.5 | AH33: =ROUND(AG33*$I33,2) -> 135362.5 | AJ33: =ROUND(AE33+(AE33*$AM$9),2) -> 118755 | AK33: =ROUND(AJ33*19%,2) -> 22563.45 | AL33: =ROUND(AJ33+AK33,2) -> 141318.45 | AM33: =ROUND(AL33*$J33,2) -> 1695821.4 | AO33: =ROUND(AJ33+(AJ33*$AR$9),2) -> 122317.65 | AP33: =ROUND(AO33*19%,2) -> 23240.35 | AQ33: =ROUND(AO33+AP33,2) -> 145558 | AR33: =ROUND(AQ33*$K33,2) -> 1601138 | AT33: =ROUND(AH33+AM33+AR33,2) -> 3432321.9
B34: 24 | C34: Equipo de aire acondicionado | D34: Minisplit | E34: 18000 btu/h | F34: Bogota D.C. | G34: MENSUAL | H34: 1 | I34: =(1*$H34) -> 1 | J34: =12*H34 -> 12 | K34: =11*H34 -> 11 | L34: =I34+J34+K34 -> 24 | N34: 60000 | O34: =ROUND(N34*19%,2) -> 11400 | P34: =ROUND(N34+O34,2) -> 71400 | Q34: =ROUND(P34*$I34,2) -> 71400 | T34: 275000 | U34: =ROUND(T34*19%,2) -> 52250 | V34: =ROUND(T34+U34,2) -> 327250 | W34: =ROUND(V34*$I34,2) -> 327250 | Y34: =ROUND(MIN(N34,T34),2) -> 60000 | Z34: =ROUND(MAX(N34,T34),2) -> 275000 | AA34: =ROUND(AVERAGE(N34,T34),2) -> 167500 | AB34: =ROUND(AVERAGE(Y34,AA34),2) -> 113750 | AC34: =+(AA34/Y34)-1 -> 1.7916667 | AE34: =AB34 -> 113750 | AF34: =ROUND(AE34*19%,2) -> 21612.5 | AG34: =ROUND(AE34+AF34,2) -> 135362.5 | AH34: =ROUND(AG34*$I34,2) -> 135362.5 | AJ34: =ROUND(AE34+(AE34*$AM$9),2) -> 118755 | AK34: =ROUND(AJ34*19%,2) -> 22563.45 | AL34: =ROUND(AJ34+AK34,2) -> 141318.45 | AM34: =ROUND(AL34*$J34,2) -> 1695821.4 | AO34: =ROUND(AJ34+(AJ34*$AR$9),2) -> 122317.65 | AP34: =ROUND(AO34*19%,2) -> 23240.35 | AQ34: =ROUND(AO34+AP34,2) -> 145558 | AR34: =ROUND(AQ34*$K34,2) -> 1601138 | AT34: =ROUND(AH34+AM34+AR34,2) -> 3432321.9
B35: 25 | C35: Equipo de aire acondicionado | D35: Minisplit | E35: 18000 btu/h | F35: Bogota D.C. | G35: MENSUAL | H35: 2 | I35: =(1*$H35) -> 2 | J35: =12*H35 -> 24 | K35: =11*H35 -> 22 | L35: =I35+J35+K35 -> 48 | N35: 60000 | O35: =ROUND(N35*19%,2) -> 11400 | P35: =ROUND(N35+O35,2) -> 71400 | Q35: =ROUND(P35*$I35,2) -> 142800 | T35: 275000 | U35: =ROUND(T35*19%,2) -> 52250 | V35: =ROUND(T35+U35,2) -> 327250 | W35: =ROUND(V35*$I35,2) -> 654500 | Y35: =ROUND(MIN(N35,T35),2) -> 60000 | Z35: =ROUND(MAX(N35,T35),2) -> 275000 | AA35: =ROUND(AVERAGE(N35,T35),2) -> 167500 | AB35: =ROUND(AVERAGE(Y35,AA35),2) -> 113750 | AC35: =+(AA35/Y35)-1 -> 1.7916667 | AE35: =AB35 -> 113750 | AF35: =ROUND(AE35*19%,2) -> 21612.5 | AG35: =ROUND(AE35+AF35,2) -> 135362.5 | AH35: =ROUND(AG35*$I35,2) -> 270725 | AJ35: =ROUND(AE35+(AE35*$AM$9),2) -> 118755 | AK35: =ROUND(AJ35*19%,2) -> 22563.45 | AL35: =ROUND(AJ35+AK35,2) -> 141318.45 | AM35: =ROUND(AL35*$J35,2) -> 3391642.8 | AO35: =ROUND(AJ35+(AJ35*$AR$9),2) -> 122317.65 | AP35: =ROUND(AO35*19%,2) -> 23240.35 | AQ35: =ROUND(AO35+AP35,2) -> 145558 | AR35: =ROUND(AQ35*$K35,2) -> 3202276 | AT35: =ROUND(AH35+AM35+AR35,2) -> 6864643.8
B36: 26 | C36: Equipo de aire acondicionado | D36: Minisplit | E36: 18000 btu/h | F36: Bogota D.C. | G36: MENSUAL | H36: 1 | I36: =(1*$H36) -> 1 | J36: =12*H36 -> 12 | K36: =11*H36 -> 11 | L36: =I36+J36+K36 -> 24 | N36: 60000 | O36: =ROUND(N36*19%,2) -> 11400 | P36: =ROUND(N36+O36,2) -> 71400 | Q36: =ROUND(P36*$I36,2) -> 71400 | T36: 275000 | U36: =ROUND(T36*19%,2) -> 52250 | V36: =ROUND(T36+U36,2) -> 327250 | W36: =ROUND(V36*$I36,2) -> 327250 | Y36: =ROUND(MIN(N36,T36),2) -> 60000 | Z36: =ROUND(MAX(N36,T36),2) -> 275000 | AA36: =ROUND(AVERAGE(N36,T36),2) -> 167500 | AB36: =ROUND(AVERAGE(Y36,AA36),2) -> 113750 | AC36: =+(AA36/Y36)-1 -> 1.7916667 | AE36: =AB36 -> 113750 | AF36: =ROUND(AE36*19%,2) -> 21612.5 | AG36: =ROUND(AE36+AF36,2) -> 135362.5 | AH36: =ROUND(AG36*$I36,2) -> 135362.5 | AJ36: =ROUND(AE36+(AE36*$AM$9),2) -> 118755 | AK36: =ROUND(AJ36*19%,2) -> 22563.45 | AL36: =ROUND(AJ36+AK36,2) -> 141318.45 | AM36: =ROUND(AL36*$J36,2) -> 1695821.4 | AO36: =ROUND(AJ36+(AJ36*$AR$9),2) -> 122317.65 | AP36: =ROUND(AO36*19%,2) -> 23240.35 | AQ36: =ROUND(AO36+AP36,2) -> 145558 | AR36: =ROUND(AQ36*$K36,2) -> 1601138 | AT36: =ROUND(AH36+AM36+AR36,2) -> 3432321.9
B37: 27 | C37: Equipo de aire acondicionado | D37: VRF multi V | E37: 192000 btu/h | F37: Bogota D.C. | G37: MENSUAL | H37: 1 | I37: =(1*$H37) -> 1 | J37: =12*H37 -> 12 | K37: =11*H37 -> 11 | L37: =I37+J37+K37 -> 24 | N37: 150000 | O37: =ROUND(N37*19%,2) -> 28500 | P37: =ROUND(N37+O37,2) -> 178500 | Q37: =ROUND(P37*$I37,2) -> 178500 | T37: 3083333 | U37: =ROUND(T37*19%,2) -> 585833.27 | V37: =ROUND(T37+U37,2) -> 3669166.3 | W37: =ROUND(V37*$I37,2) -> 3669166.3 | Y37: =ROUND(MIN(N37),2) -> 150000 | Z37: =ROUND(MAX(N37),2) -> 150000 | AA37: =ROUND(AVERAGE(N37),2) -> 150000 | AB37: =ROUND(AVERAGE(Y37,AA37),2) -> 150000 | AC37: =+(AA37/Y37)-1 -> 0 | AE37: =Y37 -> 150000 | AF37: =ROUND(AE37*19%,2) -> 28500 | AG37: =ROUND(AE37+AF37,2) -> 178500 | AH37: =ROUND(AG37*$I37,2) -> 178500 | AJ37: =ROUND(AE37+(AE37*$AM$9),2) -> 156600 | AK37: =ROUND(AJ37*19%,2) -> 29754 | AL37: =ROUND(AJ37+AK37,2) -> 186354 | AM37: =ROUND(AL37*$J37,2) -> 2236248 | AO37: =ROUND(AJ37+(AJ37*$AR$9),2) -> 161298 | AP37: =ROUND(AO37*19%,2) -> 30646.62 | AQ37: =ROUND(AO37+AP37,2) -> 191944.62 | AR37: =ROUND(AQ37*$K37,2) -> 2111390.8 | AT37: =ROUND(AH37+AM37+AR37,2) -> 4526138.8
B38: 28 | C38: Equipo de aire acondicionado | D38: Cassette cuatro vías | E38: 24000 btu/h | F38: Bogota D.C. | G38: MENSUAL | H38: 1 | I38: =(1*$H38) -> 1 | J38: =12*H38 -> 12 | K38: =11*H38 -> 11 | L38: =I38+J38+K38 -> 24 | N38: 80000 | O38: =ROUND(N38*19%,2) -> 15200 | P38: =ROUND(N38+O38,2) -> 95200 | Q38: =ROUND(P38*$I38,2) -> 95200 | T38: 425000 | U38: =ROUND(T38*19%,2) -> 80750 | V38: =ROUND(T38+U38,2) -> 505750 | W38: =ROUND(V38*$I38,2) -> 505750 | Y38: =ROUND(MIN(N38,T38),2) -> 80000 | Z38: =ROUND(MAX(N38,T38),2) -> 425000 | AA38: =ROUND(AVERAGE(N38,T38),2) -> 252500 | AB38: =ROUND(AVERAGE(Y38,AA38),2) -> 166250 | AC38: =+(AA38/Y38)-1 -> 2.15625 | AE38: =AB38 -> 166250 | AF38: =ROUND(AE38*19%,2) -> 31587.5 | AG38: =ROUND(AE38+AF38,2) -> 197837.5 | AH38: =ROUND(AG38*$I38,2) -> 197837.5 | AJ38: =ROUND(AE38+(AE38*$AM$9),2) -> 173565 | AK38: =ROUND(AJ38*19%,2) -> 32977.35 | AL38: =ROUND(AJ38+AK38,2) -> 206542.35 | AM38: =ROUND(AL38*$J38,2) -> 2478508.2 | AO38: =ROUND(AJ38+(AJ38*$AR$9),2) -> 178771.95 | AP38: =ROUND(AO38*19%,2) -> 33966.67 | AQ38: =ROUND(AO38+AP38,2) -> 212738.62 | AR38: =ROUND(AQ38*$K38,2) -> 2340124.8 | AT38: =ROUND(AH38+AM38+AR38,2) -> 5016470.5
B39: 29 | C39: Equipo de aire acondicionado | D39: Cassette cuatro vías | E39: 24000 btu/h | F39: Bogota D.C. | G39: MENSUAL | H39: 3 | I39: =(1*$H39) -> 3 | J39: =12*H39 -> 36 | K39: =11*H39 -> 33 | L39: =I39+J39+K39 -> 72 | N39: 80000 | O39: =ROUND(N39*19%,2) -> 15200 | P39: =ROUND(N39+O39,2) -> 95200 | Q39: =ROUND(P39*$I39,2) -> 285600 | T39: 425000 | U39: =ROUND(T39*19%,2) -> 80750 | V39: =ROUND(T39+U39,2) -> 505750 | W39: =ROUND(V39*$I39,2) -> 1517250 | Y39: =ROUND(MIN(N39,T39),2) -> 80000 | Z39: =ROUND(MAX(N39,T39),2) -> 425000 | AA39: =ROUND(AVERAGE(N39,T39),2) -> 252500 | AB39: =ROUND(AVERAGE(Y39,AA39),2) -> 166250 | AC39: =+(AA39/Y39)-1 -> 2.15625 | AE39: =AB39 -> 166250 | AF39: =ROUND(AE39*19%,2) -> 31587.5 | AG39: =ROUND(AE39+AF39,2) -> 197837.5 | AH39: =ROUND(AG39*$I39,2) -> 593512.5 | AJ39: =ROUND(AE39+(AE39*$AM$9),2) -> 173565 | AK39: =ROUND(AJ39*19%,2) -> 32977.35 | AL39: =ROUND(AJ39+AK39,2) -> 206542.35 | AM39: =ROUND(AL39*$J39,2) -> 7435524.6 | AO39: =ROUND(AJ39+(AJ39*$AR$9),2) -> 178771.95 | AP39: =ROUND(AO39*19%,2) -> 33966.67 | AQ39: =ROUND(AO39+AP39,2) -> 212738.62 | AR39: =ROUND(AQ39*$K39,2) -> 7020374.5 | AT39: =ROUND(AH39+AM39+AR39,2) -> 15049412
B40: 30 | C40: Equipo de aire acondicionado | D40: Minisplit | E40: 24000 btu/h | F40: Bogota D.C. | G40: MENSUAL | H40: 2 | I40: =(1*$H40) -> 2 | J40: =12*H40 -> 24 | K40: =11*H40 -> 22 | L40: =I40+J40+K40 -> 48 | N40: 60000 | O40: =ROUND(N40*19%,2) -> 11400 | P40: =ROUND(N40+O40,2) -> 71400 | Q40: =ROUND(P40*$I40,2) -> 142800 | T40: 308333 | U40: =ROUND(T40*19%,2) -> 58583.27 | V40: =ROUND(T40+U40,2) -> 366916.27 | W40: =ROUND(V40*$I40,2) -> 733832.54 | Y40: =ROUND(MIN(N40,T40),2) -> 60000 | Z40: =ROUND(MAX(N40,T40),2) -> 308333 | AA40: =ROUND(AVERAGE(N40,T40),2) -> 184166.5 | AB40: =ROUND(AVERAGE(Y40,AA40),2) -> 122083.25 | AC40: =+(AA40/Y40)-1 -> 2.0694417 | AE40: =AB40 -> 122083.25 | AF40: =ROUND(AE40*19%,2) -> 23195.82 | AG40: =ROUND(AE40+AF40,2) -> 145279.07 | AH40: =ROUND(AG40*$I40,2) -> 290558.14 | AJ40: =ROUND(AE40+(AE40*$AM$9),2) -> 127454.91 | AK40: =ROUND(AJ40*19%,2) -> 24216.43 | AL40: =ROUND(AJ40+AK40,2) -> 151671.34 | AM40: =ROUND(AL40*$J40,2) -> 3640112.2 | AO40: =ROUND(AJ40+(AJ40*$AR$9),2) -> 131278.56 | AP40: =ROUND(AO40*19%,2) -> 24942.93 | AQ40: =ROUND(AO40+AP40,2) -> 156221.49 | AR40: =ROUND(AQ40*$K40,2) -> 3436872.8 | AT40: =ROUND(AH40+AM40+AR40,2) -> 7367543.1
B41: 31 | C41: Equipo de aire acondicionado | D41: Minisplit | E41: 24000 btu/h | F41: Bogota D.C. | G41: MENSUAL | H41: 4 | I41: =(1*$H41) -> 4 | J41: =12*H41 -> 48 | K41: =11*H41 -> 44 | L41: =I41+J41+K41 -> 96 | N41: 60000 | O41: =ROUND(N41*19%,2) -> 11400 | P41: =ROUND(N41+O41,2) -> 71400 | Q41: =ROUND(P41*$I41,2) -> 285600 | T41: 308333 | U41: =ROUND(T41*19%,2) -> 58583.27 | V41: =ROUND(T41+U41,2) -> 366916.27 | W41: =ROUND(V41*$I41,2) -> 1467665.1 | Y41: =ROUND(MIN(N41,T41),2) -> 60000 | Z41: =ROUND(MAX(N41,T41),2) -> 308333 | AA41: =ROUND(AVERAGE(N41,T41),2) -> 184166.5 | AB41: =ROUND(AVERAGE(Y41,AA41),2) -> 122083.25 | AC41: =+(AA41/Y41)-1 -> 2.0694417 | AE41: =AB41 -> 122083.25 | AF41: =ROUND(AE41*19%,2) -> 23195.82 | AG41: =ROUND(AE41+AF41,2) -> 145279.07 | AH41: =ROUND(AG41*$I41,2) -> 581116.28 | AJ41: =ROUND(AE41+(AE41*$AM$9),2) -> 127454.91 | AK41: =ROUND(AJ41*19%,2) -> 24216.43 | AL41: =ROUND(AJ41+AK41,2) -> 151671.34 | AM41: =ROUND(AL41*$J41,2) -> 7280224.3 | AO41: =ROUND(AJ41+(AJ41*$AR$9),2) -> 131278.56 | AP41: =ROUND(AO41*19%,2) -> 24942.93 | AQ41: =ROUND(AO41+AP41,2) -> 156221.49 | AR41: =ROUND(AQ41*$K41,2) -> 6873745.6 | AT41: =ROUND(AH41+AM41+AR41,2) -> 14735086
B42: 32 | C42: Equipo de aire acondicionado | D42: Fancoil | E42: 24000 btu/h | F42: Bogota D.C. | G42: MENSUAL | H42: 5 | I42: =(1*$H42) -> 5 | J42: =12*H42 -> 60 | K42: =11*H42 -> 55 | L42: =I42+J42+K42 -> 120 | N42: 80000 | O42: =ROUND(N42*19%,2) -> 15200 | P42: =ROUND(N42+O42,2) -> 95200 | Q42: =ROUND(P42*$I42,2) -> 476000 | T42: 466667 | U42: =ROUND(T42*19%,2) -> 88666.73 | V42: =ROUND(T42+U42,2) -> 555333.73 | W42: =ROUND(V42*$I42,2) -> 2776668.6 | Y42: =ROUND(MIN(N42,T42),2) -> 80000 | Z42: =ROUND(MAX(N42,T42),2) -> 466667 | AA42: =ROUND(AVERAGE(N42,T42),2) -> 273333.5 | AB42: =ROUND(AVERAGE(Y42,AA42),2) -> 176666.75 | AC42: =+(AA42/Y42)-1 -> 2.4166687 | AE42: =AB42 -> 176666.75 | AF42: =ROUND(AE42*19%,2) -> 33566.68 | AG42: =ROUND(AE42+AF42,2) -> 210233.43 | AH42: =ROUND(AG42*$I42,2) -> 1051167.1 | AJ42: =ROUND(AE42+(AE42*$AM$9),2) -> 184440.09 | AK42: =ROUND(AJ42*19%,2) -> 35043.62 | AL42: =ROUND(AJ42+AK42,2) -> 219483.71 | AM42: =ROUND(AL42*$J42,2) -> 13169023 | AO42: =ROUND(AJ42+(AJ42*$AR$9),2) -> 189973.29 | AP42: =ROUND(AO42*19%,2) -> 36094.93 | AQ42: =ROUND(AO42+AP42,2) -> 226068.22 | AR42: =ROUND(AQ42*$K42,2) -> 12433752 | AT42: =ROUND(AH42+AM42+AR42,2) -> 26653942
B43: 33 | C43: Equipo de aire acondicionado | D43: Minisplit | E43: 24000 btu/h | F43: Bogota D.C. | G43: MENSUAL | H43: 1 | I43: =(1*$H43) -> 1 | J43: =12*H43 -> 12 | K43: =11*H43 -> 11 | L43: =I43+J43+K43 -> 24 | N43: 60000 | O43: =ROUND(N43*19%,2) -> 11400 | P43: =ROUND(N43+O43,2) -> 71400 | Q43: =ROUND(P43*$I43,2) -> 71400 | T43: 308333 | U43: =ROUND(T43*19%,2) -> 58583.27 | V43: =ROUND(T43+U43,2) -> 366916.27 | W43: =ROUND(V43*$I43,2) -> 366916.27 | Y43: =ROUND(MIN(N43,T43),2) -> 60000 | Z43: =ROUND(MAX(N43,T43),2) -> 308333 | AA43: =ROUND(AVERAGE(N43,T43),2) -> 184166.5 | AB43: =ROUND(AVERAGE(Y43,AA43),2) -> 122083.25 | AC43: =+(AA43/Y43)-1 -> 2.0694417 | AE43: =AB43 -> 122083.25 | AF43: =ROUND(AE43*19%,2) -> 23195.82 | AG43: =ROUND(AE43+AF43,2) -> 145279.07 | AH43: =ROUND(AG43*$I43,2) -> 145279.07 | AJ43: =ROUND(AE43+(AE43*$AM$9),2) -> 127454.91 | AK43: =ROUND(AJ43*19%,2) -> 24216.43 | AL43: =ROUND(AJ43+AK43,2) -> 151671.34 | AM43: =ROUND(AL43*$J43,2) -> 1820056.1 | AO43: =ROUND(AJ43+(AJ43*$AR$9),2) -> 131278.56 | AP43: =ROUND(AO43*19%,2) -> 24942.93 | AQ43: =ROUND(AO43+AP43,2) -> 156221.49 | AR43: =ROUND(AQ43*$K43,2) -> 1718436.4 | AT43: =ROUND(AH43+AM43+AR43,2) -> 3683771.5
B44: 34 | C44: Equipo de aire acondicionado | D44: Minisplit | E44: 34000 btu/h | F44: Bogota D.C. | G44: MENSUAL | H44: 1 | I44: =(1*$H44) -> 1 | J44: =12*H44 -> 12 | K44: =11*H44 -> 11 | L44: =I44+J44+K44 -> 24 | N44: 65000 | O44: =ROUND(N44*19%,2) -> 12350 | P44: =ROUND(N44+O44,2) -> 77350 | Q44: =ROUND(P44*$I44,2) -> 77350 | T44: 350000 | U44: =ROUND(T44*19%,2) -> 66500 | V44: =ROUND(T44+U44,2) -> 416500 | W44: =ROUND(V44*$I44,2) -> 416500 | Y44: =ROUND(MIN(N44,T44),2) -> 65000 | Z44: =ROUND(MAX(N44,T44),2) -> 350000 | AA44: =ROUND(AVERAGE(N44,T44),2) -> 207500 | AB44: =ROUND(AVERAGE(Y44,AA44),2) -> 136250 | AC44: =+(AA44/Y44)-1 -> 2.1923077 | AE44: =AB44 -> 136250 | AF44: =ROUND(AE44*19%,2) -> 25887.5 | AG44: =ROUND(AE44+AF44,2) -> 162137.5 | AH44: =ROUND(AG44*$I44,2) -> 162137.5 | AJ44: =ROUND(AE44+(AE44*$AM$9),2) -> 142245 | AK44: =ROUND(AJ44*19%,2) -> 27026.55 | AL44: =ROUND(AJ44+AK44,2) -> 169271.55 | AM44: =ROUND(AL44*$J44,2) -> 2031258.6 | AO44: =ROUND(AJ44+(AJ44*$AR$9),2) -> 146512.35 | AP44: =ROUND(AO44*19%,2) -> 27837.35 | AQ44: =ROUND(AO44+AP44,2) -> 174349.7 | AR44: =ROUND(AQ44*$K44,2) -> 1917846.7 | AT44: =ROUND(AH44+AM44+AR44,2) -> 4111242.8
B45: 35 | C45: Equipo de aire acondicionado | D45: Cassette cuatro vías | E45: 36000 btu/h | F45: Bogota D.C. | G45: MENSUAL | H45: 10 | I45: =(1*$H45) -> 10 | J45: =12*H45 -> 120 | K45: =11*H45 -> 110 | L45: =I45+J45+K45 -> 240 | N45: 85000 | O45: =ROUND(N45*19%,2) -> 16150 | P45: =ROUND(N45+O45,2) -> 101150 | Q45: =ROUND(P45*$I45,2) -> 1011500 | T45: 525000 | U45: =ROUND(T45*19%,2) -> 99750 | V45: =ROUND(T45+U45,2) -> 624750 | W45: =ROUND(V45*$I45,2) -> 6247500 | Y45: =ROUND(MIN(N45,T45),2) -> 85000 | Z45: =ROUND(MAX(N45,T45),2) -> 525000 | AA45: =ROUND(AVERAGE(N45,T45),2) -> 305000 | AB45: =ROUND(AVERAGE(Y45,AA45),2) -> 195000 | AC45: =+(AA45/Y45)-1 -> 2.5882353 | AE45: =AB45 -> 195000 | AF45: =ROUND(AE45*19%,2) -> 37050 | AG45: =ROUND(AE45+AF45,2) -> 232050 | AH45: =ROUND(AG45*$I45,2) -> 2320500 | AJ45: =ROUND(AE45+(AE45*$AM$9),2) -> 203580 | AK45: =ROUND(AJ45*19%,2) -> 38680.2 | AL45: =ROUND(AJ45+AK45,2) -> 242260.2 | AM45: =ROUND(AL45*$J45,2) -> 29071224 | AO45: =ROUND(AJ45+(AJ45*$AR$9),2) -> 209687.4 | AP45: =ROUND(AO45*19%,2) -> 39840.61 | AQ45: =ROUND(AO45+AP45,2) -> 249528.01 | AR45: =ROUND(AQ45*$K45,2) -> 27448081 | AT45: =ROUND(AH45+AM45+AR45,2) -> 58839805
B46: 36 | C46: Equipo de aire acondicionado | D46: fancoil | E46: 36000 btu/h | F46: Bogota D.C. | G46: MENSUAL | H46: 2 | I46: =(1*$H46) -> 2 | J46: =12*H46 -> 24 | K46: =11*H46 -> 22 | L46: =I46+J46+K46 -> 48 | N46: 85000 | O46: =ROUND(N46*19%,2) -> 16150 | P46: =ROUND(N46+O46,2) -> 101150 | Q46: =ROUND(P46*$I46,2) -> 202300 | T46: 541667 | U46: =ROUND(T46*19%,2) -> 102916.73 | V46: =ROUND(T46+U46,2) -> 644583.73 | W46: =ROUND(V46*$I46,2) -> 1289167.5 | Y46: =ROUND(MIN(N46,T46),2) -> 85000 | Z46: =ROUND(MAX(N46,T46),2) -> 541667 | AA46: =ROUND(AVERAGE(N46,T46),2) -> 313333.5 | AB46: =ROUND(AVERAGE(Y46,AA46),2) -> 199166.75 | AC46: =+(AA46/Y46)-1 -> 2.6862765 | AE46: =AB46 -> 199166.75 | AF46: =ROUND(AE46*19%,2) -> 37841.68 | AG46: =ROUND(AE46+AF46,2) -> 237008.43 | AH46: =ROUND(AG46*$I46,2) -> 474016.86 | AJ46: =ROUND(AE46+(AE46*$AM$9),2) -> 207930.09 | AK46: =ROUND(AJ46*19%,2) -> 39506.72 | AL46: =ROUND(AJ46+AK46,2) -> 247436.81 | AM46: =ROUND(AL46*$J46,2) -> 5938483.4 | AO46: =ROUND(AJ46+(AJ46*$AR$9),2) -> 214167.99 | AP46: =ROUND(AO46*19%,2) -> 40691.92 | AQ46: =ROUND(AO46+AP46,2) -> 254859.91 | AR46: =ROUND(AQ46*$K46,2) -> 5606918 | AT46: =ROUND(AH46+AM46+AR46,2) -> 12019418
B47: 37 | C47: Equipo de aire acondicionado | D47: fancoil | E47: 36000 btu/h | F47: Bogota D.C. | G47: MENSUAL | H47: 2 | I47: =(1*$H47) -> 2 | J47: =12*H47 -> 24 | K47: =11*H47 -> 22 | L47: =I47+J47+K47 -> 48 | N47: 85000 | O47: =ROUND(N47*19%,2) -> 16150 | P47: =ROUND(N47+O47,2) -> 101150 | Q47: =ROUND(P47*$I47,2) -> 202300 | T47: 541667 | U47: =ROUND(T47*19%,2) -> 102916.73 | V47: =ROUND(T47+U47,2) -> 644583.73 | W47: =ROUND(V47*$I47,2) -> 1289167.5 | Y47: =ROUND(MIN(N47,T47),2) -> 85000 | Z47: =ROUND(MAX(N47,T47),2) -> 541667 | AA47: =ROUND(AVERAGE(N47,T47),2) -> 313333.5 | AB47: =ROUND(AVERAGE(Y47,AA47),2) -> 199166.75 | AC47: =+(AA47/Y47)-1 -> 2.6862765 | AE47: =AB47 -> 199166.75 | AF47: =ROUND(AE47*19%,2) -> 37841.68 | AG47: =ROUND(AE47+AF47,2) -> 237008.43 | AH47: =ROUND(AG47*$I47,2) -> 474016.86 | AJ47: =ROUND(AE47+(AE47*$AM$9),2) -> 207930.09 | AK47: =ROUND(AJ47*19%,2) -> 39506.72 | AL47: =ROUND(AJ47+AK47,2) -> 247436.81 | AM47: =ROUND(AL47*$J47,2) -> 5938483.4 | AO47: =ROUND(AJ47+(AJ47*$AR$9),2) -> 214167.99 | AP47: =ROUND(AO47*19%,2) -> 40691.92 | AQ47: =ROUND(AO47+AP47,2) -> 254859.91 | AR47: =ROUND(AQ47*$K47,2) -> 5606918 | AT47: =ROUND(AH47+AM47+AR47,2) -> 12019418
B48: 38 | C48: Equipo de aire acondicionado | D48: Cassette cuatro vías | E48: 36000 btu/h | F48: Bogota D.C. | G48: MENSUAL | H48: 3 | I48: =(1*$H48) -> 3 | J48: =12*H48 -> 36 | K48: =11*H48 -> 33 | L48: =I48+J48+K48 -> 72 | N48: 85000 | O48: =ROUND(N48*19%,2) -> 16150 | P48: =ROUND(N48+O48,2) -> 101150 | Q48: =ROUND(P48*$I48,2) -> 303450 | T48: 525000 | U48: =ROUND(T48*19%,2) -> 99750 | V48: =ROUND(T48+U48,2) -> 624750 | W48: =ROUND(V48*$I48,2) -> 1874250 | Y48: =ROUND(MIN(N48,T48),2) -> 85000 | Z48: =ROUND(MAX(N48,T48),2) -> 525000 | AA48: =ROUND(AVERAGE(N48,T48),2) -> 305000 | AB48: =ROUND(AVERAGE(Y48,AA48),2) -> 195000 | AC48: =+(AA48/Y48)-1 -> 2.5882353 | AE48: =AB48 -> 195000 | AF48: =ROUND(AE48*19%,2) -> 37050 | AG48: =ROUND(AE48+AF48,2) -> 232050 | AH48: =ROUND(AG48*$I48,2) -> 696150 | AJ48: =ROUND(AE48+(AE48*$AM$9),2) -> 203580 | AK48: =ROUND(AJ48*19%,2) -> 38680.2 | AL48: =ROUND(AJ48+AK48,2) -> 242260.2 | AM48: =ROUND(AL48*$J48,2) -> 8721367.2 | AO48: =ROUND(AJ48+(AJ48*$AR$9),2) -> 209687.4 | AP48: =ROUND(AO48*19%,2) -> 39840.61 | AQ48: =ROUND(AO48+AP48,2) -> 249528.01 | AR48: =ROUND(AQ48*$K48,2) -> 8234424.3 | AT48: =ROUND(AH48+AM48+AR48,2) -> 17651942
B49: 39 | C49: Equipo de aire acondicionado | D49: Minisplit | E49: 36000 btu/h | F49: Bogota D.C. | G49: MENSUAL | H49: 1 | I49: =(1*$H49) -> 1 | J49: =12*H49 -> 12 | K49: =11*H49 -> 11 | L49: =I49+J49+K49 -> 24 | N49: 65000 | O49: =ROUND(N49*19%,2) -> 12350 | P49: =ROUND(N49+O49,2) -> 77350 | Q49: =ROUND(P49*$I49,2) -> 77350 | T49: 375000 | U49: =ROUND(T49*19%,2) -> 71250 | V49: =ROUND(T49+U49,2) -> 446250 | W49: =ROUND(V49*$I49,2) -> 446250 | Y49: =ROUND(MIN(N49,T49),2) -> 65000 | Z49: =ROUND(MAX(N49,T49),2) -> 375000 | AA49: =ROUND(AVERAGE(N49,T49),2) -> 220000 | AB49: =ROUND(AVERAGE(Y49,AA49),2) -> 142500 | AC49: =+(AA49/Y49)-1 -> 2.3846154 | AE49: =AB49 -> 142500 | AF49: =ROUND(AE49*19%,2) -> 27075 | AG49: =ROUND(AE49+AF49,2) -> 169575 | AH49: =ROUND(AG49*$I49,2) -> 169575 | AJ49: =ROUND(AE49+(AE49*$AM$9),2) -> 148770 | AK49: =ROUND(AJ49*19%,2) -> 28266.3 | AL49: =ROUND(AJ49+AK49,2) -> 177036.3 | AM49: =ROUND(AL49*$J49,2) -> 2124435.6 | AO49: =ROUND(AJ49+(AJ49*$AR$9),2) -> 153233.1 | AP49: =ROUND(AO49*19%,2) -> 29114.29 | AQ49: =ROUND(AO49+AP49,2) -> 182347.39 | AR49: =ROUND(AQ49*$K49,2) -> 2005821.3 | AT49: =ROUND(AH49+AM49+AR49,2) -> 4299831.9
... B52: 42 | C52: Equipo de aire acondicionado | D52: Cassette cuatro vías | E52: 48000 btu/h | F52: Bogota D.C. | G52: MENSUAL | H52: 6 | I52: =(1*$H52) -> 6 | J52: =12*H52 -> 72 | K52: =11*H52 -> 66 | L52: =I52+J52+K52 -> 144 | N52: 85000 | O52: =ROUND(N52*19%,2) -> 16150 | P52: =ROUND(N52+O52,2) -> 101150 | Q52: =ROUND(P52*$I52,2) -> 606900 | T52: 633333 | U52: =ROUND(T52*19%,2) -> 120333.27 | V52: =ROUND(T52+U52,2) -> 753666.27 | W52: =ROUND(V52*$I52,2) -> 4521997.6 | Y52: =ROUND(MIN(N52,T52),2) -> 85000 | Z52: =ROUND(MAX(N52,T52),2) -> 633333 | AA52: =ROUND(AVERAGE(N52,T52),2) -> 359166.5 | AB52: =ROUND(AVERAGE(Y52,AA52),2) -> 222083.25 | AC52: =+(AA52/Y52)-1 -> 3.2254882 | AE52: =AB52 -> 222083.25 | AF52: =ROUND(AE52*19%,2) -> 42195.82 | AG52: =ROUND(AE52+AF52,2) -> 264279.07 | AH52: =ROUND(AG52*$I52,2) -> 1585674.4 | AJ52: =ROUND(AE52+(AE52*$AM$9),2) -> 231854.91 | AK52: =ROUND(AJ52*19%,2) -> 44052.43 | AL52: =ROUND(AJ52+AK52,2) -> 275907.34 | AM52: =ROUND(AL52*$J52,2) -> 19865328 | AO52: =ROUND(AJ52+(AJ52*$AR$9),2) -> 238810.56 | AP52: =ROUND(AO52*19%,2) -> 45374.01 | AQ52: =ROUND(AO52+AP52,2) -> 284184.57 | AR52: =ROUND(AQ52*$K52,2) -> 18756182 | AT52: =ROUND(AH52+AM52+AR52,2) -> 40207185
B53: 43 | C53: Equipo de aire acondicionado | D53: MULTI V VRF | E53: 60000 btu/h | F53: Bogota D.C. | G53: MENSUAL | H53: 2 | I53: =(1*$H53) -> 2 | J53: =12*H53 -> 24 | K53: =11*H53 -> 22 | L53: =I53+J53+K53 -> 48 | N53: 110000 | O53: =ROUND(N53*19%,2) -> 20900 | P53: =ROUND(N53+O53,2) -> 130900 | Q53: =ROUND(P53*$I53,2) -> 261800 | T53: 1416667 | U53: =ROUND(T53*19%,2) -> 269166.73 | V53: =ROUND(T53+U53,2) -> 1685833.7 | W53: =ROUND(V53*$I53,2) -> 3371667.5 | Y53: =ROUND(MIN(N53),2) -> 110000 | Z53: =ROUND(MAX(N53),2) -> 110000 | AA53: =ROUND(AVERAGE(N53),2) -> 110000 | AB53: =ROUND(AVERAGE(Y53,AA53),2) -> 110000 | AC53: =+(AA53/Y53)-1 -> 0 | AE53: =Y53 -> 110000 | AF53: =ROUND(AE53*19%,2) -> 20900 | AG53: =ROUND(AE53+AF53,2) -> 130900 | AH53: =ROUND(AG53*$I53,2) -> 261800 | AJ53: =ROUND(AE53+(AE53*$AM$9),2) -> 114840 | AK53: =ROUND(AJ53*19%,2) -> 21819.6 | AL53: =ROUND(AJ53+AK53,2) -> 136659.6 | AM53: =ROUND(AL53*$J53,2) -> 3279830.4 | AO53: =ROUND(AJ53+(AJ53*$AR$9),2) -> 118285.2 | AP53: =ROUND(AO53*19%,2) -> 22474.19 | AQ53: =ROUND(AO53+AP53,2) -> 140759.39 | AR53: =ROUND(AQ53*$K53,2) -> 3096706.6 | AT53: =ROUND(AH53+AM53+AR53,2) -> 6638337
B54: 44 | C54: Equipo de aire acondicionado | D54: Precisión | E54: 7,5 TR | F54: Bogota D.C. | G54: MENSUAL | H54: 4 | I54: =(1*$H54) -> 4 | J54: =12*H54 -> 48 | K54: =11*H54 -> 44 | L54: =I54+J54+K54 -> 96 | N54: 300000 | O54: =ROUND(N54*19%,2) -> 57000 | P54: =ROUND(N54+O54,2) -> 357000 | Q54: =ROUND(P54*$I54,2) -> 1428000 | T54: 1833333 | U54: =ROUND(T54*19%,2) -> 348333.27 | V54: =ROUND(T54+U54,2) -> 2181666.3 | W54: =ROUND(V54*$I54,2) -> 8726665.1 | Y54: =ROUND(MIN(N54),2) -> 300000 | Z54: =ROUND(MAX(N54),2) -> 300000 | AA54: =ROUND(AVERAGE(N54),2) -> 300000 | AB54: =ROUND(AVERAGE(Y54,AA54),2) -> 300000 | AC54: =+(AA54/Y54)-1 -> 0 | AE54: =AB54 -> 300000 | AF54: =ROUND(AE54*19%,2) -> 57000 | AG54: =ROUND(AE54+AF54,2) -> 357000 | AH54: =ROUND(AG54*$I54,2) -> 1428000 | AJ54: =ROUND(AE54+(AE54*$AM$9),2) -> 313200 | AK54: =ROUND(AJ54*19%,2) -> 59508 | AL54: =ROUND(AJ54+AK54,2) -> 372708 | AM54: =ROUND(AL54*$J54,2) -> 17889984 | AO54: =ROUND(AJ54+(AJ54*$AR$9),2) -> 322596 | AP54: =ROUND(AO54*19%,2) -> 61293.24 | AQ54: =ROUND(AO54+AP54,2) -> 383889.24 | AR54: =ROUND(AQ54*$K54,2) -> 16891127 | AT54: =ROUND(AH54+AM54+AR54,2) -> 36209111
B55: 45 | C55: Equipo de aire acondicionado | D55: Central | E55: 72000 btu/h | F55: Bogota D.C. | G55: MENSUAL | H55: 1 | I55: =(1*$H55) -> 1 | J55: =12*H55 -> 12 | K55: =11*H55 -> 11 | L55: =I55+J55+K55 -> 24 | N55: 150000 | O55: =ROUND(N55*19%,2) -> 28500 | P55: =ROUND(N55+O55,2) -> 178500 | Q55: =ROUND(P55*$I55,2) -> 178500 | T55: 1083333 | U55: =ROUND(T55*19%,2) -> 205833.27 | V55: =ROUND(T55+U55,2) -> 1289166.3 | W55: =ROUND(V55*$I55,2) -> 1289166.3 | Y55: =ROUND(MIN(N55),2) -> 150000 | Z55: =ROUND(MAX(N55),2) -> 150000 | AA55: =ROUND(AVERAGE(N55),2) -> 150000 | AB55: =ROUND(AVERAGE(Y55,AA55),2) -> 150000 | AC55: =+(AA55/Y55)-1 -> 0 | AE55: =AB55 -> 150000 | AF55: =ROUND(AE55*19%,2) -> 28500 | AG55: =ROUND(AE55+AF55,2) -> 178500 | AH55: =ROUND(AG55*$I55,2) -> 178500 | AJ55: =ROUND(AE55+(AE55*$AM$9),2) -> 156600 | AK55: =ROUND(AJ55*19%,2) -> 29754 | AL55: =ROUND(AJ55+AK55,2) -> 186354 | AM55: =ROUND(AL55*$J55,2) -> 2236248 | AO55: =ROUND(AJ55+(AJ55*$AR$9),2) -> 161298 | AP55: =ROUND(AO55*19%,2) -> 30646.62 | AQ55: =ROUND(AO55+AP55,2) -> 191944.62 | AR55: =ROUND(AQ55*$K55,2) -> 2111390.8 | AT55: =ROUND(AH55+AM55+AR55,2) -> 4526138.8
B56: TOTAL MANTENIMIENTOS | H56: =SUM(H11:H55) -> 120 | L56: =SUM(L11:L55) -> 2880 | Q56: =ROUND(SUM(Q11:Q55),2) -> 18671100 | W56: =ROUND(SUM(W11:W55),2) -> 1.0681241e+08 | AH56: =ROUND(SUM(AH11:AH55),2) -> 27587672 | AM56: =ROUND(SUM(AM11:AM55),2) -> 3.4561835e+08 | AR56: =ROUND(SUM(AR11:AR55),2) -> 3.2632133e+08 | AT56: =ROUND(SUM(AT11:AT55),2) -> 6.9952735e+08
B58: LISTA DE REPUESTOS RECURRENTES - VALORES UNITARIOS (SEGÚN ESPECIFICACIONES TÉCNICAS) | N58: PRESUPUESTO TOTAL ASIGNADO VIGENCIA 2026 (1 MES) | T58: PRESUPUESTO TOTAL ASIGNADO VIGENCIA 2026 (1 MES) | AE58: PRESUPUESTO TOTAL ASIGNADO VIGENCIA 2026 (1 MES) | AJ58: PRESUPUESTO TOTAL ASIGNADO VIGENCIA 2027 (12 MESES) | AM58: PORCENTAJE DE INCREMENTO | AO58: PRESUPUESTO TOTAL ASIGNADO VIGENCIA 2028 (11 MESES) | AR58: PORCENTAJE DE INCREMENTO | AT58: PRESUPUESTO TOTAL ASIGNADO AL PROCESO VIGENCIAS 2026, 2027 Y 2028 LISTA DE REPUESTOS - VALORES UNITARIOS (24 MESES)
B59: ÍTEM | C59: DESCRIPCIÓN DETALLADA REPUESTOS | J59: UNIDAD | L59: CANTIDAD | AM59: 0.044 | AR59: 0.03
B60: 1 | C60: FILTROS PLISADO KLC 65% 20X16X2 | J60: UNIDAD | L60: 1 | O60: =ROUND(N60*19%,2) -> 0 | P60: =ROUND(N60+O60,2) -> 0 | Q60: =ROUND(P60*$L60,2) -> 0 | T60: 308333 | U60: =ROUND(T60*19%,2) -> 58583.27 | V60: =ROUND(T60+U60,2) -> 366916.27 | W60: =ROUND(V60*$L60,2) -> 366916.27 | Y60: =ROUND(MIN(N60,T60),2) -> 308333 | Z60: =ROUND(MAX(N60,T60),2) -> 308333 | AA60: =ROUND(AVERAGE(N60,T60),2) -> 308333 | AB60: =ROUND(AVERAGE(Y60,AA60),2) -> 308333 | AC60: =+(AA60/Y60)-1 -> 0 | AE60: =Y60 -> 308333 | AF60: =ROUND(AE60*19%,2) -> 58583.27 | AG60: =ROUND(AE60+AF60,2) -> 366916.27 | AH60: =ROUND(AG60*$L60,2) -> 366916.27 | AJ60: =ROUND(AE60+(AE60*$AM$59),2) -> 321899.65 | AK60: =ROUND(AJ60*19%,2) -> 61160.93 | AL60: =ROUND(AJ60+AK60,2) -> 383060.58 | AM60: =ROUND(AL60*$L60,2) -> 383060.58 | AO60: =ROUND(AJ60+(AJ60*$AR$59),2) -> 331556.64 | AP60: =ROUND(AO60*19%,2) -> 62995.76 | AQ60: =ROUND(AO60+AP60,2) -> 394552.4 | AR60: =ROUND(AQ60*$L60,2) -> 394552.4 | AT60: =ROUND(AH60+AM60+AR60,2) -> 1144529.2
B61: 2 | C61: COMPRESOR ROTATIVO DE 24000 BTU 1PH 200V | J61: UNIDAD | L61: 1 | N61: 3000000 | O61: =ROUND(N61*19%,2) -> 570000 | P61: =ROUND(N61+O61,2) -> 3570000 | Q61: =ROUND(P61*$L61,2) -> 3570000 | T61: 1833333 | U61: =ROUND(T61*19%,2) -> 348333.27 | V61: =ROUND(T61+U61,2) -> 2181666.3 | W61: =ROUND(V61*$L61,2) -> 2181666.3 | Y61: =ROUND(MIN(N61,T61),2) -> 1833333 | Z61: =ROUND(MAX(N61,T61),2) -> 3000000 | AA61: =ROUND(AVERAGE(N61,T61),2) -> 2416666.5 | AB61: =ROUND(AVERAGE(Y61,AA61),2) -> 2124999.8 | AC61: =+(AA61/Y61)-1 -> 0.31818197 | AE61: =AB61 -> 2124999.8 | AF61: =ROUND(AE61*19%,2) -> 403749.95 | AG61: =ROUND(AE61+AF61,2) -> 2528749.7 | AH61: =ROUND(AG61*$L61,2) -> 2528749.7 | AJ61: =ROUND(AE61+(AE61*$AM$59),2) -> 2218499.7 | AK61: =ROUND(AJ61*19%,2) -> 421514.95 | AL61: =ROUND(AJ61+AK61,2) -> 2640014.7 | AM61: =ROUND(AL61*$L61,2) -> 2640014.7 | AO61: =ROUND(AJ61+(AJ61*$AR$59),2) -> 2285054.7 | AP61: =ROUND(AO61*19%,2) -> 434160.4 | AQ61: =ROUND(AO61+AP61,2) -> 2719215.1 | AR61: =ROUND(AQ61*$L61,2) -> 2719215.1 | AT61: =ROUND(AH61+AM61+AR61,2) -> 7887979.5
B62: 3 | C62: CAPACITADOR 45 UF 370V | J62: UNIDAD | L62: 1 | N62: 150000 | O62: =ROUND(N62*19%,2) -> 28500 | P62: =ROUND(N62+O62,2) -> 178500 | Q62: =ROUND(P62*$L62,2) -> 178500 | T62: 75000 | U62: =ROUND(T62*19%,2) -> 14250 | V62: =ROUND(T62+U62,2) -> 89250 | W62: =ROUND(V62*$L62,2) -> 89250 | Y62: =ROUND(MIN(N62,T62),2) -> 75000 | Z62: =ROUND(MAX(N62,T62),2) -> 150000 | AA62: =ROUND(AVERAGE(N62,T62),2) -> 112500 | AB62: =ROUND(AVERAGE(Y62,AA62),2) -> 93750 | AC62: =+(AA62/Y62)-1 -> 0.5 | AE62: =AB62 -> 93750 | AF62: =ROUND(AE62*19%,2) -> 17812.5 | AG62: =ROUND(AE62+AF62,2) -> 111562.5 | AH62: =ROUND(AG62*$L62,2) -> 111562.5 | AJ62: =ROUND(AE62+(AE62*$AM$59),2) -> 97875 | AK62: =ROUND(AJ62*19%,2) -> 18596.25 | AL62: =ROUND(AJ62+AK62,2) -> 116471.25 | AM62: =ROUND(AL62*$L62,2) -> 116471.25 | AO62: =ROUND(AJ62+(AJ62*$AR$59),2) -> 100811.25 | AP62: =ROUND(AO62*19%,2) -> 19154.14 | AQ62: =ROUND(AO62+AP62,2) -> 119965.39 | AR62: =ROUND(AQ62*$L62,2) -> 119965.39 | AT62: =ROUND(AH62+AM62+AR62,2) -> 347999.14
B63: 4 | C63: CONTACTOR 30 AMP 24V | J63: UNIDAD | L63: 1 | N63: 400000 | O63: =ROUND(N63*19%,2) -> 76000 | P63: =ROUND(N63+O63,2) -> 476000 | Q63: =ROUND(P63*$L63,2) -> 476000 | T63: 200000 | U63: =ROUND(T63*19%,2) -> 38000 | V63: =ROUND(T63+U63,2) -> 238000 | W63: =ROUND(V63*$L63,2) -> 238000 | Y63: =ROUND(MIN(N63,T63),2) -> 200000 | Z63: =ROUND(MAX(N63,T63),2) -> 400000 | AA63: =ROUND(AVERAGE(N63,T63),2) -> 300000 | AB63: =ROUND(AVERAGE(Y63,AA63),2) -> 250000 | AC63: =+(AA63/Y63)-1 -> 0.5 | AE63: =AB63 -> 250000 | AF63: =ROUND(AE63*19%,2) -> 47500 | AG63: =ROUND(AE63+AF63,2) -> 297500 | AH63: =ROUND(AG63*$L63,2) -> 297500 | AJ63: =ROUND(AE63+(AE63*$AM$59),2) -> 261000 | AK63: =ROUND(AJ63*19%,2) -> 49590 | AL63: =ROUND(AJ63+AK63,2) -> 310590 | AM63: =ROUND(AL63*$L63,2) -> 310590 | AO63: =ROUND(AJ63+(AJ63*$AR$59),2) -> 268830 | AP63: =ROUND(AO63*19%,2) -> 51077.7 | AQ63: =ROUND(AO63+AP63,2) -> 319907.7 | AR63: =ROUND(AQ63*$L63,2) -> 319907.7 | AT63: =ROUND(AH63+AM63+AR63,2) -> 927997.7
B64: 5 | C64: CONTACTOR 35 AMP 24V | J64: UNIDAD | L64: 1 | N64: 450000 | O64: =ROUND(N64*19%,2) -> 85500 | P64: =ROUND(N64+O64,2) -> 535500 | Q64: =ROUND(P64*$L64,2) -> 535500 | T64: 241667 | U64: =ROUND(T64*19%,2) -> 45916.73 | V64: =ROUND(T64+U64,2) -> 287583.73 | W64: =ROUND(V64*$L64,2) -> 287583.73 | Y64: =ROUND(MIN(N64,T64),2) -> 241667 | Z64: =ROUND(MAX(N64,T64),2) -> 450000 | AA64: =ROUND(AVERAGE(N64,T64),2) -> 345833.5 | AB64: =ROUND(AVERAGE(Y64,AA64),2) -> 293750.25 | AC64: =+(AA64/Y64)-1 -> 0.4310332 | AE64: =AB64 -> 293750.25 | AF64: =ROUND(AE64*19%,2) -> 55812.55 | AG64: =ROUND(AE64+AF64,2) -> 349562.8 | AH64: =ROUND(AG64*$L64,2) -> 349562.8 | AJ64: =ROUND(AE64+(AE64*$AM$59),2) -> 306675.26 | AK64: =ROUND(AJ64*19%,2) -> 58268.3 | AL64: =ROUND(AJ64+AK64,2) -> 364943.56 | AM64: =ROUND(AL64*$L64,2) -> 364943.56 | AO64: =ROUND(AJ64+(AJ64*$AR$59),2) -> 315875.52 | AP64: =ROUND(AO64*19%,2) -> 60016.35 | AQ64: =ROUND(AO64+AP64,2) -> 375891.87 | AR64: =ROUND(AQ64*$L64,2) -> 375891.87 | AT64: =ROUND(AH64+AM64+AR64,2) -> 1090398.2
B65: 6 | C65: CONTACTOR 40 AMP 24V | J65: UNIDAD | L65: 1 | N65: 500000 | O65: =ROUND(N65*19%,2) -> 95000 | P65: =ROUND(N65+O65,2) -> 595000 | Q65: =ROUND(P65*$L65,2) -> 595000 | T65: 275000 | U65: =ROUND(T65*19%,2) -> 52250 | V65: =ROUND(T65+U65,2) -> 327250 | W65: =ROUND(V65*$L65,2) -> 327250 | Y65: =ROUND(MIN(N65,T65),2) -> 275000 | Z65: =ROUND(MAX(N65,T65),2) -> 500000 | AA65: =ROUND(AVERAGE(N65,T65),2) -> 387500 | AB65: =ROUND(AVERAGE(Y65,AA65),2) -> 331250 | AC65: =+(AA65/Y65)-1 -> 0.40909091 | AE65: =AB65 -> 331250 | AF65: =ROUND(AE65*19%,2) -> 62937.5 | AG65: =ROUND(AE65+AF65,2) -> 394187.5 | AH65: =ROUND(AG65*$L65,2) -> 394187.5 | AJ65: =ROUND(AE65+(AE65*$AM$59),2) -> 345825 | AK65: =ROUND(AJ65*19%,2) -> 65706.75 | AL65: =ROUND(AJ65+AK65,2) -> 411531.75 | AM65: =ROUND(AL65*$L65,2) -> 411531.75 | AO65: =ROUND(AJ65+(AJ65*$AR$59),2) -> 356199.75 | AP65: =ROUND(AO65*19%,2) -> 67677.95 | AQ65: =ROUND(AO65+AP65,2) -> 423877.7 | AR65: =ROUND(AQ65*$L65,2) -> 423877.7 | AT65: =ROUND(AH65+AM65+AR65,2) -> 1229596.9
B66: 7 | C66: CORREA B38 BL | J66: UNIDAD | L66: 1 | N66: 80000 | O66: =ROUND(N66*19%,2) -> 15200 | P66: =ROUND(N66+O66,2) -> 95200 | Q66: =ROUND(P66*$L66,2) -> 95200 | T66: 80000 | U66: =ROUND(T66*19%,2) -> 15200 | V66: =ROUND(T66+U66,2) -> 95200 | W66: =ROUND(V66*$L66,2) -> 95200 | Y66: =ROUND(MIN(N66,T66),2) -> 80000 | Z66: =ROUND(MAX(N66,T66),2) -> 80000 | AA66: =ROUND(AVERAGE(N66,T66),2) -> 80000 | AB66: =ROUND(AVERAGE(Y66,AA66),2) -> 80000 | AC66: =+(AA66/Y66)-1 -> 0 | AE66: =AA66 -> 80000 | AF66: =ROUND(AE66*19%,2) -> 15200 | AG66: =ROUND(AE66+AF66,2) -> 95200 | AH66: =ROUND(AG66*$L66,2) -> 95200 | AJ66: =ROUND(AE66+(AE66*$AM$59),2) -> 83520 | AK66: =ROUND(AJ66*19%,2) -> 15868.8 | AL66: =ROUND(AJ66+AK66,2) -> 99388.8 | AM66: =ROUND(AL66*$L66,2) -> 99388.8 | AO66: =ROUND(AJ66+(AJ66*$AR$59),2) -> 86025.6 | AP66: =ROUND(AO66*19%,2) -> 16344.86 | AQ66: =ROUND(AO66+AP66,2) -> 102370.46 | AR66: =ROUND(AQ66*$L66,2) -> 102370.46 | AT66: =ROUND(AH66+AM66+AR66,2) -> 296959.26
B67: 8 | C67: CORREA A32 BL | J67: UNIDAD | L67: 1 | N67: 60000 | O67: =ROUND(N67*19%,2) -> 11400 | P67: =ROUND(N67+O67,2) -> 71400 | Q67: =ROUND(P67*$L67,2) -> 71400 | T67: 63333 | U67: =ROUND(T67*19%,2) -> 12033.27 | V67: =ROUND(T67+U67,2) -> 75366.27 | W67: =ROUND(V67*$L67,2) -> 75366.27 | Y67: =ROUND(MIN(N67,T67),2) -> 60000 | Z67: =ROUND(MAX(N67,T67),2) -> 63333 | AA67: =ROUND(AVERAGE(N67,T67),2) -> 61666.5 | AB67: =ROUND(AVERAGE(Y67,AA67),2) -> 60833.25 | AC67: =+(AA67/Y67)-1 -> 0.027775 | AE67: =AA67 -> 61666.5 | AF67: =ROUND(AE67*19%,2) -> 11716.64 | AG67: =ROUND(AE67+AF67,2) -> 73383.14 | AH67: =ROUND(AG67*$L67,2) -> 73383.14 | AJ67: =ROUND(AE67+(AE67*$AM$59),2) -> 64379.83 | AK67: =ROUND(AJ67*19%,2) -> 12232.17 | AL67: =ROUND(AJ67+AK67,2) -> 76612 | AM67: =ROUND(AL67*$L67,2) -> 76612 | AO67: =ROUND(AJ67+(AJ67*$AR$59),2) -> 66311.22 | AP67: =ROUND(AO67*19%,2) -> 12599.13 | AQ67: =ROUND(AO67+AP67,2) -> 78910.35 | AR67: =ROUND(AQ67*$L67,2) -> 78910.35 | AT67: =ROUND(AH67+AM67+AR67,2) -> 228905.49
B68: 9 | C68: CORREA A27 | J68: UNIDAD | L68: 1 | N68: 60000 | O68: =ROUND(N68*19%,2) -> 11400 | P68: =ROUND(N68+O68,2) -> 71400 | Q68: =ROUND(P68*$L68,2) -> 71400 | T68: 53333 | U68: =ROUND(T68*19%,2) -> 10133.27 | V68: =ROUND(T68+U68,2) -> 63466.27 | W68: =ROUND(V68*$L68,2) -> 63466.27 | Y68: =ROUND(MIN(N68,T68),2) -> 53333 | Z68: =ROUND(MAX(N68,T68),2) -> 60000 | AA68: =ROUND(AVERAGE(N68,T68),2) -> 56666.5 | AB68: =ROUND(AVERAGE(Y68,AA68),2) -> 54999.75 | AC68: =+(AA68/Y68)-1 -> 0.062503516 | AE68: =AA68 -> 56666.5 | AF68: =ROUND(AE68*19%,2) -> 10766.64 | AG68: =ROUND(AE68+AF68,2) -> 67433.14 | AH68: =ROUND(AG68*$L68,2) -> 67433.14 | AJ68: =ROUND(AE68+(AE68*$AM$59),2) -> 59159.83 | AK68: =ROUND(AJ68*19%,2) -> 11240.37 | AL68: =ROUND(AJ68+AK68,2) -> 70400.2 | AM68: =ROUND(AL68*$L68,2) -> 70400.2 | AO68: =ROUND(AJ68+(AJ68*$AR$59),2) -> 60934.62 | AP68: =ROUND(AO68*19%,2) -> 11577.58 | AQ68: =ROUND(AO68+AP68,2) -> 72512.2 | AR68: =ROUND(AQ68*$L68,2) -> 72512.2 | AT68: =ROUND(AH68+AM68+AR68,2) -> 210345.54
B69: 10 | C69: CILINDRO REFRIGERANTE R410A | J69: UNIDAD | L69: 1 | N69: 800000 | O69: =ROUND(N69*19%,2) -> 152000 | P69: =ROUND(N69+O69,2) -> 952000 | Q69: =ROUND(P69*$L69,2) -> 952000 | T69: 1416667 | U69: =ROUND(T69*19%,2) -> 269166.73 | V69: =ROUND(T69+U69,2) -> 1685833.7 | W69: =ROUND(V69*$L69,2) -> 1685833.7 | Y69: =ROUND(MIN(N69,T69),2) -> 800000 | Z69: =ROUND(MAX(N69,T69),2) -> 1416667 | AA69: =ROUND(AVERAGE(N69,T69),2) -> 1108333.5 | AB69: =ROUND(AVERAGE(Y69,AA69),2) -> 954166.75 | AC69: =+(AA69/Y69)-1 -> 0.38541687 | AE69: =AB69 -> 954166.75 | AF69: =ROUND(AE69*19%,2) -> 181291.68 | AG69: =ROUND(AE69+AF69,2) -> 1135458.4 | AH69: =ROUND(AG69*$L69,2) -> 1135458.4 | AJ69: =ROUND(AE69+(AE69*$AM$59),2) -> 996150.09 | AK69: =ROUND(AJ69*19%,2) -> 189268.52 | AL69: =ROUND(AJ69+AK69,2) -> 1185418.6 | AM69: =ROUND(AL69*$L69,2) -> 1185418.6 | AO69: =ROUND(AJ69+(AJ69*$AR$59),2) -> 1026034.6 | AP69: =ROUND(AO69*19%,2) -> 194946.57 | AQ69: =ROUND(AO69+AP69,2) -> 1220981.2 | AR69: =ROUND(AQ69*$L69,2) -> 1220981.2 | AT69: =ROUND(AH69+AM69+AR69,2) -> 3541858.2
B70: 11 | C70: CAPACITOR 15 MF | J70: UNIDAD | L70: 1 | N70: 80000 | O70: =ROUND(N70*19%,2) -> 15200 | P70: =ROUND(N70+O70,2) -> 95200 | Q70: =ROUND(P70*$L70,2) -> 95200 | T70: 58333 | U70: =ROUND(T70*19%,2) -> 11083.27 | V70: =ROUND(T70+U70,2) -> 69416.27 | W70: =ROUND(V70*$L70,2) -> 69416.27 | Y70: =ROUND(MIN(N70,T70),2) -> 58333 | Z70: =ROUND(MAX(N70,T70),2) -> 80000 | AA70: =ROUND(AVERAGE(N70,T70),2) -> 69166.5 | AB70: =ROUND(AVERAGE(Y70,AA70),2) -> 63749.75 | AC70: =+(AA70/Y70)-1 -> 0.1857182 | AE70: =AA70 -> 69166.5 | AF70: =ROUND(AE70*19%,2) -> 13141.64 | AG70: =ROUND(AE70+AF70,2) -> 82308.14 | AH70: =ROUND(AG70*$L70,2) -> 82308.14 | AJ70: =ROUND(AE70+(AE70*$AM$59),2) -> 72209.83 | AK70: =ROUND(AJ70*19%,2) -> 13719.87 | AL70: =ROUND(AJ70+AK70,2) -> 85929.7 | AM70: =ROUND(AL70*$L70,2) -> 85929.7 | AO70: =ROUND(AJ70+(AJ70*$AR$59),2) -> 74376.12 | AP70: =ROUND(AO70*19%,2) -> 14131.46 | AQ70: =ROUND(AO70+AP70,2) -> 88507.58 | AR70: =ROUND(AQ70*$L70,2) -> 88507.58 | AT70: =ROUND(AH70+AM70+AR70,2) -> 256745.42
B71: 12 | C71: CAPACITOR 10 MF | J71: UNIDAD | L71: 1 | N71: 80000 | O71: =ROUND(N71*19%,2) -> 15200 | P71: =ROUND(N71+O71,2) -> 95200 | Q71: =ROUND(P71*$L71,2) -> 95200 | T71: 50000 | U71: =ROUND(T71*19%,2) -> 9500 | V71: =ROUND(T71+U71,2) -> 59500 | W71: =ROUND(V71*$L71,2) -> 59500 | Y71: =ROUND(MIN(N71,T71),2) -> 50000 | Z71: =ROUND(MAX(N71,T71),2) -> 80000 | AA71: =ROUND(AVERAGE(N71,T71),2) -> 65000 | AB71: =ROUND(AVERAGE(Y71,AA71),2) -> 57500 | AC71: =+(AA71/Y71)-1 -> 0.3 | AE71: =AB71 -> 57500 | AF71: =ROUND(AE71*19%,2) -> 10925 | AG71: =ROUND(AE71+AF71,2) -> 68425 | AH71: =ROUND(AG71*$L71,2) -> 68425 | AJ71: =ROUND(AE71+(AE71*$AM$59),2) -> 60030 | AK71: =ROUND(AJ71*19%,2) -> 11405.7 | AL71: =ROUND(AJ71+AK71,2) -> 71435.7 | AM71: =ROUND(AL71*$L71,2) -> 71435.7 | AO71: =ROUND(AJ71+(AJ71*$AR$59),2) -> 61830.9 | AP71: =ROUND(AO71*19%,2) -> 11747.87 | AQ71: =ROUND(AO71+AP71,2) -> 73578.77 | AR71: =ROUND(AQ71*$L71,2) -> 73578.77 | AT71: =ROUND(AH71+AM71+AR71,2) -> 213439.47
B72: 13 | C72: TARJETA ELECTRÓNICA UNIVERSAL AIRE ACONDICIONADO DE 24000 | J72: UNIDAD | L72: 1 | N72: 400000 | O72: =ROUND(N72*19%,2) -> 76000 | P72: =ROUND(N72+O72,2) -> 476000 | Q72: =ROUND(P72*$L72,2) -> 476000 | T72: 200000 | U72: =ROUND(T72*19%,2) -> 38000 | V72: =ROUND(T72+U72,2) -> 238000 | W72: =ROUND(V72*$L72,2) -> 238000 | Y72: =ROUND(MIN(N72,T72),2) -> 200000 | Z72: =ROUND(MAX(N72,T72),2) -> 400000 | AA72: =ROUND(AVERAGE(N72,T72),2) -> 300000 | AB72: =ROUND(AVERAGE(Y72,AA72),2) -> 250000 | AC72: =+(AA72/Y72)-1 -> 0.5 | AE72: =AB72 -> 250000 | AF72: =ROUND(AE72*19%,2) -> 47500 | AG72: =ROUND(AE72+AF72,2) -> 297500 | AH72: =ROUND(AG72*$L72,2) -> 297500 | AJ72: =ROUND(AE72+(AE72*$AM$59),2) -> 261000 | AK72: =ROUND(AJ72*19%,2) -> 49590 | AL72: =ROUND(AJ72+AK72,2) -> 310590 | AM72: =ROUND(AL72*$L72,2) -> 310590 | AO72: =ROUND(AJ72+(AJ72*$AR$59),2) -> 268830 | AP72: =ROUND(AO72*19%,2) -> 51077.7 | AQ72: =ROUND(AO72+AP72,2) -> 319907.7 | AR72: =ROUND(AQ72*$L72,2) -> 319907.7 | AT72: =ROUND(AH72+AM72+AR72,2) -> 927997.7
B73: 14 | C73: TUBERIA DE COBRE 3/8 | J73: MT | L73: 1 | N73: 15000 | O73: =ROUND(N73*19%,2) -> 2850 | P73: =ROUND(N73+O73,2) -> 17850 | Q73: =ROUND(P73*$L73,2) -> 17850 | T73: 70000 | U73: =ROUND(T73*19%,2) -> 13300 | V73: =ROUND(T73+U73,2) -> 83300 | W73: =ROUND(V73*$L73,2) -> 83300 | Y73: =ROUND(MIN(N73,T73),2) -> 15000 | Z73: =ROUND(MAX(N73,T73),2) -> 70000 | AA73: =ROUND(AVERAGE(N73,T73),2) -> 42500 | AB73: =ROUND(AVERAGE(Y73,AA73),2) -> 28750 | AC73: =+(AA73/Y73)-1 -> 1.8333333 | AE73: =AB73 -> 28750 | AF73: =ROUND(AE73*19%,2) -> 5462.5 | AG73: =ROUND(AE73+AF73,2) -> 34212.5 | AH73: =ROUND(AG73*$L73,2) -> 34212.5 | AJ73: =ROUND(AE73+(AE73*$AM$59),2) -> 30015 | AK73: =ROUND(AJ73*19%,2) -> 5702.85 | AL73: =ROUND(AJ73+AK73,2) -> 35717.85 | AM73: =ROUND(AL73*$L73,2) -> 35717.85 | AO73: =ROUND(AJ73+(AJ73*$AR$59),2) -> 30915.45 | AP73: =ROUND(AO73*19%,2) -> 5873.94 | AQ73: =ROUND(AO73+AP73,2) -> 36789.39 | AR73: =ROUND(AQ73*$L73,2) -> 36789.39 | AT73: =ROUND(AH73+AM73+AR73,2) -> 106719.74
B74: 15 | C74: AISLANTE RUBATEX | J74: MT | L74: 1 | N74: 80000 | O74: =ROUND(N74*19%,2) -> 15200 | P74: =ROUND(N74+O74,2) -> 95200 | Q74: =ROUND(P74*$L74,2) -> 95200 | T74: 26667 | U74: =ROUND(T74*19%,2) -> 5066.73 | V74: =ROUND(T74+U74,2) -> 31733.73 | W74: =ROUND(V74*$L74,2) -> 31733.73 | Y74: =ROUND(MIN(N74,T74),2) -> 26667 | Z74: =ROUND(MAX(N74,T74),2) -> 80000 | AA74: =ROUND(AVERAGE(N74,T74),2) -> 53333.5 | AB74: =ROUND(AVERAGE(Y74,AA74),2) -> 40000.25 | AC74: =+(AA74/Y74)-1 -> 0.99998125 | AE74: =AB74 -> 40000.25 | AF74: =ROUND(AE74*19%,2) -> 7600.05 | AG74: =ROUND(AE74+AF74,2) -> 47600.3 | AH74: =ROUND(AG74*$L74,2) -> 47600.3 | AJ74: =ROUND(AE74+(AE74*$AM$59),2) -> 41760.26 | AK74: =ROUND(AJ74*19%,2) -> 7934.45 | AL74: =ROUND(AJ74+AK74,2) -> 49694.71 | AM74: =ROUND(AL74*$L74,2) -> 49694.71 | AO74: =ROUND(AJ74+(AJ74*$AR$59),2) -> 43013.07 | AP74: =ROUND(AO74*19%,2) -> 8172.48 | AQ74: =ROUND(AO74+AP74,2) -> 51185.55 | AR74: =ROUND(AQ74*$L74,2) -> 51185.55 | AT74: =ROUND(AH74+AM74+AR74,2) -> 148480.56
B75: 16 | C75: PRESOSTATO 0-70 PSI | J75: UNIDAD | L75: 1 | N75: 350000 | O75: =ROUND(N75*19%,2) -> 66500 | P75: =ROUND(N75+O75,2) -> 416500 | Q75: =ROUND(P75*$L75,2) -> 416500 | T75: 266667 | U75: =ROUND(T75*19%,2) -> 50666.73 | V75: =ROUND(T75+U75,2) -> 317333.73 | W75: =ROUND(V75*$L75,2) -> 317333.73 | Y75: =ROUND(MIN(N75,T75),2) -> 266667 | Z75: =ROUND(MAX(N75,T75),2) -> 350000 | AA75: =ROUND(AVERAGE(N75,T75),2) -> 308333.5 | AB75: =ROUND(AVERAGE(Y75,AA75),2) -> 287500.25 | AC75: =+(AA75/Y75)-1 -> 0.15624918 | AE75: =AA75 -> 308333.5 | AF75: =ROUND(AE75*19%,2) -> 58583.37 | AG75: =ROUND(AE75+AF75,2) -> 366916.87 | AH75: =ROUND(AG75*$L75,2) -> 366916.87 | AJ75: =ROUND(AE75+(AE75*$AM$59),2) -> 321900.17 | AK75: =ROUND(AJ75*19%,2) -> 61161.03 | AL75: =ROUND(AJ75+AK75,2) -> 383061.2 | AM75: =ROUND(AL75*$L75,2) -> 383061.2 | AO75: =ROUND(AJ75+(AJ75*$AR$59),2) -> 331557.18 | AP75: =ROUND(AO75*19%,2) -> 62995.86 | AQ75: =ROUND(AO75+AP75,2) -> 394553.04 | AR75: =ROUND(AQ75*$L75,2) -> 394553.04 | AT75: =ROUND(AH75+AM75+AR75,2) -> 1144531.1
B76: 17 | C76: PRESOSTATOS TIPO PILA BAJA | J76: UNIDAD | L76: 1 | N76: 130000 | O76: =ROUND(N76*19%,2) -> 24700 | P76: =ROUND(N76+O76,2) -> 154700 | Q76: =ROUND(P76*$L76,2) -> 154700 | T76: 216667 | U76: =ROUND(T76*19%,2) -> 41166.73 | V76: =ROUND(T76+U76,2) -> 257833.73 | W76: =ROUND(V76*$L76,2) -> 257833.73 | Y76: =ROUND(MIN(N76,T76),2) -> 130000 | Z76: =ROUND(MAX(N76,T76),2) -> 216667 | AA76: =ROUND(AVERAGE(N76,T76),2) -> 173333.5 | AB76: =ROUND(AVERAGE(Y76,AA76),2) -> 151666.75 | AC76: =+(AA76/Y76)-1 -> 0.33333462 | AE76: =AB76 -> 151666.75 | AF76: =ROUND(AE76*19%,2) -> 28816.68 | AG76: =ROUND(AE76+AF76,2) -> 180483.43 | AH76: =ROUND(AG76*$L76,2) -> 180483.43 | AJ76: =ROUND(AE76+(AE76*$AM$59),2) -> 158340.09 | AK76: =ROUND(AJ76*19%,2) -> 30084.62 | AL76: =ROUND(AJ76+AK76,2) -> 188424.71 | AM76: =ROUND(AL76*$L76,2) -> 188424.71 | AO76: =ROUND(AJ76+(AJ76*$AR$59),2) -> 163090.29 | AP76: =ROUND(AO76*19%,2) -> 30987.16 | AQ76: =ROUND(AO76+AP76,2) -> 194077.45 | AR76: =ROUND(AQ76*$L76,2) -> 194077.45 | AT76: =ROUND(AH76+AM76+AR76,2) -> 562985.59
B77: 18 | C77: PRESOSTATOS TIPO PILA ALTA | J77: UNIDAD | L77: 1 | N77: 130000 | O77: =ROUND(N77*19%,2) -> 24700 | P77: =ROUND(N77+O77,2) -> 154700 | Q77: =ROUND(P77*$L77,2) -> 154700 | T77: 233333 | U77: =ROUND(T77*19%,2) -> 44333.27 | V77: =ROUND(T77+U77,2) -> 277666.27 | W77: =ROUND(V77*$L77,2) -> 277666.27 | Y77: =ROUND(MIN(N77,T77),2) -> 130000 | Z77: =ROUND(MAX(N77,T77),2) -> 233333 | AA77: =ROUND(AVERAGE(N77,T77),2) -> 181666.5 | AB77: =ROUND(AVERAGE(Y77,AA77),2) -> 155833.25 | AC77: =+(AA77/Y77)-1 -> 0.39743462 | AE77: =AB77 -> 155833.25 | AF77: =ROUND(AE77*19%,2) -> 29608.32 | AG77: =ROUND(AE77+AF77,2) -> 185441.57 | AH77: =ROUND(AG77*$L77,2) -> 185441.57 | AJ77: =ROUND(AE77+(AE77*$AM$59),2) -> 162689.91 | AK77: =ROUND(AJ77*19%,2) -> 30911.08 | AL77: =ROUND(AJ77+AK77,2) -> 193600.99 | AM77: =ROUND(AL77*$L77,2) -> 193600.99 | AO77: =ROUND(AJ77+(AJ77*$AR$59),2) -> 167570.61 | AP77: =ROUND(AO77*19%,2) -> 31838.42 | AQ77: =ROUND(AO77+AP77,2) -> 199409.03 | AR77: =ROUND(AQ77*$L77,2) -> 199409.03 | AT77: =ROUND(AH77+AM77+AR77,2) -> 578451.59
B78: 19 | C78: CORREA A-45 | J78: UNIDAD | L78: 1 | N78: 80000 | O78: =ROUND(N78*19%,2) -> 15200 | P78: =ROUND(N78+O78,2) -> 95200 | Q78: =ROUND(P78*$L78,2) -> 95200 | T78: 86667 | U78: =ROUND(T78*19%,2) -> 16466.73 | V78: =ROUND(T78+U78,2) -> 103133.73 | W78: =ROUND(V78*$L78,2) -> 103133.73 | Y78: =ROUND(MIN(N78,T78),2) -> 80000 | Z78: =ROUND(MAX(N78,T78),2) -> 86667 | AA78: =ROUND(AVERAGE(N78,T78),2) -> 83333.5 | AB78: =ROUND(AVERAGE(Y78,AA78),2) -> 81666.75 | AC78: =+(AA78/Y78)-1 -> 0.04166875 | AE78: =AA78 -> 83333.5 | AF78: =ROUND(AE78*19%,2) -> 15833.37 | AG78: =ROUND(AE78+AF78,2) -> 99166.87 | AH78: =ROUND(AG78*$L78,2) -> 99166.87 | AJ78: =ROUND(AE78+(AE78*$AM$59),2) -> 87000.17 | AK78: =ROUND(AJ78*19%,2) -> 16530.03 | AL78: =ROUND(AJ78+AK78,2) -> 103530.2 | AM78: =ROUND(AL78*$L78,2) -> 103530.2 | AO78: =ROUND(AJ78+(AJ78*$AR$59),2) -> 89610.18 | AP78: =ROUND(AO78*19%,2) -> 17025.93 | AQ78: =ROUND(AO78+AP78,2) -> 106636.11 | AR78: =ROUND(AQ78*$L78,2) -> 106636.11 | AT78: =ROUND(AH78+AM78+AR78,2) -> 309333.18
B79: 20 | C79: CORREA A-29 | J79: UNIDAD | L79: 1 | N79: 60000 | O79: =ROUND(N79*19%,2) -> 11400 | P79: =ROUND(N79+O79,2) -> 71400 | Q79: =ROUND(P79*$L79,2) -> 71400 | T79: 58333 | U79: =ROUND(T79*19%,2) -> 11083.27 | V79: =ROUND(T79+U79,2) -> 69416.27 | W79: =ROUND(V79*$L79,2) -> 69416.27 | Y79: =ROUND(MIN(N79,T79),2) -> 58333 | Z79: =ROUND(MAX(N79,T79),2) -> 60000 | AA79: =ROUND(AVERAGE(N79,T79),2) -> 59166.5 | AB79: =ROUND(AVERAGE(Y79,AA79),2) -> 58749.75 | AC79: =+(AA79/Y79)-1 -> 0.014288653 | AE79: =AA79 -> 59166.5 | AF79: =ROUND(AE79*19%,2) -> 11241.64 | AG79: =ROUND(AE79+AF79,2) -> 70408.14 | AH79: =ROUND(AG79*$L79,2) -> 70408.14 | AJ79: =ROUND(AE79+(AE79*$AM$59),2) -> 61769.83 | AK79: =ROUND(AJ79*19%,2) -> 11736.27 | AL79: =ROUND(AJ79+AK79,2) -> 73506.1 | AM79: =ROUND(AL79*$L79,2) -> 73506.1 | AO79: =ROUND(AJ79+(AJ79*$AR$59),2) -> 63622.92 | AP79: =ROUND(AO79*19%,2) -> 12088.35 | AQ79: =ROUND(AO79+AP79,2) -> 75711.27 | AR79: =ROUND(AQ79*$L79,2) -> 75711.27 | AT79: =ROUND(AH79+AM79+AR79,2) -> 219625.51
B80: 21 | C80: CORREA A-31 | J80: UNIDAD | L80: 1 | N80: 60000 | O80: =ROUND(N80*19%,2) -> 11400 | P80: =ROUND(N80+O80,2) -> 71400 | Q80: =ROUND(P80*$L80,2) -> 71400 | T80: 60000 | U80: =ROUND(T80*19%,2) -> 11400 | V80: =ROUND(T80+U80,2) -> 71400 | W80: =ROUND(V80*$L80,2) -> 71400 | Y80: =ROUND(MIN(N80,T80),2) -> 60000 | Z80: =ROUND(MAX(N80,T80),2) -> 60000 | AA80: =ROUND(AVERAGE(N80,T80),2) -> 60000 | AB80: =ROUND(AVERAGE(Y80,AA80),2) -> 60000 | AC80: =+(AA80/Y80)-1 -> 0 | AE80: =AA80 -> 60000 | AF80: =ROUND(AE80*19%,2) -> 11400 | AG80: =ROUND(AE80+AF80,2) -> 71400 | AH80: =ROUND(AG80*$L80,2) -> 71400 | AJ80: =ROUND(AE80+(AE80*$AM$59),2) -> 62640 | AK80: =ROUND(AJ80*19%,2) -> 11901.6 | AL80: =ROUND(AJ80+AK80,2) -> 74541.6 | AM80: =ROUND(AL80*$L80,2) -> 74541.6 | AO80: =ROUND(AJ80+(AJ80*$AR$59),2) -> 64519.2 | AP80: =ROUND(AO80*19%,2) -> 12258.65 | AQ80: =ROUND(AO80+AP80,2) -> 76777.85 | AR80: =ROUND(AQ80*$L80,2) -> 76777.85 | AT80: =ROUND(AH80+AM80+AR80,2) -> 222719.45
B81: TOTAL VALORES UNITARIOS DE REPUESTOS RECURRENTES | Q81: =ROUND(SUM(Q60:Q80),2) -> 8288350 | W81: =ROUND(SUM(W60:W80),2) -> 6989266.3 | AH81: =ROUND(SUM(AH60:AH80),2) -> 6923816.3 | AM81: =ROUND(SUM(AM60:AM80),2) -> 7228464.2 | AR81: =ROUND(SUM(AR60:AR80),2) -> 7445318.1 | AT81: =ROUND(SUM(AT60:AT80),2) -> 21597599
B83: TOTAL MANTENIMIENTOS + VALORES UNITARIOS DE REPUESTOS RECURRENTES | Q83: =ROUND(SUM(Q81+Q56),2) -> 26959450 | W83: =ROUND(SUM(W81+W56),2) -> 1.1380168e+08 | AH83: =ROUND(SUM(AH81+AH56),2) -> 34511488 | AM83: =ROUND(SUM(AM81+AM56),2) -> 3.5284681e+08 | AR83: =ROUND(SUM(AR81+AR56),2) -> 3.3376664e+08 | AT83: =ROUND(SUM(AT56+AT81),2) -> 7.2112494e+08
B85: NOTAS
B86: 1) Se realizó el estudio con dos (2) cotizaciones, las cuales cumplen con lo solicitado por la entidad
B87: 2) Los valores de la cotización 2 para los ítems 1, 4, 8, 9, 13-17, 27, 43-45 del MANTENIMIENTO, no se tomaron en cuenta para el estudio del sector, por considerar que estos valores son atípicos al mercado
B88: 3) Para los MANTENIMIENTOS, se aplica: - Fórmula de Media Aritmética Baja para los ítems: 2-3, 5-7, 13-17, 18-26, 28-42 - Valor de referencia de la cotización 1 para los ítems: 1, 4, 8-9, 10-12, 27, 43-45
B89: 4) Para los valores unitarios de la Lista de Repuestos Recurrentes, se aplica: - Valor de referencia de la cotización 2 para el ítem 1 - Fórmula de Media Aritmética Baja para los ítems: 2 - 6, 10, 12-15, 17 - 18 - Fórmula de Promedio para los ítems: 7-9, 11, 16, 19-21
B90: 5) Los porcentajes de incremento para las vigencias futuras 2027 (4,4%) y 2028 (3%) se aplicaron según lo establecido en la "CIRCULAR - N° 30000-00023 DE 2026 de la FGN" acorde con lo dispuesto por el Ministerio de Hacienda y Crédito Público
B91: 6) En el presente análisis se aplicó el procedimiento de aproximación generalmente aceptado por las reglas matemáticas denominado redondeo, que consiste en acercar los valores decimales al número entero más aproximado (esto es, si el tercer decimal es menor que 5, el segundo decimal se mantiene; si el tercer decimal es igual o mayor que 5, el segundo decimal se incrementa en uno).
B93: Estudio del Sector 444
B94: Fecha de elaboración: 14/08/2026
B95: Fecha de modificación 1: 24/08/2026
B96: Fecha de modificación 2: 31/08/2026

Sheet ANEXO 2
B2: ANEXO 2 - ANÁLISIS DE COSTOS HISTÓRICOS
M3: PRESTAR EL SERVICIO DE MANTENIMIENTO PREVENTIVO Y CORRECTIVO TÉCNICO INTEGRAL ESPECIALIZADO CON SUMINISTRO DE REPUESTOS, PARA LOS AIRES ACONDICIONADOS, EQUIPOS DE VENTILACIÓN Y CUARTOS FRÍOS QUE SE ENCUENTRAN INSTALADOS EN EL NIVEL CENTRAL DE LA FISCALÍA GENERAL DE LA NACIÓN.
B5: MANTENIMIENTOS (SEGÚN ESPECIFICACIONES TÉCNICAS) | N5: VALORES MANTENIMIENTO PROCESO FGN-NC-IPSE-0054-2024 | R5: DICIEMBRE 2024 | S5: JULIO 2026 | U5: ANÁLISIS PROYECCIÓN COSTOS HISTÓRICOS (IPC / Indices - Serie de empalme)
I6: TOTAL MANTENIMIENTOS POR AÑO PROCESO HISTORICO
B7: ITEM | C7: DESCRIPCIÓN DE EQUIPO | D7: TIPO | E7: CAPACIDAD | F7: CIUDAD | G7: FRECUENCIA | H7: CANT DE EQUIPOS | I7: 2024 | J7: 2025 | K7: 2026 | L7: TOTAL MANTENIMIENTOS | N7: VALOR UNITARIO SIN IVA | O7: IVA UNITARIO | P7: VALOR UNITARIO INCLUIDO IVA | R7: 1.4488 | S7: 1.5979 | U7: VALOR UNITARIO SIN IVA | V7: IVA UNITARIO | W7: VALOR UITARIO INCLUIDO IVA
B8: 1 | C8: Equipo de Ventilación | D8: lavadores de aire | E8: 10000 CFM | F8: Bogota D.C. | G8: MENSUAL | H8: 12 | I8: 1 | J8: 12 | K8: 7 | L8: =(I8+J8+K8)*H8 -> 240 | N8: 10912.74 | O8: =ROUND(N8*19%,2) -> 2073.42 | P8: =ROUND(N8+O8,2) -> 12986.16 | R8: =($S$7/$R$7)*$N8 -> 12035.8 | U8: =R8 -> 12035.8 | V8: =ROUND(U8*19%,2) -> 2286.8 | W8: =ROUND(U8+V8,2) -> 14322.6
B9: 2 | C9: Equipo de Ventilación | D9: Suministro | E9: 1750 CFM | F9: Bogota D.C. | G9: MENSUAL | H9: 1 | I9: =(1*$H9) -> 1 | J9: =12*H9 -> 12 | K9: 7 | L9: =(I9+J9+K9)*H9 -> 20 | N9: 10912.74 | O9: =ROUND(N9*19%,2) -> 2073.42 | P9: =ROUND(N9+O9,2) -> 12986.16 | R9: =($S$7/$R$7)*$N9 -> 12035.8 | U9: =R9 -> 12035.8 | V9: =ROUND(U9*19%,2) -> 2286.8 | W9: =ROUND(U9+V9,2) -> 14322.6
B10: 3 | C10: Equipo de Ventilación | D10: Suministro | E10: 3600 CFM | F10: Bogota D.C. | G10: MENSUAL | H10: 1 | I10: =(1*$H10) -> 1 | J10: =12*H10 -> 12 | K10: 7 | L10: =(I10+J10+K10)*H10 -> 20 | N10: 10912.74 | O10: =ROUND(N10*19%,2) -> 2073.42 | P10: =ROUND(N10+O10,2) -> 12986.16 | R10: =($S$7/$R$7)*$N10 -> 12035.8 | U10: =R10 -> 12035.8 | V10: =ROUND(U10*19%,2) -> 2286.8 | W10: =ROUND(U10+V10,2) -> 14322.6
B11: 4 | C11: Equipo de Ventilación | D11: Suministro | E11: 9000 CFM | F11: Bogota D.C. | G11: MENSUAL | H11: 2 | I11: =(1*$H11) -> 2 | J11: =12*H11 -> 24 | K11: 7 | L11: =(I11+J11+K11)*H11 -> 66 | N11: 10912.74 | O11: =ROUND(N11*19%,2) -> 2073.42 | P11: =ROUND(N11+O11,2) -> 12986.16 | R11: =($S$7/$R$7)*$N11 -> 12035.8 | U11: =R11 -> 12035.8 | V11: =ROUND(U11*19%,2) -> 2286.8 | W11: =ROUND(U11+V11,2) -> 14322.6
B12: 5 | C12: Equipo de Extracción | D12: tipo hongo | E12: 2500 CFM | F12: Bogota D.C. | G12: MENSUAL | H12: 6 | I12: =(1*$H12) -> 6 | J12: =12*H12 -> 72 | K12: 7 | L12: =(I12+J12+K12)*H12 -> 510 | N12: 10912.74 | O12: =ROUND(N12*19%,2) -> 2073.42 | P12: =ROUND(N12+O12,2) -> 12986.16 | R12: =($S$7/$R$7)*$N12 -> 12035.8 | U12: =R12 -> 12035.8 | V12: =ROUND(U12*19%,2) -> 2286.8 | W12: =ROUND(U12+V12,2) -> 14322.6
B13: 6 | C13: Equipo de Extracción | D13: tipo hongo | E13: 3000 CFM | F13: Bogota D.C. | G13: MENSUAL | H13: 6 | I13: =(1*$H13) -> 6 | J13: =12*H13 -> 72 | K13: 7 | L13: =(I13+J13+K13)*H13 -> 510 | N13: 10912.74 | O13: =ROUND(N13*19%,2) -> 2073.42 | P13: =ROUND(N13+O13,2) -> 12986.16 | R13: =($S$7/$R$7)*$N13 -> 12035.8 | U13: =R13 -> 12035.8 | V13: =ROUND(U13*19%,2) -> 2286.8 | W13: =ROUND(U13+V13,2) -> 14322.6
B14: 7 | C14: Equipo de Extracción | D14: tipo hongo | E14: 5000 CFM | F14: Bogota D.C. | G14: MENSUAL | H14: 2 | I14: =(1*$H14) -> 2 | J14: =12*H14 -> 24 | K14: 7 | L14: =(I14+J14+K14)*H14 -> 66 | N14: 10912.74 | O14: =ROUND(N14*19%,2) -> 2073.42 | P14: =ROUND(N14+O14,2) -> 12986.16 | R14: =($S$7/$R$7)*$N14 -> 12035.8 | U14: =R14 -> 12035.8 | V14: =ROUND(U14*19%,2) -> 2286.8 | W14: =ROUND(U14+V14,2) -> 14322.6
B15: 8 | C15: Equipo de aire acondicionado | D15: Fancoil | E15: 96000 btu/h | F15: Bogota D.C. | G15: MENSUAL | H15: 1 | I15: =(1*$H15) -> 1 | J15: =12*H15 -> 12 | K15: 7 | L15: =(I15+J15+K15)*H15 -> 20 | N15: 10912.74 | O15: =ROUND(N15*19%,2) -> 2073.42 | P15: =ROUND(N15+O15,2) -> 12986.16 | R15: =($S$7/$R$7)*$N15 -> 12035.8 | U15: =R15 -> 12035.8 | V15: =ROUND(U15*19%,2) -> 2286.8 | W15: =ROUND(U15+V15,2) -> 14322.6
B16: 9 | C16: Equipo de aire acondicionado | D16: VRF multi V | E16: 114700 btu/h | F16: Bogota D.C. | G16: MENSUAL | H16: 1 | I16: =(1*$H16) -> 1 | J16: =12*H16 -> 12 | K16: 7 | L16: =(I16+J16+K16)*H16 -> 20 | N16: 10912.74 | O16: =ROUND(N16*19%,2) -> 2073.42 | P16: =ROUND(N16+O16,2) -> 12986.16 | R16: =($S$7/$R$7)*$N16 -> 12035.8 | U16: =R16 -> 12035.8 | V16: =ROUND(U16*19%,2) -> 2286.8 | W16: =ROUND(U16+V16,2) -> 14322.6
B17: 10 | C17: Equipo de aire acondicionado | D17: Minisplit | E17: 12000 btu/h | F17: Bogota D.C. | G17: MENSUAL | H17: 2 | I17: =(1*$H17) -> 2 | J17: =12*H17 -> 24 | K17: 7 | L17: =(I17+J17+K17)*H17 -> 66 | N17: 10912.74 | O17: =ROUND(N17*19%,2) -> 2073.42 | P17: =ROUND(N17+O17,2) -> 12986.16 | R17: =($S$7/$R$7)*$N17 -> 12035.8 | U17: =R17 -> 12035.8 | V17: =ROUND(U17*19%,2) -> 2286.8 | W17: =ROUND(U17+V17,2) -> 14322.6
B18: 11 | C18: Equipo de aire acondicionado | D18: cassette una vía | E18: 12000 btu/h | F18: Bogota D.C. | G18: MENSUAL | H18: 3 | I18: =(1*$H18) -> 3 | J18: =12*H18 -> 36 | K18: 7 | L18: =(I18+J18+K18)*H18 -> 138 | N18: 10912.74 | O18: =ROUND(N18*19%,2) -> 2073.42 | P18: =ROUND(N18+O18,2) -> 12986.16 | R18: =($S$7/$R$7)*$N18 -> 12035.8 | U18: =R18 -> 12035.8 | V18: =ROUND(U18*19%,2) -> 2286.8 | W18: =ROUND(U18+V18,2) -> 14322.6
B19: 12 | C19: Equipo de aire acondicionado | D19: Minisplit | E19: 12000 btu/h | F19: Bogota D.C. | G19: MENSUAL | H19: 2 | I19: =(1*$H19) -> 2 | J19: =12*H19 -> 24 | K19: 7 | L19: =(I19+J19+K19)*H19 -> 66 | N19: 10912.74 | O19: =ROUND(N19*19%,2) -> 2073.42 | P19: =ROUND(N19+O19,2) -> 12986.16 | R19: =($S$7/$R$7)*$N19 -> 12035.8 | U19: =R19 -> 12035.8 | V19: =ROUND(U19*19%,2) -> 2286.8 | W19: =ROUND(U19+V19,2) -> 14322.6
B20: 13 | C20: Equipo de aire acondicionado | D20: Chiller | E20: 120000 btu/h | F20: Bogota D.C. | G20: MENSUAL | H20: 1 | I20: =(1*$H20) -> 1 | J20: =12*H20 -> 12 | K20: 7 | L20: =(I20+J20+K20)*H20 -> 20 | N20: 50949.93 | O20: =ROUND(N20*19%,2) -> 9680.49 | P20: =ROUND(N20+O20,2) -> 60630.42 | R20: =($S$7/$R$7)*$N20 -> 56193.328 | U20: =R20 -> 56193.328 | V20: =ROUND(U20*19%,2) -> 10676.73 | W20: =ROUND(U20+V20,2) -> 66870.06
... B52: 45 | C52: Equipo de aire acondicionado | D52: Central | E52: 72000 btu/h | F52: Bogota D.C. | G52: MENSUAL | H52: 1 | I52: =(1*$H52) -> 1 | J52: =12*H52 -> 12 | K52: 7 | L52: =(I52+J52+K52)*H52 -> 20 | N52: 36947.56 | O52: =ROUND(N52*19%,2) -> 7020.04 | P52: =ROUND(N52+O52,2) -> 43967.6 | R52: =($S$7/$R$7)*$N52 -> 40749.935 | U52: =R52 -> 40749.935 | V52: =ROUND(U52*19%,2) -> 7742.49 | W52: =ROUND(U52+V52,2) -> 48492.43
B54: LISTA DE REPUESTOS RECURRENTES - VALORES UNITARIOS (SEGÚN ESPECIFICACIONES TÉCNICAS) | N54: VALORES UNITARIO LISTA DE REPUESTOS PROCESO FGN-NC-IPSE-0054-2024 | U54: ANÁLISIS PROYECCIÓN COSTOS HISTÓRICOS (IPC / Indices - Serie de empalme)
B55: ÍTEM | C55: DESCRIPCIÓN DETALLADA REPUESTOS | J55: UNIDAD | L55: CANTIDAD | N55: VALOR UNITARIO SIN IVA | O55: IVA UNITARIO | P55: VALOR UNITARIO INCLUIDO IVA | U55: VALOR UNITARIO SIN IVA | V55: IVA UNITARIO | W55: VALOR UITARIO INCLUIDO IVA
B56: 1 | C56: FILTROS PLISADO KLC 65% 20X16X2 | J56: UNIDAD | L56: 1 | N56: 549219.66 | O56: =ROUND(N56*19%,2) -> 104351.74 | P56: =ROUND(N56+O56,2) -> 653571.4 | R56: =($S$7/$R$7)*$N56 -> 605741.37 | U56: =R56 -> 605741.37 | V56: =ROUND(U56*19%,2) -> 115090.86 | W56: =ROUND(U56+V56,2) -> 720832.23
B57: 2 | C57: COMPRESOR ROTATIVO DE 24000 BTU 1PH 200V | J57: UNIDAD | L57: 1 | N57: 1273954 | O57: =ROUND(N57*19%,2) -> 242051.26 | P57: =ROUND(N57+O57,2) -> 1516005.3 | R57: =($S$7/$R$7)*$N57 -> 1405060.1 | U57: =R57 -> 1405060.1 | V57: =ROUND(U57*19%,2) -> 266961.42 | W57: =ROUND(U57+V57,2) -> 1672021.6
B58: 3 | C58: CAPACITADOR 45 UF 370V | J58: UNIDAD | L58: 1 | N58: 71921.49 | O58: =ROUND(N58*19%,2) -> 13665.08 | P58: =ROUND(N58+O58,2) -> 85586.57 | R58: =($S$7/$R$7)*$N58 -> 79323.129 | U58: =R58 -> 79323.129 | V58: =ROUND(U58*19%,2) -> 15071.39 | W58: =ROUND(U58+V58,2) -> 94394.52
B59: 4 | C59: CONTACTOR 30 AMP 24V | J59: UNIDAD | L59: 1 | N59: 227467.69 | O59: =ROUND(N59*19%,2) -> 43218.86 | P59: =ROUND(N59+O59,2) -> 270686.55 | R59: =($S$7/$R$7)*$N59 -> 250877.02 | U59: =R59 -> 250877.02 | V59: =ROUND(U59*19%,2) -> 47666.63 | W59: =ROUND(U59+V59,2) -> 298543.65
B60: 5 | C60: CONTACTOR 35 AMP 24V | J60: UNIDAD | L60: 1 | N60: 257448.85 | O60: =ROUND(N60*19%,2) -> 48915.28 | P60: =ROUND(N60+O60,2) -> 306364.13 | R60: =($S$7/$R$7)*$N60 -> 283943.62 | U60: =R60 -> 283943.62 | V60: =ROUND(U60*19%,2) -> 53949.29 | W60: =ROUND(U60+V60,2) -> 337892.91
B61: 6 | C61: CONTACTOR 40 AMP 24V | J61: UNIDAD | L61: 1 | N61: 276383.24 | O61: =ROUND(N61*19%,2) -> 52512.82 | P61: =ROUND(N61+O61,2) -> 328896.06 | R61: =($S$7/$R$7)*$N61 -> 304826.6 | U61: =R61 -> 304826.6 | V61: =ROUND(U61*19%,2) -> 57917.05 | W61: =ROUND(U61+V61,2) -> 362743.65
B62: 7 | C62: CORREA B38 BL | J62: UNIDAD | L62: 1 | N62: 70656.66 | O62: =ROUND(N62*19%,2) -> 13424.77 | P62: =ROUND(N62+O62,2) -> 84081.43 | R62: =($S$7/$R$7)*$N62 -> 77928.132 | U62: =R62 -> 77928.132 | V62: =ROUND(U62*19%,2) -> 14806.34 | W62: =ROUND(U62+V62,2) -> 92734.47
B63: 8 | C63: CORREA A32 BL | J63: UNIDAD | L63: 1 | N63: 64498.2 | O63: =ROUND(N63*19%,2) -> 12254.66 | P63: =ROUND(N63+O63,2) -> 76752.86 | R63: =($S$7/$R$7)*$N63 -> 71135.887 | U63: =R63 -> 71135.887 | V63: =ROUND(U63*19%,2) -> 13515.82 | W63: =ROUND(U63+V63,2) -> 84651.71
B64: 9 | C64: CORREA A27 | J64: UNIDAD | L64: 1 | N64: 53934.78 | O64: =ROUND(N64*19%,2) -> 10247.61 | P64: =ROUND(N64+O64,2) -> 64182.39 | R64: =($S$7/$R$7)*$N64 -> 59485.357 | U64: =R64 -> 59485.357 | V64: =ROUND(U64*19%,2) -> 11302.22 | W64: =ROUND(U64+V64,2) -> 70787.58
B65: 10 | C65: CILINDRO REFRIGERANTE R410A | J65: UNIDAD | L65: 1 | N65: 744478.2 | O65: =ROUND(N65*19%,2) -> 141450.86 | P65: =ROUND(N65+O65,2) -> 885929.06 | R65: =($S$7/$R$7)*$N65 -> 821094.5 | U65: =R65 -> 821094.5 | V65: =ROUND(U65*19%,2) -> 156007.96 | W65: =ROUND(U65+V65,2) -> 977102.46
B66: 11 | C66: CAPACITOR 15 MF | J66: UNIDAD | L66: 1 | N66: 40495.76 | O66: =ROUND(N66*19%,2) -> 7694.19 | P66: =ROUND(N66+O66,2) -> 48189.95 | R66: =($S$7/$R$7)*$N66 -> 44663.29 | U66: =R66 -> 44663.29 | V66: =ROUND(U66*19%,2) -> 8486.03 | W66: =ROUND(U66+V66,2) -> 53149.32
B67: 12 | C67: CAPACITOR 10 MF | J67: UNIDAD | L67: 1 | N67: 40495.76 | O67: =ROUND(N67*19%,2) -> 7694.19 | P67: =ROUND(N67+O67,2) -> 48189.95 | R67: =($S$7/$R$7)*$N67 -> 44663.29 | U67: =R67 -> 44663.29 | V67: =ROUND(U67*19%,2) -> 8486.03 | W67: =ROUND(U67+V67,2) -> 53149.32
... B77: 22 | C77: REFRIGERANTE R22 | J77: UNIDAD | L77: 1 | N77: 547308.87 | O77: =ROUND(N77*19%,2) -> 103988.69 | P77: =ROUND(N77+O77,2) -> 651297.56 | R77: =($S$7/$R$7)*$N77 -> 603633.93 | U77: =R77 -> 603633.93 | V77: =ROUND(U77*19%,2) -> 114690.45 | W77: =ROUND(U77+V77,2) -> 718324.38
B79: NOTAS:
B80: 1) El índice refleja la evolución promedio de los precios de todos los artículos/insumos es decir, se refiere a un promedio tomado sobre la base de todos los productos ofrecidos en el mercado.
B81: 2) Para traer a valor presente los precios unitarios, se toma el índice de serie del mes vigente dividido por el índice de serie del mes y año en que fue efectuada la compra y/o servicio. Este resultado se multiplica por el precio de la misma.
B82: 3) En el presente análisis se aplicó el procedimiento de aproximación generalmente aceptado por las reglas matemáticas denominado redondeo, que consiste en acercar los valores decimales al número entero más aproximado (esto es, si el tercer decimal es menor que 5, el segundo decimal se mantiene; si el tercer decimal es igual o mayor que 5, el segundo decimal se incrementa en uno).
B84: Estudio del Sector 444
B85: Fecha de elaboración: 14/08/2026
B86: Fecha de modificación 1: 24/08/2026
B87: Fecha de modificación 2: 31/08/2026

Sheet ANEXO 3
B2: ANEXO 3 - ANÁLISIS PARA ESTABLECER EL VALOR FINAL
M3: PRESTAR EL SERVICIO DE MANTENIMIENTO PREVENTIVO Y CORRECTIVO TÉCNICO INTEGRAL ESPECIALIZADO CON SUMINISTRO DE REPUESTOS, PARA LOS AIRES ACONDICIONADOS, EQUIPOS DE VENTILACIÓN Y CUARTOS FRÍOS QUE SE ENCUENTRAN INSTALADOS EN EL NIVEL CENTRAL DE LA FISCALÍA GENERAL DE LA NACIÓN.
N5: ANÁLISIS PROYECCIÓN COSTOS HISTÓRICOS | S5: VALORES TOMADOS
B7: MANTENIMIENTOS (SEGÚN ESPECIFICACIONES TÉCNICAS) | N7: PRESUPUESTO TOTAL ASIGNADO VIGENCIA 2026 (1 MES) | S7: PRESUPUESTO TOTAL ASIGNADO VIGENCIA 2026 (1 MES) | X7: PRESUPUESTO TOTAL ASIGNADO VIGENCIA 2027 (12 MESES) | AA7: PORCENTAJE DE INCREMENTO | AC7: PRESUPUESTO TOTAL ASIGNADO VIGENCIA 2028 (11 MESES) | AF7: PORCENTAJE DE INCREMENTO | AH7: PRESUPUESTO TOTAL ASIGNADO AL PROCESO VIGENCIAS 2026, 2027 Y 2028 MANTENIMIENTOS (24 MESES)
I8: TOTAL MANTENIMIENTOS POR AÑO | AA8: 0.044 | AF8: 0.03
B9: ITEM | C9: DESCRIPCIÓN DE EQUIPO | D9: TIPO | E9: CAPACIDAD | F9: CIUDAD | G9: FRECUENCIA | H9: CANT DE EQUIPOS | I9: 2026 | J9: 2027 | K9: 2028 | L9: TOTAL MANTENIMIENTOS | N9: VALOR UNITARIO SIN IVA | O9: IVA UNITARIO | P9: VALOR UITARIO INCLUIDO IVA | Q9: VALOR TOTAL INCLUIDO IVA | S9: VALOR UNITARIO SIN IVA | T9: IVA UNITARIO | U9: VALOR UNITARIO INCLUIDO IVA | V9: VALOR TOTAL INCLUIDO IVA | X9: VALOR UNITARIO SIN IVA | Y9: IVA UNITARIO | Z9: VALOR UITARIO INCLUIDO IVA | AA9: VALOR TOTAL INCLUIDO IVA | AC9: VALOR UNITARIO SIN IVA | AD9: IVA UNITARIO | AE9: VALOR UITARIO INCLUIDO IVA | AF9: VALOR TOTAL INCLUIDO IVA
B10: 1 | C10: Equipo de Ventilación | D10: lavadores de aire | E10: 10000 CFM | F10: Bogota D.C. | G10: MENSUAL | H10: 12 | I10: =(1*$H10) -> 12 | J10: =12*H10 -> 144 | K10: =11*H10 -> 132 | L10: =I10+J10+K10 -> 288 | N10: ='ANEXO 2'!U8 -> 12035.8 | O10: =ROUND(N10*19%,2) -> 2286.8 | P10: =ROUND(N10+O10,2) -> 14322.6 | Q10: =ROUND(P10*$J10,2) -> 2062454.4 | S10: =N10 -> 12035.8 | T10: =ROUND(S10*19%,2) -> 2286.8 | U10: =ROUND(S10+T10,2) -> 14322.6 | V10: =ROUND(U10*$I10,2) -> 171871.2 | X10: =ROUND(S10+(S10*$AA$8),2) -> 12565.38 | Y10: =ROUND(X10*19%,2) -> 2387.42 | Z10: =ROUND(X10+Y10,2) -> 14952.8 | AA10: =ROUND(Z10*$J10,2) -> 2153203.2 | AC10: =ROUND(X10+(X10*$AF$8),2) -> 12942.34 | AD10: =ROUND(AC10*19%,2) -> 2459.04 | AE10: =ROUND(AC10+AD10,2) -> 15401.38 | AF10: =ROUND(AE10*$K10,2) -> 2032982.2 | AH10: =ROUND(V10+AA10+AF10,2) -> 4358056.6
B11: 2 | C11: Equipo de Ventilación | D11: Suministro | E11: 1750 CFM | F11: Bogota D.C. | G11: MENSUAL | H11: 1 | I11: =(1*$H11) -> 1 | J11: =12*H11 -> 12 | K11: =11*H11 -> 11 | L11: =I11+J11+K11 -> 24 | N11: ='ANEXO 2'!U9 -> 12035.8 | O11: =ROUND(N11*19%,2) -> 2286.8 | P11: =ROUND(N11+O11,2) -> 14322.6 | Q11: =ROUND(P11*$J11,2) -> 171871.2 | S11: =N11 -> 12035.8 | T11: =ROUND(S11*19%,2) -> 2286.8 | U11: =ROUND(S11+T11,2) -> 14322.6 | V11: =ROUND(U11*$I11,2) -> 14322.6 | X11: =ROUND(S11+(S11*$AA$8),2) -> 12565.38 | Y11: =ROUND(X11*19%,2) -> 2387.42 | Z11: =ROUND(X11+Y11,2) -> 14952.8 | AA11: =ROUND(Z11*$J11,2) -> 179433.6 | AC11: =ROUND(X11+(X11*$AF$8),2) -> 12942.34 | AD11: =ROUND(AC11*19%,2) -> 2459.04 | AE11: =ROUND(AC11+AD11,2) -> 15401.38 | AF11: =ROUND(AE11*$K11,2) -> 169415.18 | AH11: =ROUND(V11+AA11+AF11,2) -> 363171.38
B12: 3 | C12: Equipo de Ventilación | D12: Suministro | E12: 3600 CFM | F12: Bogota D.C. | G12: MENSUAL | H12: 1 | I12: =(1*$H12) -> 1 | J12: =12*H12 -> 12 | K12: =11*H12 -> 11 | L12: =I12+J12+K12 -> 24 | N12: ='ANEXO 2'!U10 -> 12035.8 | O12: =ROUND(N12*19%,2) -> 2286.8 | P12: =ROUND(N12+O12,2) -> 14322.6 | Q12: =ROUND(P12*$J12,2) -> 171871.2 | S12: =N12 -> 12035.8 | T12: =ROUND(S12*19%,2) -> 2286.8 | U12: =ROUND(S12+T12,2) -> 14322.6 | V12: =ROUND(U12*$I12,2) -> 14322.6 | X12: =ROUND(S12+(S12*$AA$8),2) -> 12565.38 | Y12: =ROUND(X12*19%,2) -> 2387.42 | Z12: =ROUND(X12+Y12,2) -> 14952.8 | AA12: =ROUND(Z12*$J12,2) -> 179433.6 | AC12: =ROUND(X12+(X12*$AF$8),2) -> 12942.34 | AD12: =ROUND(AC12*19%,2) -> 2459.04 | AE12: =ROUND(AC12+AD12,2) -> 15401.38 | AF12: =ROUND(AE12*$K12,2) -> 169415.18 | AH12: =ROUND(V12+AA12+AF12,2) -> 363171.38
B13: 4 | C13: Equipo de Ventilación | D13: Suministro | E13: 9000 CFM | F13: Bogota D.C. | G13: MENSUAL | H13: 2 | I13: =(1*$H13) -> 2 | J13: =12*H13 -> 24 | K13: =11*H13 -> 22 | L13: =I13+J13+K13 -> 48 | N13: ='ANEXO 2'!U11 -> 12035.8 | O13: =ROUND(N13*19%,2) -> 2286.8 | P13: =ROUND(N13+O13,2) -> 14322.6 | Q13: =ROUND(P13*$J13,2) -> 343742.4 | S13: =N13 -> 12035.8 | T13: =ROUND(S13*19%,2) -> 2286.8 | U13: =ROUND(S13+T13,2) -> 14322.6 | V13: =ROUND(U13*$I13,2) -> 28645.2 | X13: =ROUND(S13+(S13*$AA$8),2) -> 12565.38 | Y13: =ROUND(X13*19%,2) -> 2387.42 | Z13: =ROUND(X13+Y13,2) -> 14952.8 | AA13: =ROUND(Z13*$J13,2) -> 358867.2 | AC13: =ROUND(X13+(X13*$AF$8),2) -> 12942.34 | AD13: =ROUND(AC13*19%,2) -> 2459.04 | AE13: =ROUND(AC13+AD13,2) -> 15401.38 | AF13: =ROUND(AE13*$K13,2) -> 338830.36 | AH13: =ROUND(V13+AA13+AF13,2) -> 726342.76
B14: 5 | C14: Equipo de Extracción | D14: tipo hongo | E14: 2500 CFM | F14: Bogota D.C. | G14: MENSUAL | H14: 6 | I14: =(1*$H14) -> 6 | J14: =12*H14 -> 72 | K14: =11*H14 -> 66 | L14: =I14+J14+K14 -> 144 | N14: ='ANEXO 2'!U12 -> 12035.8 | O14: =ROUND(N14*19%,2) -> 2286.8 | P14: =ROUND(N14+O14,2) -> 14322.6 | Q14: =ROUND(P14*$J14,2) -> 1031227.2 | S14: =N14 -> 12035.8 | T14: =ROUND(S14*19%,2) -> 2286.8 | U14: =ROUND(S14+T14,2) -> 14322.6 | V14: =ROUND(U14*$I14,2) -> 85935.6 | X14: =ROUND(S14+(S14*$AA$8),2) -> 12565.38 | Y14: =ROUND(X14*19%,2) -> 2387.42 | Z14: =ROUND(X14+Y14,2) -> 14952.8 | AA14: =ROUND(Z14*$J14,2) -> 1076601.6 | AC14: =ROUND(X14+(X14*$AF$8),2) -> 12942.34 | AD14: =ROUND(AC14*19%,2) -> 2459.04 | AE14: =ROUND(AC14+AD14,2) -> 15401.38 | AF14: =ROUND(AE14*$K14,2) -> 1016491.1 | AH14: =ROUND(V14+AA14+AF14,2) -> 2179028.3
B15: 6 | C15: Equipo de Extracción | D15: tipo hongo | E15: 3000 CFM | F15: Bogota D.C. | G15: MENSUAL | H15: 6 | I15: =(1*$H15) -> 6 | J15: =12*H15 -> 72 | K15: =11*H15 -> 66 | L15: =I15+J15+K15 -> 144 | N15: ='ANEXO 2'!U13 -> 12035.8 | O15: =ROUND(N15*19%,2) -> 2286.8 | P15: =ROUND(N15+O15,2) -> 14322.6 | Q15: =ROUND(P15*$J15,2) -> 1031227.2 | S15: =N15 -> 12035.8 | T15: =ROUND(S15*19%,2) -> 2286.8 | U15: =ROUND(S15+T15,2) -> 14322.6 | V15: =ROUND(U15*$I15,2) -> 85935.6 | X15: =ROUND(S15+(S15*$AA$8),2) -> 12565.38 | Y15: =ROUND(X15*19%,2) -> 2387.42 | Z15: =ROUND(X15+Y15,2) -> 14952.8 | AA15: =ROUND(Z15*$J15,2) -> 1076601.6 | AC15: =ROUND(X15+(X15*$AF$8),2) -> 12942.34 | AD15: =ROUND(AC15*19%,2) -> 2459.04 | AE15: =ROUND(AC15+AD15,2) -> 15401.38 | AF15: =ROUND(AE15*$K15,2) -> 1016491.1 | AH15: =ROUND(V15+AA15+AF15,2) -> 2179028.3
B16: 7 | C16: Equipo de Extracción | D16: tipo hongo | E16: 5000 CFM | F16: Bogota D.C. | G16: MENSUAL | H16: 2 | I16: =(1*$H16) -> 2 | J16: =12*H16 -> 24 | K16: =11*H16 -> 22 | L16: =I16+J16+K16 -> 48 | N16: ='ANEXO 2'!U14 -> 12035.8 | O16: =ROUND(N16*19%,2) -> 2286.8 | P16: =ROUND(N16+O16,2) -> 14322.6 | Q16: =ROUND(P16*$J16,2) -> 343742.4 | S16: =N16 -> 12035.8 | T16: =ROUND(S16*19%,2) -> 2286.8 | U16: =ROUND(S16+T16,2) -> 14322.6 | V16: =ROUND(U16*$I16,2) -> 28645.2 | X16: =ROUND(S16+(S16*$AA$8),2) -> 12565.38 | Y16: =ROUND(X16*19%,2) -> 2387.42 | Z16: =ROUND(X16+Y16,2) -> 14952.8 | AA16: =ROUND(Z16*$J16,2) -> 358867.2 | AC16: =ROUND(X16+(X16*$AF$8),2) -> 12942.34 | AD16: =ROUND(AC16*19%,2) -> 2459.04 | AE16: =ROUND(AC16+AD16,2) -> 15401.38 | AF16: =ROUND(AE16*$K16,2) -> 338830.36 | AH16: =ROUND(V16+AA16+AF16,2) -> 726342.76
B17: 8 | C17: Equipo de aire acondicionado | D17: Fancoil | E17: 96000 btu/h | F17: Bogota D.C. | G17: MENSUAL | H17: 1 | I17: =(1*$H17) -> 1 | J17: =12*H17 -> 12 | K17: =11*H17 -> 11 | L17: =I17+J17+K17 -> 24 | N17: ='ANEXO 2'!U15 -> 12035.8 | O17: =ROUND(N17*19%,2) -> 2286.8 | P17: =ROUND(N17+O17,2) -> 14322.6 | Q17: =ROUND(P17*$J17,2) -> 171871.2 | S17: =N17 -> 12035.8 | T17: =ROUND(S17*19%,2) -> 2286.8 | U17: =ROUND(S17+T17,2) -> 14322.6 | V17: =ROUND(U17*$I17,2) -> 14322.6 | X17: =ROUND(S17+(S17*$AA$8),2) -> 12565.38 | Y17: =ROUND(X17*19%,2) -> 2387.42 | Z17: =ROUND(X17+Y17,2) -> 14952.8 | AA17: =ROUND(Z17*$J17,2) -> 179433.6 | AC17: =ROUND(X17+(X17*$AF$8),2) -> 12942.34 | AD17: =ROUND(AC17*19%,2) -> 2459.04 | AE17: =ROUND(AC17+AD17,2) -> 15401.38 | AF17: =ROUND(AE17*$K17,2) -> 169415.18 | AH17: =ROUND(V17+AA17+AF17,2) -> 363171.38
B18: 9 | C18: Equipo de aire acondicionado | D18: VRF multi V | E18: 114700 btu/h | F18: Bogota D.C. | G18: MENSUAL | H18: 1 | I18: =(1*$H18) -> 1 | J18: =12*H18 -> 12 | K18: =11*H18 -> 11 | L18: =I18+J18+K18 -> 24 | N18: ='ANEXO 2'!U16 -> 12035.8 | O18: =ROUND(N18*19%,2) -> 2286.8 | P18: =ROUND(N18+O18,2) -> 14322.6 | Q18: =ROUND(P18*$J18,2) -> 171871.2 | S18: =N18 -> 12035.8 | T18: =ROUND(S18*19%,2) -> 2286.8 | U18: =ROUND(S18+T18,2) -> 14322.6 | V18: =ROUND(U18*$I18,2) -> 14322.6 | X18: =ROUND(S18+(S18*$AA$8),2) -> 12565.38 | Y18: =ROUND(X18*19%,2) -> 2387.42 | Z18: =ROUND(X18+Y18,2) -> 14952.8 | AA18: =ROUND(Z18*$J18,2) -> 179433.6 | AC18: =ROUND(X18+(X18*$AF$8),2) -> 12942.34 | AD18: =ROUND(AC18*19%,2) -> 2459.04 | AE18: =ROUND(AC18+AD18,2) -> 15401.38 | AF18: =ROUND(AE18*$K18,2) -> 169415.18 | AH18: =ROUND(V18+AA18+AF18,2) -> 363171.38
B19: 10 | C19: Equipo de aire acondicionado | D19: Minisplit | E19: 12000 btu/h | F19: Bogota D.C. | G19: MENSUAL | H19: 2 | I19: =(1*$H19) -> 2 | J19: =12*H19 -> 24 | K19: =11*H19 -> 22 | L19: =I19+J19+K19 -> 48 | N19: ='ANEXO 2'!U17 -> 12035.8 | O19: =ROUND(N19*19%,2) -> 2286.8 | P19: =ROUND(N19+O19,2) -> 14322.6 | Q19: =ROUND(P19*$J19,2) -> 343742.4 | S19: =N19 -> 12035.8 | T19: =ROUND(S19*19%,2) -> 2286.8 | U19: =ROUND(S19+T19,2) -> 14322.6 | V19: =ROUND(U19*$I19,2) -> 28645.2 | X19: =ROUND(S19+(S19*$AA$8),2) -> 12565.38 | Y19: =ROUND(X19*19%,2) -> 2387.42 | Z19: =ROUND(X19+Y19,2) -> 14952.8 | AA19: =ROUND(Z19*$J19,2) -> 358867.2 | AC19: =ROUND(X19+(X19*$AF$8),2) -> 12942.34 | AD19: =ROUND(AC19*19%,2) -> 2459.04 | AE19: =ROUND(AC19+AD19,2) -> 15401.38 | AF19: =ROUND(AE19*$K19,2) -> 338830.36 | AH19: =ROUND(V19+AA19+AF19,2) -> 726342.76
B20: 11 | C20: Equipo de aire acondicionado | D20: cassette una vía | E20: 12000 btu/h | F20: Bogota D.C. | G20: MENSUAL | H20: 3 | I20: =(1*$H20) -> 3 | J20: =12*H20 -> 36 | K20: =11*H20 -> 33 | L20: =I20+J20+K20 -> 72 | N20: ='ANEXO 2'!U18 -> 12035.8 | O20: =ROUND(N20*19%,2) -> 2286.8 | P20: =ROUND(N20+O20,2) -> 14322.6 | Q20: =ROUND(P20*$J20,2) -> 515613.6 | S20: =N20 -> 12035.8 | T20: =ROUND(S20*19%,2) -> 2286.8 | U20: =ROUND(S20+T20,2) -> 14322.6 | V20: =ROUND(U20*$I20,2) -> 42967.8 | X20: =ROUND(S20+(S20*$AA$8),2) -> 12565.38 | Y20: =ROUND(X20*19%,2) -> 2387.42 | Z20: =ROUND(X20+Y20,2) -> 14952.8 | AA20: =ROUND(Z20*$J20,2) -> 538300.8 | AC20: =ROUND(X20+(X20*$AF$8),2) -> 12942.34 | AD20: =ROUND(AC20*19%,2) -> 2459.04 | AE20: =ROUND(AC20+AD20,2) -> 15401.38 | AF20: =ROUND(AE20*$K20,2) -> 508245.54 | AH20: =ROUND(V20+AA20+AF20,2) -> 1089514.1
B21: 12 | C21: Equipo de aire acondicionado | D21: Minisplit | E21: 12000 btu/h | F21: Bogota D.C. | G21: MENSUAL | H21: 2 | I21: =(1*$H21) -> 2 | J21: =12*H21 -> 24 | K21: =11*H21 -> 22 | L21: =I21+J21+K21 -> 48 | N21: ='ANEXO 2'!U19 -> 12035.8 | O21: =ROUND(N21*19%,2) -> 2286.8 | P21: =ROUND(N21+O21,2) -> 14322.6 | Q21: =ROUND(P21*$J21,2) -> 343742.4 | S21: =N21 -> 12035.8 | T21: =ROUND(S21*19%,2) -> 2286.8 | U21: =ROUND(S21+T21,2) -> 14322.6 | V21: =ROUND(U21*$I21,2) -> 28645.2 | X21: =ROUND(S21+(S21*$AA$8),2) -> 12565.38 | Y21: =ROUND(X21*19%,2) -> 2387.42 | Z21: =ROUND(X21+Y21,2) -> 14952.8 | AA21: =ROUND(Z21*$J21,2) -> 358867.2 | AC21: =ROUND(X21+(X21*$AF$8),2) -> 12942.34 | AD21: =ROUND(AC21*19%,2) -> 2459.04 | AE21: =ROUND(AC21+AD21,2) -> 15401.38 | AF21: =ROUND(AE21*$K21,2) -> 338830.36 | AH21: =ROUND(V21+AA21+AF21,2) -> 726342.76
... B54: 45 | C54: Equipo de aire acondicionado | D54: Central | E54: 72000 btu/h | F54: Bogota D.C. | G54: MENSUAL | H54: 1 | I54: =(1*$H54) -> 1 | J54: =12*H54 -> 12 | K54: =11*H54 -> 11 | L54: =I54+J54+K54 -> 24 | N54: ='ANEXO 2'!U52 -> 40749.935 | O54: =ROUND(N54*19%,2) -> 7742.49 | P54: =ROUND(N54+O54,2) -> 48492.43 | Q54: =ROUND(P54*$J54,2) -> 581909.16 | S54: =N54 -> 40749.935 | T54: =ROUND(S54*19%,2) -> 7742.49 | U54: =ROUND(S54+T54,2) -> 48492.43 | V54: =ROUND(U54*$I54,2) -> 48492.43 | X54: =ROUND(S54+(S54*$AA$8),2) -> 42542.93 | Y54: =ROUND(X54*19%,2) -> 8083.16 | Z54: =ROUND(X54+Y54,2) -> 50626.09 | AA54: =ROUND(Z54*$J54,2) -> 607513.08 | AC54: =ROUND(X54+(X54*$AF$8),2) -> 43819.22 | AD54: =ROUND(AC54*19%,2) -> 8325.65 | AE54: =ROUND(AC54+AD54,2) -> 52144.87 | AF54: =ROUND(AE54*$K54,2) -> 573593.57 | AH54: =ROUND(V54+AA54+AF54,2) -> 1229599.1
B55: TOTAL MANTENIMIENTOS | H55: =SUM(H10:H54) -> 120 | L55: =SUM(L10:L54) -> 2880 | Q55: =ROUND(SUM(Q10:Q54),2) -> 22485231 | V55: =ROUND(SUM(V10:V54),2) -> 1873769.2 | AA55: =ROUND(SUM(AA10:AA54),2) -> 23474589 | AF55: =ROUND(SUM(AF10:AF54),2) -> 22163920 | AH55: =ROUND(SUM(AH10:AH54),2) -> 47512278
S57: PRESUPUESTO TOTAL ASIGNADO VIGENCIA 2026 (1 MES) | X57: PRESUPUESTO TOTAL ASIGNADO VIGENCIA 2027 (12 MESES) | AA57: PORCENTAJE DE INCREMENTO | AC57: PRESUPUESTO TOTAL ASIGNADO VIGENCIA 2028 (11 MESES) | AF57: PORCENTAJE DE INCREMENTO | AH57: PRESUPUESTO TOTAL ASIGNADO AL PROCESO VIGENCIAS 2026, 2027 Y 2028 LISTA DE REPUESTOS - VALORES UNITARIOS (24 MESES)
B58: LISTA DE REPUESTOS RECURRENTES - VALORES UNITARIOS (SEGÚN ESPECIFICACIONES TÉCNICAS) | N58: PRESUPUESTO TOTAL ASIGNADO VIGENCIA 2026 (1 MES) | AA58: 0.044 | AF58: 0.03
B59: ÍTEM | C59: DESCRIPCIÓN DETALLADA REPUESTOS | J59: UNIDAD | L59: CANTIDAD | N59: VALOR UNITARIO SIN IVA | O59: IVA UNITARIO | P59: VALOR UNITARIO INCLUIDO IVA | Q59: VALOR TOTAL INCLUIDO IVA | S59: VALOR UNITARIO SIN IVA | T59: IVA UNITARIO | U59: VALOR UNITARIO INCLUIDO IVA | V59: VALOR TOTAL INCLUIDO IVA | X59: VALOR UNITARIO SIN IVA | Y59: IVA UNITARIO | Z59: VALOR UNITARIO INCLUIDO IVA | AA59: VALOR TOTAL INCLUIDO IVA | AC59: VALOR UNITARIO SIN IVA | AD59: IVA UNITARIO | AE59: VALOR UNITARIO INCLUIDO IVA | AF59: VALOR TOTAL INCLUIDO IVA
B60: 1 | C60: FILTROS PLISADO KLC 65% 20X16X2 | J60: UNIDAD | L60: 1 | N60: ='ANEXO 2'!U56 -> 605741.37 | O60: =ROUND(N60*19%,2) -> 115090.86 | P60: =ROUND(N60+O60,2) -> 720832.23 | Q60: =ROUND(P60*$L60,2) -> 720832.23 | S60: =N60 -> 605741.37 | T60: =ROUND(S60*19%,2) -> 115090.86 | U60: =ROUND(S60+T60,2) -> 720832.23 | V60: =ROUND(U60*$L60,2) -> 720832.23 | X60: =ROUND(S60+(S60*$AA$58),2) -> 632393.99 | Y60: =ROUND(X60*19%,2) -> 120154.86 | Z60: =ROUND(X60+Y60,2) -> 752548.85 | AA60: =ROUND(Z60*$L60,2) -> 752548.85 | AC60: =ROUND(X60+(X60*$AF$58),2) -> 651365.81 | AD60: =ROUND(AC60*19%,2) -> 123759.5 | AE60: =ROUND(AC60+AD60,2) -> 775125.31 | AF60: =ROUND(AE60*$L60,2) -> 775125.31 | AH60: =V60+AA60+AF60 -> 2248506.4
B61: 2 | C61: COMPRESOR ROTATIVO DE 24000 BTU 1PH 200V | J61: UNIDAD | L61: 1 | N61: ='ANEXO 2'!U57 -> 1405060.1 | O61: =ROUND(N61*19%,2) -> 266961.42 | P61: =ROUND(N61+O61,2) -> 1672021.6 | Q61: =ROUND(P61*$L61,2) -> 1672021.6 | S61: =N61 -> 1405060.1 | T61: =ROUND(S61*19%,2) -> 266961.42 | U61: =ROUND(S61+T61,2) -> 1672021.6 | V61: =ROUND(U61*$L61,2) -> 1672021.6 | X61: =ROUND(S61+(S61*$AA$58),2) -> 1466882.8 | Y61: =ROUND(X61*19%,2) -> 278707.73 | Z61: =ROUND(X61+Y61,2) -> 1745590.5 | AA61: =ROUND(Z61*$L61,2) -> 1745590.5 | AC61: =ROUND(X61+(X61*$AF$58),2) -> 1510889.2 | AD61: =ROUND(AC61*19%,2) -> 287068.96 | AE61: =ROUND(AC61+AD61,2) -> 1797958.2 | AF61: =ROUND(AE61*$L61,2) -> 1797958.2 | AH61: =V61+AA61+AF61 -> 5215570.3
B62: 3 | C62: CAPACITADOR 45 UF 370V | J62: UNIDAD | L62: 1 | N62: ='ANEXO 2'!U58 -> 79323.129 | O62: =ROUND(N62*19%,2) -> 15071.39 | P62: =ROUND(N62+O62,2) -> 94394.52 | Q62: =ROUND(P62*$L62,2) -> 94394.52 | S62: =N62 -> 79323.129 | T62: =ROUND(S62*19%,2) -> 15071.39 | U62: =ROUND(S62+T62,2) -> 94394.52 | V62: =ROUND(U62*$L62,2) -> 94394.52 | X62: =ROUND(S62+(S62*$AA$58),2) -> 82813.35 | Y62: =ROUND(X62*19%,2) -> 15734.54 | Z62: =ROUND(X62+Y62,2) -> 98547.89 | AA62: =ROUND(Z62*$L62,2) -> 98547.89 | AC62: =ROUND(X62+(X62*$AF$58),2) -> 85297.75 | AD62: =ROUND(AC62*19%,2) -> 16206.57 | AE62: =ROUND(AC62+AD62,2) -> 101504.32 | AF62: =ROUND(AE62*$L62,2) -> 101504.32 | AH62: =V62+AA62+AF62 -> 294446.73
B63: 4 | C63: CONTACTOR 30 AMP 24V | J63: UNIDAD | L63: 1 | N63: ='ANEXO 2'!U59 -> 250877.02 | O63: =ROUND(N63*19%,2) -> 47666.63 | P63: =ROUND(N63+O63,2) -> 298543.65 | Q63: =ROUND(P63*$L63,2) -> 298543.65 | S63: =N63 -> 250877.02 | T63: =ROUND(S63*19%,2) -> 47666.63 | U63: =ROUND(S63+T63,2) -> 298543.65 | V63: =ROUND(U63*$L63,2) -> 298543.65 | X63: =ROUND(S63+(S63*$AA$58),2) -> 261915.61 | Y63: =ROUND(X63*19%,2) -> 49763.97 | Z63: =ROUND(X63+Y63,2) -> 311679.58 | AA63: =ROUND(Z63*$L63,2) -> 311679.58 | AC63: =ROUND(X63+(X63*$AF$58),2) -> 269773.08 | AD63: =ROUND(AC63*19%,2) -> 51256.89 | AE63: =ROUND(AC63+AD63,2) -> 321029.97 | AF63: =ROUND(AE63*$L63,2) -> 321029.97 | AH63: =V63+AA63+AF63 -> 931253.2
B64: 5 | C64: CONTACTOR 35 AMP 24V | J64: UNIDAD | L64: 1 | N64: ='ANEXO 2'!U60 -> 283943.62 | O64: =ROUND(N64*19%,2) -> 53949.29 | P64: =ROUND(N64+O64,2) -> 337892.91 | Q64: =ROUND(P64*$L64,2) -> 337892.91 | S64: =N64 -> 283943.62 | T64: =ROUND(S64*19%,2) -> 53949.29 | U64: =ROUND(S64+T64,2) -> 337892.91 | V64: =ROUND(U64*$L64,2) -> 337892.91 | X64: =ROUND(S64+(S64*$AA$58),2) -> 296437.14 | Y64: =ROUND(X64*19%,2) -> 56323.06 | Z64: =ROUND(X64+Y64,2) -> 352760.2 | AA64: =ROUND(Z64*$L64,2) -> 352760.2 | AC64: =ROUND(X64+(X64*$AF$58),2) -> 305330.25 | AD64: =ROUND(AC64*19%,2) -> 58012.75 | AE64: =ROUND(AC64+AD64,2) -> 363343 | AF64: =ROUND(AE64*$L64,2) -> 363343 | AH64: =V64+AA64+AF64 -> 1053996.1
B65: 6 | C65: CONTACTOR 40 AMP 24V | J65: UNIDAD | L65: 1 | N65: ='ANEXO 2'!U61 -> 304826.6 | O65: =ROUND(N65*19%,2) -> 57917.05 | P65: =ROUND(N65+O65,2) -> 362743.65 | Q65: =ROUND(P65*$L65,2) -> 362743.65 | S65: =N65 -> 304826.6 | T65: =ROUND(S65*19%,2) -> 57917.05 | U65: =ROUND(S65+T65,2) -> 362743.65 | V65: =ROUND(U65*$L65,2) -> 362743.65 | X65: =ROUND(S65+(S65*$AA$58),2) -> 318238.97 | Y65: =ROUND(X65*19%,2) -> 60465.4 | Z65: =ROUND(X65+Y65,2) -> 378704.37 | AA65: =ROUND(Z65*$L65,2) -> 378704.37 | AC65: =ROUND(X65+(X65*$AF$58),2) -> 327786.14 | AD65: =ROUND(AC65*19%,2) -> 62279.37 | AE65: =ROUND(AC65+AD65,2) -> 390065.51 | AF65: =ROUND(AE65*$L65,2) -> 390065.51 | AH65: =V65+AA65+AF65 -> 1131513.5
B66: 7 | C66: CORREA B38 BL | J66: UNIDAD | L66: 1 | N66: ='ANEXO 2'!U62 -> 77928.132 | O66: =ROUND(N66*19%,2) -> 14806.34 | P66: =ROUND(N66+O66,2) -> 92734.47 | Q66: =ROUND(P66*$L66,2) -> 92734.47 | S66: =N66 -> 77928.132 | T66: =ROUND(S66*19%,2) -> 14806.34 | U66: =ROUND(S66+T66,2) -> 92734.47 | V66: =ROUND(U66*$L66,2) -> 92734.47 | X66: =ROUND(S66+(S66*$AA$58),2) -> 81356.97 | Y66: =ROUND(X66*19%,2) -> 15457.82 | Z66: =ROUND(X66+Y66,2) -> 96814.79 | AA66: =ROUND(Z66*$L66,2) -> 96814.79 | AC66: =ROUND(X66+(X66*$AF$58),2) -> 83797.68 | AD66: =ROUND(AC66*19%,2) -> 15921.56 | AE66: =ROUND(AC66+AD66,2) -> 99719.24 | AF66: =ROUND(AE66*$L66,2) -> 99719.24 | AH66: =V66+AA66+AF66 -> 289268.5
B67: 8 | C67: CORREA A32 BL | J67: UNIDAD | L67: 1 | N67: ='ANEXO 2'!U63 -> 71135.887 | O67: =ROUND(N67*19%,2) -> 13515.82 | P67: =ROUND(N67+O67,2) -> 84651.71 | Q67: =ROUND(P67*$L67,2) -> 84651.71 | S67: =N67 -> 71135.887 | T67: =ROUND(S67*19%,2) -> 13515.82 | U67: =ROUND(S67+T67,2) -> 84651.71 | V67: =ROUND(U67*$L67,2) -> 84651.71 | X67: =ROUND(S67+(S67*$AA$58),2) -> 74265.87 | Y67: =ROUND(X67*19%,2) -> 14110.52 | Z67: =ROUND(X67+Y67,2) -> 88376.39 | AA67: =ROUND(Z67*$L67,2) -> 88376.39 | AC67: =ROUND(X67+(X67*$AF$58),2) -> 76493.85 | AD67: =ROUND(AC67*19%,2) -> 14533.83 | AE67: =ROUND(AC67+AD67,2) -> 91027.68 | AF67: =ROUND(AE67*$L67,2) -> 91027.68 | AH67: =V67+AA67+AF67 -> 264055.78
B68: 9 | C68: CORREA A27 | J68: UNIDAD | L68: 1 | N68: ='ANEXO 2'!U64 -> 59485.357 | O68: =ROUND(N68*19%,2) -> 11302.22 | P68: =ROUND(N68+O68,2) -> 70787.58 | Q68: =ROUND(P68*$L68,2) -> 70787.58 | S68: =N68 -> 59485.357 | T68: =ROUND(S68*19%,2) -> 11302.22 | U68: =ROUND(S68+T68,2) -> 70787.58 | V68: =ROUND(U68*$L68,2) -> 70787.58 | X68: =ROUND(S68+(S68*$AA$58),2) -> 62102.71 | Y68: =ROUND(X68*19%,2) -> 11799.51 | Z68: =ROUND(X68+Y68,2) -> 73902.22 | AA68: =ROUND(Z68*$L68,2) -> 73902.22 | AC68: =ROUND(X68+(X68*$AF$58),2) -> 63965.79 | AD68: =ROUND(AC68*19%,2) -> 12153.5 | AE68: =ROUND(AC68+AD68,2) -> 76119.29 | AF68: =ROUND(AE68*$L68,2) -> 76119.29 | AH68: =V68+AA68+AF68 -> 220809.09
B69: 10 | C69: CILINDRO REFRIGERANTE R410A | J69: UNIDAD | L69: 1 | N69: ='ANEXO 2'!U65 -> 821094.5 | O69: =ROUND(N69*19%,2) -> 156007.96 | P69: =ROUND(N69+O69,2) -> 977102.46 | Q69: =ROUND(P69*$L69,2) -> 977102.46 | S69: =N69 -> 821094.5 | T69: =ROUND(S69*19%,2) -> 156007.96 | U69: =ROUND(S69+T69,2) -> 977102.46 | V69: =ROUND(U69*$L69,2) -> 977102.46 | X69: =ROUND(S69+(S69*$AA$58),2) -> 857222.66 | Y69: =ROUND(X69*19%,2) -> 162872.31 | Z69: =ROUND(X69+Y69,2) -> 1020095 | AA69: =ROUND(Z69*$L69,2) -> 1020095 | AC69: =ROUND(X69+(X69*$AF$58),2) -> 882939.34 | AD69: =ROUND(AC69*19%,2) -> 167758.47 | AE69: =ROUND(AC69+AD69,2) -> 1050697.8 | AF69: =ROUND(AE69*$L69,2) -> 1050697.8 | AH69: =V69+AA69+AF69 -> 3047895.2
B70: 11 | C70: CAPACITOR 15 MF | J70: UNIDAD | L70: 1 | N70: ='ANEXO 2'!U66 -> 44663.29 | O70: =ROUND(N70*19%,2) -> 8486.03 | P70: =ROUND(N70+O70,2) -> 53149.32 | Q70: =ROUND(P70*$L70,2) -> 53149.32 | S70: =N70 -> 44663.29 | T70: =ROUND(S70*19%,2) -> 8486.03 | U70: =ROUND(S70+T70,2) -> 53149.32 | V70: =ROUND(U70*$L70,2) -> 53149.32 | X70: =ROUND(S70+(S70*$AA$58),2) -> 46628.48 | Y70: =ROUND(X70*19%,2) -> 8859.41 | Z70: =ROUND(X70+Y70,2) -> 55487.89 | AA70: =ROUND(Z70*$L70,2) -> 55487.89 | AC70: =ROUND(X70+(X70*$AF$58),2) -> 48027.33 | AD70: =ROUND(AC70*19%,2) -> 9125.19 | AE70: =ROUND(AC70+AD70,2) -> 57152.52 | AF70: =ROUND(AE70*$L70,2) -> 57152.52 | AH70: =V70+AA70+AF70 -> 165789.73
B71: 12 | C71: CAPACITOR 10 MF | J71: UNIDAD | L71: 1 | N71: ='ANEXO 2'!U67 -> 44663.29 | O71: =ROUND(N71*19%,2) -> 8486.03 | P71: =ROUND(N71+O71,2) -> 53149.32 | Q71: =ROUND(P71*$L71,2) -> 53149.32 | S71: =N71 -> 44663.29 | T71: =ROUND(S71*19%,2) -> 8486.03 | U71: =ROUND(S71+T71,2) -> 53149.32 | V71: =ROUND(U71*$L71,2) -> 53149.32 | X71: =ROUND(S71+(S71*$AA$58),2) -> 46628.48 | Y71: =ROUND(X71*19%,2) -> 8859.41 | Z71: =ROUND(X71+Y71,2) -> 55487.89 | AA71: =ROUND(Z71*$L71,2) -> 55487.89 | AC71: =ROUND(X71+(X71*$AF$58),2) -> 48027.33 | AD71: =ROUND(AC71*19%,2) -> 9125.19 | AE71: =ROUND(AC71+AD71,2) -> 57152.52 | AF71: =ROUND(AE71*$L71,2) -> 57152.52 | AH71: =V71+AA71+AF71 -> 165789.73
... B80: 21 | C80: CORREA A-31 | J80: UNIDAD | L80: 1 | N80: ='ANEXO 2'!U76 -> 55099.051 | O80: =ROUND(N80*19%,2) -> 10468.82 | P80: =ROUND(N80+O80,2) -> 65567.87 | Q80: =ROUND(P80*$L80,2) -> 65567.87 | S80: =N80 -> 55099.051 | T80: =ROUND(S80*19%,2) -> 10468.82 | U80: =ROUND(S80+T80,2) -> 65567.87 | V80: =ROUND(U80*$L80,2) -> 65567.87 | X80: =ROUND(S80+(S80*$AA$58),2) -> 57523.41 | Y80: =ROUND(X80*19%,2) -> 10929.45 | Z80: =ROUND(X80+Y80,2) -> 68452.86 | AA80: =ROUND(Z80*$L80,2) -> 68452.86 | AC80: =ROUND(X80+(X80*$AF$58),2) -> 59249.11 | AD80: =ROUND(AC80*19%,2) -> 11257.33 | AE80: =ROUND(AC80+AD80,2) -> 70506.44 | AF80: =ROUND(AE80*$L80,2) -> 70506.44 | AH80: =V80+AA80+AF80 -> 204527.17
B81: TOTAL VALORES UNITARIOS DE REPUESTOS RECURRENTES | Q81: =ROUND(SUM(Q60:Q80),2) -> 6506890 | V81: =ROUND(SUM(V60:V80),2) -> 6506890 | AA81: =ROUND(SUM(AA60:AA80),2) -> 6793193.2 | AF81: =ROUND(SUM(AF60:AF80),2) -> 6996989 | AH81: =ROUND(SUM(AH60:AH80),2) -> 20297072
B83: TOTAL MANTENIMIENTOS + VALORES UNITARIOS DE REPUESTOS RECURRENTES | Q83: =ROUND(SUM(Q81+Q55),2) -> 28992121 | V83: =ROUND(SUM(V81+V55),2) -> 8380659.3 | AA83: =ROUND(SUM(AA81+AA55),2) -> 30267782 | AF83: =ROUND(SUM(AF81+AF55),2) -> 29160909 | AH83: =ROUND(SUM(AH55+AH81),2) -> 67809350
B84: NOTAS
B85: 1) Para los MANTENIMIENTOS y LISTA DE REPUESTOS, se toma la variable de históricos indexados
B86: 2) Los porcentajes de incremento para las vigencias futuras 2027 (4,4%) y 2028 (3%) se aplicaron según lo establecido en la "CIRCULAR - N° 30000-00023 DE 2026 de la FGN" acorde con lo dispuesto por el Ministerio de Hacienda y Crédito Público | V86: NECESIDAD | Y86: PRESUPUESTO TOTAL ASIGNADO VIGENCIA 2026 1 MES | AA86: PRESUPUESTO TOTAL ASIGNADO VIGENCIA 2027 12 MESES - 4,4% | AD86: PRESUPUESTO TOTAL ASIGNADO VIGENCIA 2028 11 MESES - 3% | AF86: PRESUPUESTO TOTAL ASIGNADO AL PROCESO VIGENCIAS 2026, 2027 Y 2028 24 MESES
B87: 3) En el presente análisis se aplicó el procedimiento de aproximación generalmente aceptado por las reglas matemáticas denominado redondeo, que consiste en acercar los valores decimales al número entero más aproximado (esto es, si el tercer decimal es menor que 5, el segundo decimal se mantiene; si el tercer decimal es igual o mayor que 5, el segundo decimal se incrementa en uno). | V87: MANTENIMIENTO PREVENTIVO Y CORRECTIVO | Y87: =V55 -> 1873769.2 | AA87: =AA55 -> 23474589 | AD87: =AF55 -> 22163920 | AF87: =Y87+AA87+AD87 -> 47512278
V88: VALORES UNITARIOS REPUESTOS RECURRENTES | Y88: =V81 -> 6506890 | AA88: =AA81 -> 6793193.2 | AD88: =AF81 -> 6996989 | AF88: =Y88+AA88+AD88 -> 20297072
V89: TOTAL | Y89: =SUM(Y87:Z88) -> 8380659.3 | AA89: =SUM(AA87:AC88) -> 30267782 | AD89: =SUM(AD87:AE88) -> 29160909 | AF89: =SUM(AF87:AH88) -> 67809350
B90: Estudio del Sector 444
B91: Fecha de elaboración: 14/08/2026
B92: Fecha de modificación 1: 24/08/2026
B93: Fecha de modificación 2: 31/08/2026

Sheet ANEXO 4
B2: ANEXO 4 - ESTUDIO DE MERCADO DEFINITIVO
M3: PRESTAR EL SERVICIO DE MANTENIMIENTO PREVENTIVO Y CORRECTIVO TÉCNICO INTEGRAL ESPECIALIZADO CON SUMINISTRO DE REPUESTOS, PARA LOS AIRES ACONDICIONADOS, EQUIPOS DE VENTILACIÓN Y CUARTOS FRÍOS QUE SE ENCUENTRAN INSTALADOS EN EL NIVEL CENTRAL DE LA FISCALÍA GENERAL DE LA NACIÓN.
N5: VALORES DEFINITIVOS
B7: MANTENIMIENTOS (SEGÚN ESPECIFICACIONES TÉCNICAS) | N7: PRESUPUESTO TOTAL ASIGNADO VIGENCIA 2026 (1 MES) | S7: PRESUPUESTO TOTAL ASIGNADO VIGENCIA 2027 (12 MESES) | V7: PORCENTAJE DE INCREMENTO | X7: PRESUPUESTO TOTAL ASIGNADO VIGENCIA 2028 (11 MESES) | AA7: PORCENTAJE DE INCREMENTO | AC7: PRESUPUESTO TOTAL ASIGNADO AL PROCESO VIGENCIAS 2026, 2027 Y 2028 MANTENIMIENTOS (24 MESES)
I8: TOTAL MANTENIMIENTOS POR AÑO | V8: 0.044 | AA8: 0.03
B9: ITEM | C9: DESCRIPCIÓN DE EQUIPO | D9: TIPO | E9: CAPACIDAD | F9: CIUDAD | G9: FRECUENCIA | H9: CANT DE EQUIPOS | I9: 2026 | J9: 2027 | K9: 2028 | L9: TOTAL MANTENIMIENTOS | N9: VALOR UNITARIO SIN IVA | O9: IVA UNITARIO | P9: VALOR UNITARIO INCLUIDO IVA | Q9: VALOR TOTAL INCLUIDO IVA | S9: VALOR UNITARIO SIN IVA | T9: IVA UNITARIO | U9: VALOR UITARIO INCLUIDO IVA | V9: VALOR TOTAL INCLUIDO IVA | X9: VALOR UNITARIO SIN IVA | Y9: IVA UNITARIO | Z9: VALOR UITARIO INCLUIDO IVA | AA9: VALOR TOTAL INCLUIDO IVA
B10: 1 | C10: Equipo de Ventilación | D10: lavadores de aire | E10: 10000 CFM | F10: Bogota D.C. | G10: MENSUAL | H10: 12 | I10: =(1*$H10) -> 12 | J10: =12*H10 -> 144 | K10: =11*H10 -> 132 | L10: =I10+J10+K10 -> 288 | N10: ='ANEXO 3'!S10 -> 12035.8 | O10: =ROUND(N10*19%,2) -> 2286.8 | P10: =ROUND(N10+O10,2) -> 14322.6 | Q10: =ROUND(P10*$I10,2) -> 171871.2 | S10: =ROUND(N10+(N10*$V$8),2) -> 12565.38 | T10: =ROUND(S10*19%,2) -> 2387.42 | U10: =ROUND(S10+T10,2) -> 14952.8 | V10: =ROUND(U10*$J10,2) -> 2153203.2 | X10: =ROUND(S10+(S10*$AA$8),2) -> 12942.34 | Y10: =ROUND(X10*19%,2) -> 2459.04 | Z10: =ROUND(X10+Y10,2) -> 15401.38 | AA10: =ROUND(Z10*$K10,2) -> 2032982.2 | AC10: =ROUND(Q10+V10+AA10,2) -> 4358056.6
B11: 2 | C11: Equipo de Ventilación | D11: Suministro | E11: 1750 CFM | F11: Bogota D.C. | G11: MENSUAL | H11: 1 | I11: =(1*$H11) -> 1 | J11: =12*H11 -> 12 | K11: =11*H11 -> 11 | L11: =I11+J11+K11 -> 24 | N11: ='ANEXO 3'!S11 -> 12035.8 | O11: =ROUND(N11*19%,2) -> 2286.8 | P11: =ROUND(N11+O11,2) -> 14322.6 | Q11: =ROUND(P11*$I11,2) -> 14322.6 | S11: =ROUND(N11+(N11*$V$8),2) -> 12565.38 | T11: =ROUND(S11*19%,2) -> 2387.42 | U11: =ROUND(S11+T11,2) -> 14952.8 | V11: =ROUND(U11*$J11,2) -> 179433.6 | X11: =ROUND(S11+(S11*$AA$8),2) -> 12942.34 | Y11: =ROUND(X11*19%,2) -> 2459.04 | Z11: =ROUND(X11+Y11,2) -> 15401.38 | AA11: =ROUND(Z11*$K11,2) -> 169415.18 | AC11: =ROUND(Q11+V11+AA11,2) -> 363171.38
B12: 3 | C12: Equipo de Ventilación | D12: Suministro | E12: 3600 CFM | F12: Bogota D.C. | G12: MENSUAL | H12: 1 | I12: =(1*$H12) -> 1 | J12: =12*H12 -> 12 | K12: =11*H12 -> 11 | L12: =I12+J12+K12 -> 24 | N12: ='ANEXO 3'!S12 -> 12035.8 | O12: =ROUND(N12*19%,2) -> 2286.8 | P12: =ROUND(N12+O12,2) -> 14322.6 | Q12: =ROUND(P12*$I12,2) -> 14322.6 | S12: =ROUND(N12+(N12*$V$8),2) -> 12565.38 | T12: =ROUND(S12*19%,2) -> 2387.42 | U12: =ROUND(S12+T12,2) -> 14952.8 | V12: =ROUND(U12*$J12,2) -> 179433.6 | X12: =ROUND(S12+(S12*$AA$8),2) -> 12942.34 | Y12: =ROUND(X12*19%,2) -> 2459.04 | Z12: =ROUND(X12+Y12,2) -> 15401.38 | AA12: =ROUND(Z12*$K12,2) -> 169415.18 | AC12: =ROUND(Q12+V12+AA12,2) -> 363171.38
B13: 4 | C13: Equipo de Ventilación | D13: Suministro | E13: 9000 CFM | F13: Bogota D.C. | G13: MENSUAL | H13: 2 | I13: =(1*$H13) -> 2 | J13: =12*H13 -> 24 | K13: =11*H13 -> 22 | L13: =I13+J13+K13 -> 48 | N13: ='ANEXO 3'!S13 -> 12035.8 | O13: =ROUND(N13*19%,2) -> 2286.8 | P13: =ROUND(N13+O13,2) -> 14322.6 | Q13: =ROUND(P13*$I13,2) -> 28645.2 | S13: =ROUND(N13+(N13*$V$8),2) -> 12565.38 | T13: =ROUND(S13*19%,2) -> 2387.42 | U13: =ROUND(S13+T13,2) -> 14952.8 | V13: =ROUND(U13*$J13,2) -> 358867.2 | X13: =ROUND(S13+(S13*$AA$8),2) -> 12942.34 | Y13: =ROUND(X13*19%,2) -> 2459.04 | Z13: =ROUND(X13+Y13,2) -> 15401.38 | AA13: =ROUND(Z13*$K13,2) -> 338830.36 | AC13: =ROUND(Q13+V13+AA13,2) -> 726342.76
B14: 5 | C14: Equipo de Extracción | D14: tipo hongo | E14: 2500 CFM | F14: Bogota D.C. | G14: MENSUAL | H14: 6 | I14: =(1*$H14) -> 6 | J14: =12*H14 -> 72 | K14: =11*H14 -> 66 | L14: =I14+J14+K14 -> 144 | N14: ='ANEXO 3'!S14 -> 12035.8 | O14: =ROUND(N14*19%,2) -> 2286.8 | P14: =ROUND(N14+O14,2) -> 14322.6 | Q14: =ROUND(P14*$I14,2) -> 85935.6 | S14: =ROUND(N14+(N14*$V$8),2) -> 12565.38 | T14: =ROUND(S14*19%,2) -> 2387.42 | U14: =ROUND(S14+T14,2) -> 14952.8 | V14: =ROUND(U14*$J14,2) -> 1076601.6 | X14: =ROUND(S14+(S14*$AA$8),2) -> 12942.34 | Y14: =ROUND(X14*19%,2) -> 2459.04 | Z14: =ROUND(X14+Y14,2) -> 15401.38 | AA14: =ROUND(Z14*$K14,2) -> 1016491.1 | AC14: =ROUND(Q14+V14+AA14,2) -> 2179028.3
B15: 6 | C15: Equipo de Extracción | D15: tipo hongo | E15: 3000 CFM | F15: Bogota D.C. | G15: MENSUAL | H15: 6 | I15: =(1*$H15) -> 6 | J15: =12*H15 -> 72 | K15: =11*H15 -> 66 | L15: =I15+J15+K15 -> 144 | N15: ='ANEXO 3'!S15 -> 12035.8 | O15: =ROUND(N15*19%,2) -> 2286.8 | P15: =ROUND(N15+O15,2) -> 14322.6 | Q15: =ROUND(P15*$I15,2) -> 85935.6 | S15: =ROUND(N15+(N15*$V$8),2) -> 12565.38 | T15: =ROUND(S15*19%,2) -> 2387.42 | U15: =ROUND(S15+T15,2) -> 14952.8 | V15: =ROUND(U15*$J15,2) -> 1076601.6 | X15: =ROUND(S15+(S15*$AA$8),2) -> 12942.34 | Y15: =ROUND(X15*19%,2) -> 2459.04 | Z15: =ROUND(X15+Y15,2) -> 15401.38 | AA15: =ROUND(Z15*$K15,2) -> 1016491.1 | AC15: =ROUND(Q15+V15+AA15,2) -> 2179028.3
B16: 7 | C16: Equipo de Extracción | D16: tipo hongo | E16: 5000 CFM | F16: Bogota D.C. | G16: MENSUAL | H16: 2 | I16: =(1*$H16) -> 2 | J16: =12*H16 -> 24 | K16: =11*H16 -> 22 | L16: =I16+J16+K16 -> 48 | N16: ='ANEXO 3'!S16 -> 12035.8 | O16: =ROUND(N16*19%,2) -> 2286.8 | P16: =ROUND(N16+O16,2) -> 14322.6 | Q16: =ROUND(P16*$I16,2) -> 28645.2 | S16: =ROUND(N16+(N16*$V$8),2) -> 12565.38 | T16: =ROUND(S16*19%,2) -> 2387.42 | U16: =ROUND(S16+T16,2) -> 14952.8 | V16: =ROUND(U16*$J16,2) -> 358867.2 | X16: =ROUND(S16+(S16*$AA$8),2) -> 12942.34 | Y16: =ROUND(X16*19%,2) -> 2459.04 | Z16: =ROUND(X16+Y16,2) -> 15401.38 | AA16: =ROUND(Z16*$K16,2) -> 338830.36 | AC16: =ROUND(Q16+V16+AA16,2) -> 726342.76
B17: 8 | C17: Equipo de aire acondicionado | D17: Fancoil | E17: 96000 btu/h | F17: Bogota D.C. | G17: MENSUAL | H17: 1 | I17: =(1*$H17) -> 1 | J17: =12*H17 -> 12 | K17: =11*H17 -> 11 | L17: =I17+J17+K17 -> 24 | N17: ='ANEXO 3'!S17 -> 12035.8 | O17: =ROUND(N17*19%,2) -> 2286.8 | P17: =ROUND(N17+O17,2) -> 14322.6 | Q17: =ROUND(P17*$I17,2) -> 14322.6 | S17: =ROUND(N17+(N17*$V$8),2) -> 12565.38 | T17: =ROUND(S17*19%,2) -> 2387.42 | U17: =ROUND(S17+T17,2) -> 14952.8 | V17: =ROUND(U17*$J17,2) -> 179433.6 | X17: =ROUND(S17+(S17*$AA$8),2) -> 12942.34 | Y17: =ROUND(X17*19%,2) -> 2459.04 | Z17: =ROUND(X17+Y17,2) -> 15401.38 | AA17: =ROUND(Z17*$K17,2) -> 169415.18 | AC17: =ROUND(Q17+V17+AA17,2) -> 363171.38
B18: 9 | C18: Equipo de aire acondicionado | D18: VRF multi V | E18: 114700 btu/h | F18: Bogota D.C. | G18: MENSUAL | H18: 1 | I18: =(1*$H18) -> 1 | J18: =12*H18 -> 12 | K18: =11*H18 -> 11 | L18: =I18+J18+K18 -> 24 | N18: ='ANEXO 3'!S18 -> 12035.8 | O18: =ROUND(N18*19%,2) -> 2286.8 | P18: =ROUND(N18+O18,2) -> 14322.6 | Q18: =ROUND(P18*$I18,2) -> 14322.6 | S18: =ROUND(N18+(N18*$V$8),2) -> 12565.38 | T18: =ROUND(S18*19%,2) -> 2387.42 | U18: =ROUND(S18+T18,2) -> 14952.8 | V18: =ROUND(U18*$J18,2) -> 179433.6 | X18: =ROUND(S18+(S18*$AA$8),2) -> 12942.34 | Y18: =ROUND(X18*19%,2) -> 2459.04 | Z18: =ROUND(X18+Y18,2) -> 15401.38 | AA18: =ROUND(Z18*$K18,2) -> 169415.18 | AC18: =ROUND(Q18+V18+AA18,2) -> 363171.38
B19: 10 | C19: Equipo de aire acondicionado | D19: Minisplit | E19: 12000 btu/h | F19: Bogota D.C. | G19: MENSUAL | H19: 2 | I19: =(1*$H19) -> 2 | J19: =12*H19 -> 24 | K19: =11*H19 -> 22 | L19: =I19+J19+K19 -> 48 | N19: ='ANEXO 3'!S19 -> 12035.8 | O19: =ROUND(N19*19%,2) -> 2286.8 | P19: =ROUND(N19+O19,2) -> 14322.6 | Q19: =ROUND(P19*$I19,2) -> 28645.2 | S19: =ROUND(N19+(N19*$V$8),2) -> 12565.38 | T19: =ROUND(S19*19%,2) -> 2387.42 | U19: =ROUND(S19+T19,2) -> 14952.8 | V19: =ROUND(U19*$J19,2) -> 358867.2 | X19: =ROUND(S19+(S19*$AA$8),2) -> 12942.34 | Y19: =ROUND(X19*19%,2) -> 2459.04 | Z19: =ROUND(X19+Y19,2) -> 15401.38 | AA19: =ROUND(Z19*$K19,2) -> 338830.36 | AC19: =ROUND(Q19+V19+AA19,2) -> 726342.76
B20: 11 | C20: Equipo de aire acondicionado | D20: cassette una vía | E20: 12000 btu/h | F20: Bogota D.C. | G20: MENSUAL | H20: 3 | I20: =(1*$H20) -> 3 | J20: =12*H20 -> 36 | K20: =11*H20 -> 33 | L20: =I20+J20+K20 -> 72 | N20: ='ANEXO 3'!S20 -> 12035.8 | O20: =ROUND(N20*19%,2) -> 2286.8 | P20: =ROUND(N20+O20,2) -> 14322.6 | Q20: =ROUND(P20*$I20,2) -> 42967.8 | S20: =ROUND(N20+(N20*$V$8),2) -> 12565.38 | T20: =ROUND(S20*19%,2) -> 2387.42 | U20: =ROUND(S20+T20,2) -> 14952.8 | V20: =ROUND(U20*$J20,2) -> 538300.8 | X20: =ROUND(S20+(S20*$AA$8),2) -> 12942.34 | Y20: =ROUND(X20*19%,2) -> 2459.04 | Z20: =ROUND(X20+Y20,2) -> 15401.38 | AA20: =ROUND(Z20*$K20,2) -> 508245.54 | AC20: =ROUND(Q20+V20+AA20,2) -> 1089514.1
B21: 12 | C21: Equipo de aire acondicionado | D21: Minisplit | E21: 12000 btu/h | F21: Bogota D.C. | G21: MENSUAL | H21: 2 | I21: =(1*$H21) -> 2 | J21: =12*H21 -> 24 | K21: =11*H21 -> 22 | L21: =I21+J21+K21 -> 48 | N21: ='ANEXO 3'!S21 -> 12035.8 | O21: =ROUND(N21*19%,2) -> 2286.8 | P21: =ROUND(N21+O21,2) -> 14322.6 | Q21: =ROUND(P21*$I21,2) -> 28645.2 | S21: =ROUND(N21+(N21*$V$8),2) -> 12565.38 | T21: =ROUND(S21*19%,2) -> 2387.42 | U21: =ROUND(S21+T21,2) -> 14952.8 | V21: =ROUND(U21*$J21,2) -> 358867.2 | X21: =ROUND(S21+(S21*$AA$8),2) -> 12942.34 | Y21: =ROUND(X21*19%,2) -> 2459.04 | Z21: =ROUND(X21+Y21,2) -> 15401.38 | AA21: =ROUND(Z21*$K21,2) -> 338830.36 | AC21: =ROUND(Q21+V21+AA21,2) -> 726342.76
... B54: 45 | C54: Equipo de aire acondicionado | D54: Central | E54: 72000 btu/h | F54: Bogota D.C. | G54: MENSUAL | H54: 1 | I54: =(1*$H54) -> 1 | J54: =12*H54 -> 12 | K54: =11*H54 -> 11 | L54: =I54+J54+K54 -> 24 | N54: ='ANEXO 3'!S54 -> 40749.935 | O54: =ROUND(N54*19%,2) -> 7742.49 | P54: =ROUND(N54+O54,2) -> 48492.43 | Q54: =ROUND(P54*$I54,2) -> 48492.43 | S54: =ROUND(N54+(N54*$V$8),2) -> 42542.93 | T54: =ROUND(S54*19%,2) -> 8083.16 | U54: =ROUND(S54+T54,2) -> 50626.09 | V54: =ROUND(U54*$J54,2) -> 607513.08 | X54: =ROUND(S54+(S54*$AA$8),2) -> 43819.22 | Y54: =ROUND(X54*19%,2) -> 8325.65 | Z54: =ROUND(X54+Y54,2) -> 52144.87 | AA54: =ROUND(Z54*$K54,2) -> 573593.57 | AC54: =ROUND(Q54+V54+AA54,2) -> 1229599.1
B55: TOTAL MANTENIMIENTOS | H55: =SUM(H10:H54) -> 120 | L55: =SUM(L10:L54) -> 2880 | Q55: =ROUND(SUM(Q10:Q54),2) -> 1873769.2 | V55: =ROUND(SUM(V10:V54),2) -> 23474589 | AA55: =ROUND(SUM(AA10:AA54),2) -> 22163920 | AC55: =ROUND(SUM(AC10:AC54),2) -> 47512278
B57: LISTA DE REPUESTOS RECURRENTES - VALORES UNITARIOS (SEGÚN ESPECIFICACIONES TÉCNICAS) | N57: PRESUPUESTO TOTAL ASIGNADO VIGENCIA 2026 (1 MES) | S57: PRESUPUESTO TOTAL ASIGNADO VIGENCIA 2027 (12 MESES) | V57: PORCENTAJE DE INCREMENTO | X57: PRESUPUESTO TOTAL ASIGNADO VIGENCIA 2028 (11 MESES) | AA57: PORCENTAJE DE INCREMENTO | AC57: PRESUPUESTO TOTAL ASIGNADO AL PROCESO VIGENCIAS 2026, 2027 Y 2028 LISTA DE REPUESTOS - VALORES UNITARIOS (24 MESES)
B58: ÍTEM | C58: DESCRIPCIÓN DETALLADA REPUESTOS | J58: UNIDAD | L58: CANTIDAD | V58: 0.044 | AA58: 0.03
B59: 1 | C59: FILTROS PLISADO KLC 65% 20X16X2 | J59: UNIDAD | L59: 1 | N59: ='ANEXO 3'!S60 -> 605741.37 | O59: =ROUND(N59*19%,2) -> 115090.86 | P59: =ROUND(N59+O59,2) -> 720832.23 | Q59: =ROUND(P59*$L59,2) -> 720832.23 | S59: =ROUND(N59+(N59*$V$58),2) -> 632393.99 | T59: =ROUND(S59*19%,2) -> 120154.86 | U59: =ROUND(S59+T59,2) -> 752548.85 | V59: =ROUND(U59*$L59,2) -> 752548.85 | X59: =ROUND(S59+(S59*$AA$58),2) -> 651365.81 | Y59: =ROUND(X59*19%,2) -> 123759.5 | Z59: =ROUND(X59+Y59,2) -> 775125.31 | AA59: =ROUND(Z59*$L59,2) -> 775125.31 | AC59: =Q59+V59+AA59 -> 2248506.4
B60: 2 | C60: COMPRESOR ROTATIVO DE 24000 BTU 1PH 200V | J60: UNIDAD | L60: 1 | N60: ='ANEXO 3'!S61 -> 1405060.1 | O60: =ROUND(N60*19%,2) -> 266961.42 | P60: =ROUND(N60+O60,2) -> 1672021.6 | Q60: =ROUND(P60*$L60,2) -> 1672021.6 | S60: =ROUND(N60+(N60*$V$58),2) -> 1466882.8 | T60: =ROUND(S60*19%,2) -> 278707.73 | U60: =ROUND(S60+T60,2) -> 1745590.5 | V60: =ROUND(U60*$L60,2) -> 1745590.5 | X60: =ROUND(S60+(S60*$AA$58),2) -> 1510889.2 | Y60: =ROUND(X60*19%,2) -> 287068.96 | Z60: =ROUND(X60+Y60,2) -> 1797958.2 | AA60: =ROUND(Z60*$L60,2) -> 1797958.2 | AC60: =Q60+V60+AA60 -> 5215570.3
B61: 3 | C61: CAPACITADOR 45 UF 370V | J61: UNIDAD | L61: 1 | N61: ='ANEXO 3'!S62 -> 79323.129 | O61: =ROUND(N61*19%,2) -> 15071.39 | P61: =ROUND(N61+O61,2) -> 94394.52 | Q61: =ROUND(P61*$L61,2) -> 94394.52 | S61: =ROUND(N61+(N61*$V$58),2) -> 82813.35 | T61: =ROUND(S61*19%,2) -> 15734.54 | U61: =ROUND(S61+T61,2) -> 98547.89 | V61: =ROUND(U61*$L61,2) -> 98547.89 | X61: =ROUND(S61+(S61*$AA$58),2) -> 85297.75 | Y61: =ROUND(X61*19%,2) -> 16206.57 | Z61: =ROUND(X61+Y61,2) -> 101504.32 | AA61: =ROUND(Z61*$L61,2) -> 101504.32 | AC61: =Q61+V61+AA61 -> 294446.73
B62: 4 | C62: CONTACTOR 30 AMP 24V | J62: UNIDAD | L62: 1 | N62: ='ANEXO 3'!S63 -> 250877.02 | O62: =ROUND(N62*19%,2) -> 47666.63 | P62: =ROUND(N62+O62,2) -> 298543.65 | Q62: =ROUND(P62*$L62,2) -> 298543.65 | S62: =ROUND(N62+(N62*$V$58),2) -> 261915.61 | T62: =ROUND(S62*19%,2) -> 49763.97 | U62: =ROUND(S62+T62,2) -> 311679.58 | V62: =ROUND(U62*$L62,2) -> 311679.58 | X62: =ROUND(S62+(S62*$AA$58),2) -> 269773.08 | Y62: =ROUND(X62*19%,2) -> 51256.89 | Z62: =ROUND(X62+Y62,2) -> 321029.97 | AA62: =ROUND(Z62*$L62,2) -> 321029.97 | AC62: =Q62+V62+AA62 -> 931253.2
B63: 5 | C63: CONTACTOR 35 AMP 24V | J63: UNIDAD | L63: 1 | N63: ='ANEXO 3'!S64 -> 283943.62 | O63: =ROUND(N63*19%,2) -> 53949.29 | P63: =ROUND(N63+O63,2) -> 337892.91 | Q63: =ROUND(P63*$L63,2) -> 337892.91 | S63: =ROUND(N63+(N63*$V$58),2) -> 296437.14 | T63: =ROUND(S63*19%,2) -> 56323.06 | U63: =ROUND(S63+T63,2) -> 352760.2 | V63: =ROUND(U63*$L63,2) -> 352760.2 | X63: =ROUND(S63+(S63*$AA$58),2) -> 305330.25 | Y63: =ROUND(X63*19%,2) -> 58012.75 | Z63: =ROUND(X63+Y63,2) -> 363343 | AA63: =ROUND(Z63*$L63,2) -> 363343 | AC63: =Q63+V63+AA63 -> 1053996.1
B64: 6 | C64: CONTACTOR 40 AMP 24V | J64: UNIDAD | L64: 1 | N64: ='ANEXO 3'!S65 -> 304826.6 | O64: =ROUND(N64*19%,2) -> 57917.05 | P64: =ROUND(N64+O64,2) -> 362743.65 | Q64: =ROUND(P64*$L64,2) -> 362743.65 | S64: =ROUND(N64+(N64*$V$58),2) -> 318238.97 | T64: =ROUND(S64*19%,2) -> 60465.4 | U64: =ROUND(S64+T64,2) -> 378704.37 | V64: =ROUND(U64*$L64,2) -> 378704.37 | X64: =ROUND(S64+(S64*$AA$58),2) -> 327786.14 | Y64: =ROUND(X64*19%,2) -> 62279.37 | Z64: =ROUND(X64+Y64,2) -> 390065.51 | AA64: =ROUND(Z64*$L64,2) -> 390065.51 | AC64: =Q64+V64+AA64 -> 1131513.5
B65: 7 | C65: CORREA B38 BL | J65: UNIDAD | L65: 1 | N65: ='ANEXO 3'!S66 -> 77928.132 | O65: =ROUND(N65*19%,2) -> 14806.34 | P65: =ROUND(N65+O65,2) -> 92734.47 | Q65: =ROUND(P65*$L65,2) -> 92734.47 | S65: =ROUND(N65+(N65*$V$58),2) -> 81356.97 | T65: =ROUND(S65*19%,2) -> 15457.82 | U65: =ROUND(S65+T65,2) -> 96814.79 | V65: =ROUND(U65*$L65,2) -> 96814.79 | X65: =ROUND(S65+(S65*$AA$58),2) -> 83797.68 | Y65: =ROUND(X65*19%,2) -> 15921.56 | Z65: =ROUND(X65+Y65,2) -> 99719.24 | AA65: =ROUND(Z65*$L65,2) -> 99719.24 | AC65: =Q65+V65+AA65 -> 289268.5
B66: 8 | C66: CORREA A32 BL | J66: UNIDAD | L66: 1 | N66: ='ANEXO 3'!S67 -> 71135.887 | O66: =ROUND(N66*19%,2) -> 13515.82 | P66: =ROUND(N66+O66,2) -> 84651.71 | Q66: =ROUND(P66*$L66,2) -> 84651.71 | S66: =ROUND(N66+(N66*$V$58),2) -> 74265.87 | T66: =ROUND(S66*19%,2) -> 14110.52 | U66: =ROUND(S66+T66,2) -> 88376.39 | V66: =ROUND(U66*$L66,2) -> 88376.39 | X66: =ROUND(S66+(S66*$AA$58),2) -> 76493.85 | Y66: =ROUND(X66*19%,2) -> 14533.83 | Z66: =ROUND(X66+Y66,2) -> 91027.68 | AA66: =ROUND(Z66*$L66,2) -> 91027.68 | AC66: =Q66+V66+AA66 -> 264055.78
B67: 9 | C67: CORREA A27 | J67: UNIDAD | L67: 1 | N67: ='ANEXO 3'!S68 -> 59485.357 | O67: =ROUND(N67*19%,2) -> 11302.22 | P67: =ROUND(N67+O67,2) -> 70787.58 | Q67: =ROUND(P67*$L67,2) -> 70787.58 | S67: =ROUND(N67+(N67*$V$58),2) -> 62102.71 | T67: =ROUND(S67*19%,2) -> 11799.51 | U67: =ROUND(S67+T67,2) -> 73902.22 | V67: =ROUND(U67*$L67,2) -> 73902.22 | X67: =ROUND(S67+(S67*$AA$58),2) -> 63965.79 | Y67: =ROUND(X67*19%,2) -> 12153.5 | Z67: =ROUND(X67+Y67,2) -> 76119.29 | AA67: =ROUND(Z67*$L67,2) -> 76119.29 | AC67: =Q67+V67+AA67 -> 220809.09
B68: 10 | C68: CILINDRO REFRIGERANTE R410A | J68: UNIDAD | L68: 1 | N68: ='ANEXO 3'!S69 -> 821094.5 | O68: =ROUND(N68*19%,2) -> 156007.96 | P68: =ROUND(N68+O68,2) -> 977102.46 | Q68: =ROUND(P68*$L68,2) -> 977102.46 | S68: =ROUND(N68+(N68*$V$58),2) -> 857222.66 | T68: =ROUND(S68*19%,2) -> 162872.31 | U68: =ROUND(S68+T68,2) -> 1020095 | V68: =ROUND(U68*$L68,2) -> 1020095 | X68: =ROUND(S68+(S68*$AA$58),2) -> 882939.34 | Y68: =ROUND(X68*19%,2) -> 167758.47 | Z68: =ROUND(X68+Y68,2) -> 1050697.8 | AA68: =ROUND(Z68*$L68,2) -> 1050697.8 | AC68: =Q68+V68+AA68 -> 3047895.2
B69: 11 | C69: CAPACITOR 15 MF | J69: UNIDAD | L69: 1 | N69: ='ANEXO 3'!S70 -> 44663.29 | O69: =ROUND(N69*19%,2) -> 8486.03 | P69: =ROUND(N69+O69,2) -> 53149.32 | Q69: =ROUND(P69*$L69,2) -> 53149.32 | S69: =ROUND(N69+(N69*$V$58),2) -> 46628.48 | T69: =ROUND(S69*19%,2) -> 8859.41 | U69: =ROUND(S69+T69,2) -> 55487.89 | V69: =ROUND(U69*$L69,2) -> 55487.89 | X69: =ROUND(S69+(S69*$AA$58),2) -> 48027.33 | Y69: =ROUND(X69*19%,2) -> 9125.19 | Z69: =ROUND(X69+Y69,2) -> 57152.52 | AA69: =ROUND(Z69*$L69,2) -> 57152.52 | AC69: =Q69+V69+AA69 -> 165789.73
B70: 12 | C70: CAPACITOR 10 MF | J70: UNIDAD | L70: 1 | N70: ='ANEXO 3'!S71 -> 44663.29 | O70: =ROUND(N70*19%,2) -> 8486.03 | P70: =ROUND(N70+O70,2) -> 53149.32 | Q70: =ROUND(P70*$L70,2) -> 53149.32 | S70: =ROUND(N70+(N70*$V$58),2) -> 46628.48 | T70: =ROUND(S70*19%,2) -> 8859.41 | U70: =ROUND(S70+T70,2) -> 55487.89 | V70: =ROUND(U70*$L70,2) -> 55487.89 | X70: =ROUND(S70+(S70*$AA$58),2) -> 48027.33 | Y70: =ROUND(X70*19%,2) -> 9125.19 | Z70: =ROUND(X70+Y70,2) -> 57152.52 | AA70: =ROUND(Z70*$L70,2) -> 57152.52 | AC70: =Q70+V70+AA70 -> 165789.73
... B79: 21 | C79: CORREA A-31 | J79: UNIDAD | L79: 1 | N79: ='ANEXO 3'!S80 -> 55099.051 | O79: =ROUND(N79*19%,2) -> 10468.82 | P79: =ROUND(N79+O79,2) -> 65567.87 | Q79: =ROUND(P79*$L79,2) -> 65567.87 | S79: =ROUND(N79+(N79*$V$58),2) -> 57523.41 | T79: =ROUND(S79*19%,2) -> 10929.45 | U79: =ROUND(S79+T79,2) -> 68452.86 | V79: =ROUND(U79*$L79,2) -> 68452.86 | X79: =ROUND(S79+(S79*$AA$58),2) -> 59249.11 | Y79: =ROUND(X79*19%,2) -> 11257.33 | Z79: =ROUND(X79+Y79,2) -> 70506.44 | AA79: =ROUND(Z79*$L79,2) -> 70506.44 | AC79: =Q79+V79+AA79 -> 204527.17
B80: TOTAL VALORES UNITARIOS DE REPUESTOS RECURRENTES | Q80: =ROUND(SUM(Q59:Q79),2) -> 6506890 | V80: =ROUND(SUM(V59:V79),2) -> 6793193.2 | AA80: =ROUND(SUM(AA59:AA79),2) -> 6996989 | AC80: =ROUND(SUM(AC59:AC79),2) -> 20297072
B82: TOTAL MANTENIMIENTOS + VALORES UNITARIOS DE REPUESTOS RECURRENTES | Q82: =ROUND(SUM(Q80+Q55),2) -> 8380659.3 | V82: =ROUND(SUM(V80+V55),2) -> 30267782 | AA82: =ROUND(SUM(AA80+AA55),2) -> 29160909 | AC82: =ROUND(SUM(AC55+AC80),2) -> 67809350
B83: NOTAS
B84: 1) Los porcentajes de incremento para las vigencias futuras 2027 (4,4%) y 2028 (3%) se aplicaron según lo establecido en la "CIRCULAR - N° 30000-00023 DE 2026 de la FGN" acorde con lo dispuesto por el Ministerio de Hacienda y Crédito Público
B85: 2) En el presente análisis se aplicó el procedimiento de aproximación generalmente aceptado por las reglas matemáticas denominado redondeo, que consiste en acercar los valores decimales al número entero más aproximado (esto es, si el tercer decimal es menor que 5, el segundo decimal se mantiene; si el tercer decimal es igual o mayor que 5, el segundo decimal se incrementa en uno). | Q85: NECESIDAD | T85: PRESUPUESTO TOTAL ASIGNADO VIGENCIA 2026 1 MES | V85: PRESUPUESTO TOTAL ASIGNADO VIGENCIA 2027 12 MESES - 4,4% | Y85: PRESUPUESTO TOTAL ASIGNADO VIGENCIA 2028 11 MESES - 3% | AA85: PRESUPUESTO TOTAL ASIGNADO AL PROCESO VIGENCIAS 2026, 2027 Y 2028 24 MESES
B86: Estudio del Sector 444 | Q86: MANTENIMIENTO PREVENTIVO Y CORRECTIVO | T86: =Q55 -> 1873769.2 | V86: =V55 -> 23474589 | Y86: =AA55 -> 22163920 | AA86: =T86+V86+Y86 -> 47512278
B87: Fecha de elaboración: 14/08/2026 Fecha de modificación 1: 24/08/2026 | Q87: VALORES UNITARIOS REPUESTOS RECURRENTES | T87: =Q80 -> 6506890 | V87: =V80 -> 6793193.2 | Y87: =AA80 -> 6996989 | AA87: =T87+V87+Y87 -> 20297072
B88: Fecha de modificación 2: 31/08/2026 | Q88: TOTAL | T88: =SUM(T86:U87) -> 8380659.3 | V88: =SUM(V86:X87) -> 30267782 | Y88: =SUM(Y86:Z87) -> 29160909 | AA88: =SUM(AA86:AC87) -> 67809350
